Workbook
Name _GoBack: Реестр!$AF$5

Sheet Реестр
W1: Приложение к приказу Депобразования и науки Югры
B3: Реестр организаций отдыха детей и их оздоровления Ханты-Мансийского автономного округа – Югры
B4: № п.п. | C4: Полное и сокращенное (если имеется) наименование организации отдыха и их оздоровления | D4: Организационно-правовая форма организации отдыха и их оздоровления | E4: Ф.И.О. руководителя организации отдыха и их оздоровления | F4: ИНН | G4: Адрес организации отдыха и их оздоровления | I4: Официальный сайт организации отдыха и их оздоровления в информационно-телекоммуникационной системе «Интернет» (при наличии) | J4: Тип организации отдыха детей и их оздоровления | K4: Предоставляемые организацией отдыха и их оздоровления услуги в сфере отдыха и оздоровления детей | Q4: Дата ввода используемых организацией отдыха и их оздоровления объектов (для организаций стационарного типа) и дата проведения капитального ремонта) | R4: Информация о наличии санитарно-эпидемиологического заключения, а также дата выдачи указанного заключения | S4: С какого числа получено заключение/ до какого числа действует | T4: Действующие | U4: Недействующие | W4: Информация о результатах проведенных проверок осуществляющими государственный контроль (надзор), плановых и внеплановых проверок по итогам предыдущего года | X4: Информация о наличии лицензии на осуществление медицинской деятельности | Y4: Информация о наличии лицензии на осуществление образовательной деятельности | Z4: Обеспечение в организации отдыха детей и их оздоровления доступности услуг для детей-инвалидов и детей с ограниченными возможностями здоровья | AD4: Сведения о наличии программы воспитательной работы и календарного плана воспитательной работы с описанием конкретных мероприятий по дням с учетом смен и возрастных групп детей
G6: Юридический адрес | H6: Фактический адрес (в том числе контактный телефон и адрес электронный почты) | K6: Режим работы организации отдыха детей и их оздоровления (сезонный/круглогодичный) | L6: Даты проведения смен | M6: Средняя стоимость 1 дня пребывания в организации отдыха детей и их оздоровления | N6: Возрастная категория детей, принимаемы в организациях детей и их оздоровления | O6: Информация о проживании и питании в организации отдыха детей и их оздоровления | P6: Наличие оборудованного места для купания | S6: дд.мм.гггг / дд.мм.гггг | V6: На какой стадии находится получение нового Заключения: Документы направлены/ заключение в стадии получения/
A7: =SUM(A8:A27) -> 18 | B7: Белоярский район
A8: 1 | B8: 1 | C8: Муниципальное автономное общеобразовательное учреждение Белоярского района «Средняя общеобразовательная школа № 1 г.Белоярский» (СОШ №1 г. Белоярский), лагерь с дневным пребыванием детей «ПроДвижение» | D8: Некоммерческкая организация, автономное муниципальное учреждение | E8: Пакулев Евгений Анатольевич | F8: ИНН 8611005720 | G8: 628162, Тюменская область, ХМАО –Югра, г.Белоярский, ул.Школьная,д.6; тел.8-34670-21392; E-mail: belsh-1@yandex.ru | H8: 628162, Тюменская область, ХМАО –Югра, г.Белоярский, ул.Школьная,д.6; тел.8-34670-21392; E-mail: belsh-1@yandex.ru | I8: https://belsosh1.gosuslugi.ru | J8: Лагерь с дневным пребыванием детей в соответствии с приказом Министерства образования и науки Российской Федерации от 13.07.2017 № 656 «Об утверждении примерных положений об организациях отдыха и оздоровления детей». | K8: Сезонный | L8: Весенняя смена: с 28.03.2026 по 04.04.2026 1 летняя смена: с 01.06.2026 по 26.06.2026 2 летняя смена с 01.07.2026г. по 29.07.2026 Осенняя смена: с 24.10.2026 по 31.11.2026 | M8: 1850,0 руб. | N8: от 6 до 17 лет (включительно) | O8: Проживание детей в период проведения смен не предусмотрено. Обеспечивается: 2-х разовое питание | P8: Отсутствует | Q8: Здание общеобразовательного учреждения введено в эксплуатацию в 1974 г.(реконструкция в 2008 г.). | R8: Санитарно–эпидемиологическое заключение выдано Федеральной службой по надзору в сфере защиты прав потребителей и благополучия человека территориального отдела Управления по ХМАО – Югре в Белоярском и Берёзовском районе заключение на здание, строение, сооружение, помещения, оборудование и иное имущество, используемое для осуществления деятельности детских лагерей на время каникул №86.БЯ.01.000.М.000007.03.26 от 05.03.2026г.. | S8: В течение 2025 года проводилась проверка Управлением Роспотребнадзора по ХМАО-Югре в Белоярском районе и Березовском районе. От 17.06.2025 года. Нарушения не выявлены. | T8: Санитарно–эпидемиологическое заключение выдано Федеральной службой по надзору в сфере защиты прав потребителей и благополучия человека территориального отдела Управления по ХМАО – Югре в Белоярском и Берёзовском районе заключение на здание, строение, сооружение, помещения, оборудование и иное имущество, используемое для осуществления деятельности детских лагерей на время каникул №86.БЯ.01.000.М.000007.03.26 от 05.03.2026г.. | U8: В течение 2025 года проводилась проверка Управлением Роспотребнадзора по ХМАО-Югре в Белоярском районе и Березовском районе. От 17.06.2025 года. Нарушения не выявлены. | V8: Санитарно–эпидемиологическое заключение выдано Федеральной службой по надзору в сфере защиты прав потребителей и благополучия человека территориального отдела Управления по ХМАО – Югре в Белоярском и Берёзовском районе заключение на здание, строение, сооружение, помещения, оборудование и иное имущество, используемое для осуществления деятельности детских лагерей на время каникул №86.БЯ.01.000.М.000007.03.26 от 05.03.2026г.. | W8: В течение 2025 года проводилась проверка Управлением Роспотребнадзора по ХМАО-Югре в Белоярском районе и Березовском районе. От 17.06.2025 года. Нарушения не выявлены. | X8: Договор о взаимодействии муниципального автономного общеобразовательного учреждения Белоярского района «Средняя общеобразовательная школа № 1 г.Белоярский» с бюджетным учреждением ХМАО-Югры «Белоярская районная больница» от 01.01.2020г. б/н. | Y8: Лицензия № 3065 от 27.03.2018г. на осуществление образовательной деятельности. Уровень образования: -начальное общее образование; -основное общее образование; -среднее общее образование; -дополнительное образование. Подвиды: дополнительное образование детей и взрослых. | Z8: Паспорт доступности объекта социальной инфраструктуры (ОСИ) №1 Муниципального автономного общеобразовательного учреждения Белоярского района «Средняя общеобразовательная школа № 1 г.Белоярский» (СОШ №1 г. Белоярский) от 28.04.2016г. | AB8: 1 | AD8: https://shkola1beloyarskij-r86.gosweb.gosuslugi.ru/glavnoe/organizatsiya-otdyha/lager-s-dnevnym-prebyvaniem-detey/ob-organizatsii-otdyha-detey-i-ih-ozdorovleniya/dokumenty/
A9: 1 | B9: 2 | C9: Муниципальное автономное общеобразовательное учреждение Белоярского района «Средняя общеобразовательная школа № 2 г. Белоярский» (СОШ № 2 г. Белоярский), лагерь с дневным пребыванием детей «Остров дружбы» | D9: Некоммерческая организация, автономное муниципальное учреждение | E9: Исаченко Наталья Валентиновна | F9: 8611005705 | G9: 628162, Россия, ХМАО – Югра, г. Белоярский, микрорайон 3, дом 34. bel2@bel2school.ru http://sosh2bel.ru/ 628162, Россия, ХМАО – Югра, г. Белоярский, микрорайон 3, дом 34. bel2@bel2school.ru http://sosh2bel.ru/ | H9: 628162, Россия, ХМАО – Югра, г. Белоярский, микрорайон 3, дом 34. bel2@bel2school.ru http://sosh2bel.ru/ | I9: sosh2bel.gosuslugi.ru | J9: Лагерь с дневным пребыванием детей в соответствии с приказом Министерства образования и науки Российской Федерации от 13.07.2017№ 656 «Об утверждении примерных положений об организациях отдыха и оздоровления детей» | K9: Сезонный | L9: Весенняя смена: с 28.03.2026 по 04.04.2026 1 летняя смена: с 01.06.2026 по 26.06.2026 Осенняя смена: с 24.10.2026 по 31.10.2026 | M9: 1850,0 руб. | N9: от 6 до 17 лет (включительно) | O9: Проживание детей в период проведения смен не предусмотрено. Обеспечивается: 2-х разовое питание в каждую смену. | P9: отсутствует | Q9: Здание СОШ № 2 г. Белоярский, 1981 год Спортивные сооружения: - волейбольная площадка, 2013 год - баскетбольная площадка, 2013 год - гимнастический городок, 2013 год - полоса препятствий, 2013 год | R9: Санитарно–эпидемиологическое заключение выдано Федеральной службой по надзору в сфере защиты прав потребителей и благополучия человека территориального отдела Управления по ХМАО – Югре в Белоярском и Берёзовском районе заключение на здание, строение, сооружение, помещения, оборудование и иное имущество, используемое для осуществления деятельности детских лагерей на время каникул №86.БЯ.01.000.М.000012.03.26 от 17.03.2026 г.. | S9: Акт обязательного профилактического визита от 21.07.2025 г. Замечаний нет | T9: Санитарно–эпидемиологическое заключение выдано Федеральной службой по надзору в сфере защиты прав потребителей и благополучия человека территориального отдела Управления по ХМАО – Югре в Белоярском и Берёзовском районе заключение на здание, строение, сооружение, помещения, оборудование и иное имущество, используемое для осуществления деятельности детских лагерей на время каникул №86.БЯ.01.000.М.000012.03.26 от 17.03.2026 г.. | U9: Акт обязательного профилактического визита от 21.07.2025 г. Замечаний нет | V9: Санитарно–эпидемиологическое заключение выдано Федеральной службой по надзору в сфере защиты прав потребителей и благополучия человека территориального отдела Управления по ХМАО – Югре в Белоярском и Берёзовском районе заключение на здание, строение, сооружение, помещения, оборудование и иное имущество, используемое для осуществления деятельности детских лагерей на время каникул №86.БЯ.01.000.М.000012.03.26 от 17.03.2026 г.. | W9: Акт обязательного профилактического визита от 21.07.2025 г. Замечаний нет | X9: Договор от 01.01.2017 г. б/н о взаимодействии с БУ ХМАО – Югры «Белоярская районная больница» | Y9: Лицензия от 27 марта 2018 года № 3066 на осуществление образовательной деятельности по общему (начальному, основному, среднему) образованию, дополнительному образованию детей и взрослых | Z9: Паспорт доступности объекта соуиальной инфраструктуры (ОСИ) МАОУ СОШ № 2 г. Белоярский, утвержденный 28 апреля 2016 г. | AB9: 1 | AD9: https://shkola2beloyarskij-r86.gosweb.gosuslugi.ru/glavnoe/ob-organizatsii-otdyha-detey-i-ih-ozdorovlenii/lager-s-dnevnym-prebyvaniem-detey-ostrov-druzhby/ob-organizatsii-otdyha-detey-i-ih-ozdorovlenii/dokumenty/
A10: 1 | B10: 3 | C10: Муниципальное автономное общеобразовательное учреждение Белоярского района «Средняя общеобразовательная школа №3 г. Белоярский», лагерь с дневным пребыванием детей | D10: Некоммерческая организация, муниципальное автономное учреждение | E10: Меньщикова Ольга Владимировна | F10: 8611005656 | G10: 628162, Россия, ХМАО-Югра, г. Белоярский, 3 микрорайон, д. 36. (34670) 2-16-90 priem@86school3.ru http://86school3.ru/ | H10: 628162, Россия, ХМАО-Югра, г. Белоярский, 3 микрорайон, д. 36. (34670) 2-16-90 priem@86school3.ru http://86school3.ru/ | I10: https://86school3.gosuslugi.ru/ | J10: Лагерь с дневным пребыванием детей в соответствии с приказом Министерства образования и науки Российской Федерации от 13.07.2017 № 656 «Об утверждении примерных положений об организациях отдыха и оздоровления детей» | K10: Сезонный | L10: Весенняя смена: с 28.03.2026 по 04.04.2026 1 летняя смена: с 01.06.2026 по 26.06.2026 Осенняя смена: с 24.10.2026 по 31.19.2026 | M10: 1850,0 руб. | N10: от 6 до 17 лет (включительно) | O10: Проживание детей в период проведения смен не предусмотрено. Обеспечивается 2-х разовое питание | P10: Отсутствует | Q10: Здание школы (корпус 1) – введено в эксплуатацию в 1987 году; здание школы (корпус 2) – введено в эксплуатацию в 1979 году. | R10: Санитарно–эпидемиологическое заключение выдано Федеральной службой по надзору в сфере защиты прав потребителей и благополучия человека территориального отдела Управления по ХМАО – Югре в Белоярском и Берёзовском районе заключение на здание, строение, сооружение, помещения, оборудование и иное имущество, используемое для осуществления деятельности детских лагерей на время каникул №86.БЯ.01.000.М.000013.03.26 от 17.03.2026 г.. | S10: В течение 2025 года проведена одна плановая проверка управлением Роспотребназора по ХМАО-Югре в Белоярском районе и Березовском районе. Выявленные нарушения устранены (Акт профилактическго визита от 21.07.2025 г.) | T10: Договор от 01 января 2026 года о взаимодействии муниципального автономного общеобразовательного учреждения Белоярского района «Средняя общеобразовательная школа №3 г. Белоярский» с бюджетным учреждением Ханты – Мансийского автономного округа – Югры «Белоярская районная больница» | U10: Лицензия от 27.03.2018 года № 3067 на осуществление образовательной деятельности по общеобразовательным программам начального, основного, среднего общего образования, дополнительного образования детей и взрослых | V10: Паспорт доступности объекта социальной инфраструктуры №1 от 01 марта 2016 года; паспорт доступности объекта социальной инфраструктуры №2 от 01 марта 2016 года | W10: В течение 2025 года проведена одна плановая проверка управлением Роспотребназора по ХМАО-Югре в Белоярском районе и Березовском районе. Выявленные нарушения устранены (Акт профилактическго визита от 21.07.2025 г.) | X10: Договор от 01 января 2026 года о взаимодействии муниципального автономного общеобразовательного учреждения Белоярского района «Средняя общеобразовательная школа №3 г. Белоярский» с бюджетным учреждением Ханты – Мансийского автономного округа – Югры «Белоярская районная больница» | Y10: Лицензия от 27.03.2018 года № 3067 на осуществление образовательной деятельности по общеобразовательным программам начального, основного, среднего общего образования, дополнительного образования детей и взрослых | Z10: Паспорт доступности объекта социальной инфраструктуры №1 от 01 марта 2016 года; паспорт доступности объекта социальной инфраструктуры №2 от 01 марта 2016 года | AB10: 1 | AD10: https://86school3.gosuslugi.ru/organizatsiya-otdyha-detey-i-ih-ozdorovleniya/ob-organizatsii-otdyha-detey-i-ih-ozdorovleniya/dokumenty/
A11: 1 | B11: 4 | C11: Лагерь с дневным пребыванием детей на базе муниципального автономного общеобразовательного учреждения Белоярского района «Средняя общеобразовательная школа п.Верхнеказымский» (СОШ п.Верхнеказымский), лагерь с дневным пребыванием детей | D11: Некоммерческая организация, автономное муниципальное учреждение | E11: Степура Нина Владимировна | F11: 8611005889 | G11: 628172; 3 мкр., д. 16, п.Верхнеказымский, Белоярский район, Тюменская область, ХМАО-Югра | H11: 628172; 3 мкр., д. 16, п.Верхнеказымский, Белоярский район, Тюменская область, ХМАО-Югра; тел.: 8(34670) 47-9-23; e-mail: ask@school-vk.ru | I11: https://soshverxnekazymskij.gosuslugi.ru/ | J11: Лагерь с дневным пребыванием детей | K11: Сезонный (в каникулярное время) | L11: Весенняя смена: с 28.03.2026 по 04.04.2026 1 летняя смена: с 01.06.2026 по 26.06.2026 2 летняя смена с 01.07.2026г. по 29.07.2026 Осенняя смена: с 24.10.2026 по 31.11.2026 | M11: 1850 руб. | N11: от 6 до 17 лет (включительно) | O11: Лагерь дневного пребывания, 2-х разовое питание | P11: Нет | Q11: Здание школы введенов эксплуатацию в 2002 году | R11: Санитарно–эпидемиологическое заключение выдано Федеральной службой по надзору в сфере защиты прав потребителей и благополучия человека территориального отдела Управления по ХМАО – Югре в Белоярском и Берёзовском районе заключение на здание, строение, сооружение, помещения, оборудование и иное имущество, используемое для осуществления деятельности детских лагерей на время каникул № 86.БЯ.01.000.М.000057.09.25 от 29.09.2025 г. Действует до 28.09.2026г. | S11: В течение 2025 года проведено две плановых проверки управлением Роспотребназора по ХМАО-Югре, а Белоярском районе и Березовском районе. 1 - ая проверка 22.09.205г. Нарушения не выявлены в ходе проверки (Акт профилактическго визита от 14.10.2025г.). 2-ая проверка - 19.06.2025г. В ходе проверки было выявлено нарушение требований п. 2.6.2. СП 2.4.3648-20 СанПин (несоответствие качества воды /питьевой фонтан/). Нарушение устранено. | T11: Санитарно–эпидемиологическое заключение выдано Федеральной службой по надзору в сфере защиты прав потребителей и благополучия человека территориального отдела Управления по ХМАО – Югре в Белоярском и Берёзовском районе заключение на здание, строение, сооружение, помещения, оборудование и иное имущество, используемое для осуществления деятельности детских лагерей на время каникул № 86.БЯ.01.000.М.000057.09.25 от 29.09.2025 г. Действует до 28.09.2026г. | U11: В течение 2025 года проведено две плановых проверки управлением Роспотребназора по ХМАО-Югре, а Белоярском районе и Березовском районе. 1 - ая проверка 22.09.205г. Нарушения не выявлены в ходе проверки (Акт профилактическго визита от 14.10.2025г.). 2-ая проверка - 19.06.2025г. В ходе проверки было выявлено нарушение требований п. 2.6.2. СП 2.4.3648-20 СанПин (несоответствие качества воды /питьевой фонтан/). Нарушение устранено. | V11: Санитарно–эпидемиологическое заключение выдано Федеральной службой по надзору в сфере защиты прав потребителей и благополучия человека территориального отдела Управления по ХМАО – Югре в Белоярском и Берёзовском районе заключение на здание, строение, сооружение, помещения, оборудование и иное имущество, используемое для осуществления деятельности детских лагерей на время каникул № 86.БЯ.01.000.М.000057.09.25 от 29.09.2025 г. Действует до 28.09.2026г. | W11: В течение 2025 года проведено две плановых проверки управлением Роспотребназора по ХМАО-Югре, а Белоярском районе и Березовском районе. 1 - ая проверка 22.09.205г. Нарушения не выявлены в ходе проверки (Акт профилактическго визита от 14.10.2025г.). 2-ая проверка - 19.06.2025г. В ходе проверки было выявлено нарушение требований п. 2.6.2. СП 2.4.3648-20 СанПин (несоответствие качества воды /питьевой фонтан/). Нарушение устранено. | X11: Имеется договор о взаимодействии муниципального автономного общеобразовательного учреждения Белоярского района «Средняя общеобразовательная школа п.Верхнеказымский» с бюджетным учреждением ХМАО-Югры «Белоярская районная больница» от 01.01.2017г. | Y11: Имеется, от 30.03.2015г. № 1997 на осуществление образовательной деятельности по дошкольному, начальному основному, среднему образованию, по дополнительному образованию | Z11: Имеется Паспорт доступности объекта социальной инфраструктуры (ОСИ) от 31.08.2016г | AB11: 1 | AD11: https://shkolaverxnekazymskij-r86.gosweb.gosuslugi.ru/glavnoe/svedeniya-ob-organizatsii-otdyha-detey-i-ih-ozdorovleniya/ob-organizatsii-otdyha-detey-i-ih-ozdorovleniya/dokumenty/
A12: 1 | B12: 5 | C12: Муниципальное автономное общеобразовательное учреждение Белоярского района «Средняя общеобразовательная школа п. Лыхма» (СОШ п. Лыхма), лагерь с дневным пребыванием детей «Радуга» | D12: Некоммерческая организация, автономное муниципальное учреждение | E12: Заплишная Наталия Владимировна | F12: 8611005800 от 02.04.2001 г. | G12: 628173 Тюменская область, Белоярский район, п. Лыхма, ул. ЛПУ, Дом 92/4 тел./факс (34670) 48-4-19 E-mail: school@lihma.ru, сайт: www.lihma.ru | H12: 628173 Тюменская область, Белоярский район, п. Лыхма, ул. ЛПУ, Дом 92/4 тел./факс (34670) 48-4-19 E-mail: school@lihma.ru, сайт: www.lihma.ru | I12: https://soshlihma.gosuslugi.ru/ | J12: Лагерь с дневным пребыванием детей в соответствии с приказом Министерства образования и науки Российской Федерации от 13.07.2017№ 656 «Об утверждении примерных положений об организациях отдыха и оздоровления детей» | K12: Сезонный, в каникулярное время | L12: Весенняя смена: с 28.03.2026 по 04.04.2026 1 летняя смена: с 01.06.2026 по 26.06.2026 Осенняя смена: с 24.10.2026 по 31.10.2026 | M12: 1850 руб | N12: от 6 до 17 лет (включительно) | O12: Проживание детей в период проведения смен не предусмотрено. Обеспечивается 2-х разовое питание. | P12: нет | Q12: Здание школы – введено в эксплуатацию в 2011 году | R12: Санитарно–эпидемиологическое заключение выдано Федеральной службой по надзору в сфере защиты прав потребителей и благополучия человека территориального отдела Управления по ХМАО – Югре в Белоярском и Берёзовском районе заключение на здание, строение, сооружение, помещения, оборудование и иное имущество, используемое для осуществления деятельности детских лагерей на время каникул №86.БЯ.01.000.М.000034.04.26 от 23.04.2026 г.. | S12: В течение 2023 года проведена одна плановая проверка управлением Роспотребназора по ХМАО-Югре, а Белоярском районе и Березовском районе. Нарушения не выявлены в ходе проверки. (Акт профилактическго визита от 31.07.2023 г.). | T12: Договор о взаимодействии МАОУ Белоярского района «Средняя общеобразовательная школа п. Лыхма» с БУ ХМАО – Югры «Белоярская районная больница» от 01 января 2020 года | U12: Лицензия №2980 от 05 октября 2017 года на осуществление образовательной деятельности. Виды: 1. Общее образование: дошкольное, начальное общее, основное общее, среднее общее. 2. Дополнительное образование. Подвиды: 1. Дополнительное образование детей и взрослых. | V12: Паспорт доступности объектов социальной инфраструктуры (ОСИ) утвержден 15.03.2016 года | W12: В течение 2025 года проверки не проводились | X12: Договор о взаимодействии МАОУ Белоярского района «Средняя общеобразовательная школа п. Лыхма» с БУ ХМАО – Югры «Белоярская районная больница» от 01 января 2026 года | Y12: Лицензия №2980 от 05 октября 2017 года на осуществление образовательной деятельности. Виды: 1. Общее образование: дошкольное, начальное общее, основное общее, среднее общее. 2. Дополнительное образование. Подвиды: 1. Дополнительное образование детей и взрослых. | Z12: Паспорт доступности объектов социальной инфраструктуры (ОСИ) утвержден 15.03.2016 года | AB12: 1 | AD12: https://soshlihma.gosuslugi.ru/svedeniya-ob-obrazovatelnoy-organizatsii/dokumenty/?type69=39
A13: 1 | B13: 6 | C13: Муниципальное автономное общеобразовательное учреждение Белоярского района «Средняя общеобразовательная школа п. Сорум» (СОШ п. Сорум), лагерь с дневным пребыванием детей «Маленькая страна» | D13: Некоммерческая организация. Автономное муниципальное учреждение | E13: Степанова Мария Афанасьевна | F13: 8611005737 | G13: 628169, ул. Газовиков д,2, п. Сорум, Белоярский район, Тюменская область, тел./факс (34670) 51860, E-mail: sorum_school@mail.ru сайт: http://www.sorumschool.ru/ | H13: 628169, ул. Газовиков д,2, п. Сорум, Белоярский район, Тюменская область, тел./факс (34670) 51860, E-mail: sorum_school@mail.ru сайт: http://www.sorumschool.ru/ | I13: https://sorumsosh.gosuslugi.ru/ | J13: Лагерь с дневным пребыванием детей в соответствии с приказом Министерства образования и науки Российской Федерации от 13.07.2017 № 656 «Об утверждении примерных положений об организациях отдыха и оздоровления детей» | K13: сезонный | L13: Весенняя смена: с 28.03.2026 по 04.04.2026 1 летняя смена: с 01.06.2026 по 26.06.2026 2 летняя смена: с 01.07.2026 по 29.07.2026 Осенняя смена: с 24.10.2026 по 31.10.2026 | M13: 1850 руб. | N13: от 6 до 17 лет (включительно) | O13: Проживание детей в период проведения смен не предусмотрено. Обеспечивается: 2-х разовое питание в смену | P13: отсутствует | Q13: Здание школы - введено в эксплуатацию в 2005 году | R13: Санитарно-эпидемиологическое заключение выдано территориальным отделом управления роспотребнадзора по Ханты-Мансийскому автономному округу –Югре в Белоярском районе и Березовской районе от 21.04.2026 г.. №86.БЯ.01.000.М.000028.04.26 | S13: Акт профилактического визита Роспотребнадзора по ХМАО –Югре в Белоярском районе от 27.07.2023 г. В ходе проверки выписано предписание №56 от 27.07.2023 г. (Замечания устранены) | T13: Договор от 09.01.2020г. «О взаимодействии муниципального автономного общеобразовательного учреждения Белоярского района «Средняя общеобразовательная школа п. Сорум» с бюджетным учреждением Ханты-Мансийского автономного округа – Югры «Белоярская районная больница» | U13: Лицензия от 12.03.2015г. № 1950 на осуществление образовательной деятельности, выданная Службой по контролю и надзору в сфере образования Ханты-Мансийского автономного округа – Югры. Общее образование. Уровень образования: дошкольное образование; начальное общее образование; основное общее образование; среднее общее образование. Дополнительное образование: дополнительное образование детей и взрослых. | V13: Паспорт доступности объекта социальной инфраструктуры (ОСИ) муниципального автономного общеобразовательного учреждения Белоярского района "Средняя общеобразовательная школа п. Сорум" №1/216, утвержден приказом СОШ п. Сорум от 01.03.2016 г. №216 | W13: Акт профилактического визита Роспотребнадзора по ХМАО –Югре в Белоярском районе от 26.06.2025 г. Замечаний нет | X13: Договор от 29.12.2025г. «О взаимодействии муниципального автономного общеобразовательного учреждения Белоярского района «Средняя общеобразовательная школа п. Сорум» с бюджетным учреждением Ханты-Мансийского автономного округа – Югры «Белоярская районная больница» | Y13: Лицензия от 12.03.2015г. № 1950 на осуществление образовательной деятельности, выданная Службой по контролю и надзору в сфере образования Ханты-Мансийского автономного округа – Югры. Общее образование. Уровень образования: дошкольное образование; начальное общее образование; основное общее образование; среднее общее образование. Дополнительное образование: дополнительное образование детей и взрослых. | Z13: Паспорт доступности объекта социальной инфраструктуры (ОСИ) муниципального автономного общеобразовательного учреждения Белоярского района "Средняя общеобразовательная школа п. Сорум" №1/216, утвержден приказом СОШ п. Сорум от 01.03.2016 г. №216 | AB13: 1 | AD13: https://sorumsosh.gosuslugi.ru/glavnoe/svedeniya-ob-organizatsii-otdyha-detey-i-ih-ozdorovleniya/lager-s-dnevnym-prebyvaniem-detey/ob-organizatsii-otdyha-detey-i-ih-ozdorovleniya/dokumenty/
A14: 1 | B14: 7 | C14: Бюджетное учреждение Ханты-Мансийского автономного округа – Югры «Белоярский комплексный центр социального обслуживания населения» (БУ «Белоярский комплексный центр социального обслуживания населения»). | D14: Бюджетное учреждение | E14: Гейдарова Валерия Сергеевна | F14: 8611005818 | G14: 628162, Россия, Ханты-Мансийский автономный округ – Югра, город Белоярский, микрорайон 4, дом 16 | H14: 628162, Россия, Ханты-Мансийский автономный округ – Югра, город Белоярский, ул. Центральная, дом 15 А, BELKCSON@admhmao.ru | I14: http://kcsonmiloserdie.ru/ | J14: Летние оздоровительные смены в режиме лагеря с дневным пребыванием детей в соответствии с приказом Министерства образования и науки Российской Федерации от 13.07.2017 № 656 «Об утверждении примерных положений об организациях отдыха и оздоровления детей» | K14: сезонный | L14: 1 летняя смена: с 01.06.2026 по 27.06.2026 2 летняя смена: с 01.07.2026 по 29.07.2026 3 летняя смена: с 03.08.2026 по 29.08.2026 | M14: бесплатно | N14: от 5 до 18 лет | O14: Проживание детей в период проведения смен не предусмотрено. Обеспечивается: 2-х разовое питание, 3-х разовое питание в 1,2,3 смены | P14: Отсутствует | Q14: Здание учреждения (корпус № 2) по адресу г. Белоярский, ул. Центральная, д. 15 А – введено в эксплуатацию в 1972 году | R14: Санитарно-эпидемиологическое заключение выдано территориальным отделом по г. Ханты-Мансийску и Ханты-Мансийскому району в Белоярском районе и в Березовском районе от 17.04.26 № 86.БЯ.01.000 М 000023.04.26 | S14: 11.08.2023 Управление федеральной службы по надзору в сфере защиты прав потребителей и благополучия человека по Ханты-Мансийского автономного округа - Югры, акт выездной проверки от 11.08.2023. Нарушения не выявлены. | T14: Лицензия Серия Б 007060 № ЛО-86-01-002967 от 28 марта 2018 года на осуществление Медицинской деятельности | V14: Паспорт доступности объекта социальной инфраструктуры (ОСИ) № 4 от 27.02.2020. | W14: 04.08.2025 Управление федеральной службы по надзору в сфере защиты прав потребителей и благополучия человека по Ханты-Мансийского автономного округа - Югры, акт профилактического визита от 04.08.2025. Нарушения не выявлены | X14: Лицензия Серия Б 007060 № ЛО-86-01-002967 от 28 марта 2018 года на осуществление Медицинской деятельности | Z14: Паспорт доступности объекта социальной инфраструктуры (ОСИ) № 4 от 27.02.2020. | AB14: 1 | AD14: https://kcsonmiloserdie.ru/index/ob_organizacii_otdykha_detej_i_ikh_ozdorovlenii/0-200
A15: 1 | B15: 8 | C15: Муниципальное автономное учреждение дополнительного образования Белоярского района "Дворец детского (юношеского) творчества г. Белоярский", лагерь с дневным пребыванием детей "Тропинки детства" | D15: некоммерческая организация, муниципальное автономное учреждение | E15: Постников Максим Андреевич | F15: 8611005670 | G15: 628163, Тюменская область, ХМАО-Югра, г. Белоярский, ул. Лысюка д. 4, Тел.: (34670) 2-17-29, 2-06-48, e-mail: info@ddutbel86.ru, https://www.ddutbel86.ru | H15: 628163, Тюменская область, ХМАО-Югра, г. Белоярский, ул. Лысюка д. 4, Тел.: (34670) 2-17-29, 2-06-48, e-mail: info@ddutbel86.ru, https://www.ddutbel86.ru | I15: http://ddutbel86.ru/ | J15: Лагерь с дневным пребыванием детей в соответствии с приказом Министерства образования и науки Российской Федерации от 13.07.2017 № 656 «Об утверждении примерных положений об организациях отдыха и оздоровления детей» | K15: Сезонный | L15: Весенняя смена: с 28.03.2026 по 24.04.2026 1 летняя смена: с 01.06.2026 по 26.06.2026 2 летняя смена: с 01.07.2026 по 29.07.2026 3 летняя смена: с 01.08.2026 по 28.08.2026 Осенняя смена: с 25.10.2026 по 31.10.2026 | M15: 1850 руб. | N15: от 6 до 17 лет (включительно) | O15: Проживание детей в период проведения смен не предусмотрено. Обеспечивается: 2-х разовое питание | P15: Отсутствует | Q15: Здание "Дворец детского (юношеского) творчества г. Белоярский", введено в эксплуатацию в 2002 году | R15: Санитарно-эпидемиологическое заключение выдано территориальным отделом Управления Роспотребнадзора по ХМАО-Югре в белоярском районе и Берёзовском районе от 24.09.2025 г.. № №86.БЯ.01.000.М.000051.09.25 | S15: В 2023 году была проведена плановая проверка ТО Управления Роспотребнадзора по ХМАО-Югре в Белоярском районе и Березовском районе, без замечаний. | T15: Договор на оказание услуг по обеспечению медицинского обслуживания детей, находящихся в лагере с дневным пребыванием от 16.10.2023г. №2023/240 с БУ ХМАО-Югры «Белоярская районная больница» | U15: Лицензия от 06.07.2017 №2927 на осуществление образовательной деятельности по дополнительным общеобразовательным программам | V15: Паспорт доступности объекта социальной инфраструктуры № 1 муниципального автономного учреждения дополнительного образования Белоярского района "Дворец детского (юношеского) творчества г. Белоярский", утверждён 25.07.2019 года | W15: В 2025 году была проведена плановая проверка ТО Управления Роспотребнадзора по ХМАО-Югре в Белоярском районе и Березовском районе, без замечаний.. | X15: Договор на оказание услуг по обеспечению медицинского обслуживания детей, находящихся в лагере с дневным пребыванием от 22.09.2025г. №2025/179 с БУ ХМАО-Югры «Белоярская районная больница» | Y15: Лицензия от 06.07.2017 №2927 на осуществление образовательной деятельности по дополнительным общеобразовательным программам | Z15: Паспорт доступности объекта социальной инфраструктуры № 1 муниципального автономного учреждения дополнительного образования Белоярского района "Дворец детского (юношеского) творчества г. Белоярский", утверждён 25.07.2019 года | AB15: 1 | AD15: https://ddutbel86.ru/page.php?level=3&id_level_1=9&id_level_2=269&id_level_3=221
A16: 1 | B16: 9 | C16: Муниципальное автономное общеобразовательное учреждение Белоярского района «Средняя общеобразовательная школа п.Сосновка», лагерь с дневным пребыванием детей » | D16: Некоммерческая организация, муниципальное автономное учреждение | E16: Иванов Михаил Викторович | F16: 8611005744 | G16: 628177, ул.Школьная, д.1, п.Сосновка, Белоярский район, Тюменская область, тел./факс (34670) 46-4-58, E-mail: info@sosnovka-ugra.ru, сайт: http://sosnovka-ugra.ru | H16: 628177, ул.Школьная, д.1, п.Сосновка, Белоярский район, Тюменская область, тел./факс (34670) 46-4-58, E-mail: info@sosnovka-ugra.ru, сайт: http://sosnovka-ugra.ru/ | I16: https://sosnovka.gosuslugi.ru/ | J16: лагерь с дневным пребыванием детей в соответствии с приказом Министерства образования и науки Российской Федерации от 13.07.2017 №656 «Об утверждении примерных положений об организациях отдыха и оздоровления детей» | K16: Сезонный | L16: Весенняя смена: с 28.03.2026 по 04.04.2026 1 летняя смена: с 01.06.2026 по 26.06.2026 Осенняя смена: с 24.10.2026 по 31.10.2026 | M16: 1850 руб. | N16: от 6 до 17 лет (включительно) | O16: Лагерь с дневным пребыванием детей, проживание детей в период проведения смен не предусмотрено, обеспечивается 2-х разовое питание | P16: отсутствует | Q16: Здание школы введено в эксплуатацию в 2006 году | R16: Санитарно-эпидемиологическое заключение выдано территориальным отделом управления роспотребнадзора по Ханты-Мансийскому автономному округу –Югре в Белоярском районе и Березовской районе от 24.09.2025 г.. №86.БЯ.01.000.М.000052.09.25 | S16: В течение 2023 года проведена одна плановая проверка управлением Роспотребназора по ХМАО-Югре, а Белоярском районе и Березовском районе. Нарушения не выявлены в ходе проверки. (Акт профилактическго визита от 27.07.2023 г.) | T16: договор от 01 января 2020 года о взаимодействии муниципального автономного общеобразовательного учреждения Белоярского района «Средняя общеобразовательная школа п. Сосновка» с бюджетным учреждением Ханты-Мансийского автономного округа - Югры «Белоярская районная больница» | U16: Лицензия от 02 июля 2014 года №1549 на осуществление образовательной деятельности: - общее образование (начальное общее образование, основное общее образование, среднее общее образование) - дополнительное образование - подвиды: дополнительное образование детей и взрослых | V16: Паспорт доступности объекта социальной инфраструктуры (ОСИ) от 21.06.2016 г. | W16: В течение 2025 года проведена одна плановая проверка управлением Роспотребназора по ХМАО-Югре, а Белоярском районе и Березовском районе. В ходе проверки замечения и нарушения устранены (Акт обязательного профилактическго визита от 26.06.2025г.). | X16: договор от 01 января 2020 года о взаимодействии муниципального автономного общеобразовательного учреждения Белоярского района «Средняя общеобразовательная школа п. Сосновка» с бюджетным учреждением Ханты-Мансийского автономного округа - Югры «Белоярская районная больница» | Y16: Лицензия от 02 июля 2014 года №1549 на осуществление образовательной деятельности: - общее образование (начальное общее образование, основное общее образование, среднее общее образование) - дополнительное образование - подвиды: дополнительное образование детей и взрослых | Z16: Паспорт доступности объекта социальной инфраструктуры (ОСИ) от 21.06.2016 г. | AB16: 1 | AD16: https://shkolasosnovka-r86.gosweb.gosuslugi.ru/glavnoe/svedeniya-ob-organizatsii-otdyha-detey-i-ih-ozdorovleniya/ob-organizatsii-otdyha-detey-i-ih-ozdorovleniya/dokumenty/
A17: 1 | B17: 10 | C17: Муниципальное автономное учреждение физической культуры и спорта Белоярского района "База спорта и отдыха "Северянка" (МАУ "База спорта и отдыха"Северянка"), лагерь с круглосуточным пребыванием детей | D17: Автономное муниципальное уреждение | E17: Якусевич Ольга Петровна | F17: 8611005624 | G17: 628162; Россия; ХМАО-Югра; г.Белоярский; ул.Центральная, дом 9 | H17: 628162; Россия; ХМАО-Югра; г.Белоярский; проезд база отдыха,строение 1\А | I17: https://sport-forg-severyanka-beloyarskij-r86.gosweb.gosuslugi.ru/ | J17: Загородный стационарный оздоровительный лагерь, в соответствии с приказом Министерства образования и науки Российской Федерации от 13.07.2017 № 656 «Об утверждении примерных положений об организациях отдыха и оздоровления детей» | K17: Сезонный | L17: Весенняя смена: с 28.03.2026 по 04.04.2026 1 летняя смена: с 27.05.2025 по 16.06.2025 2 летняя смена: с 19.06.2025 по 09.07.2025 3 летняя смена: с 12.07.2025 по 01.08.2025 4 летняя смена: с 03.08.2025 по 24.08.2025 Осенняя смена: с 25.10.2025 по 31.10.2025 Зимняя смена: с 03.01.2027 по 09.01.2027 | M17: 2726 рублей | N17: от 6 до 17 лет (включительно) | O17: Два благоустроенных спальных корпуса соответствует требованиям СанПиН 2.4.4.3155-13. Размещение детей в двухместных ,трёхместных , шестиместных жилых комнатах с удобствами в комнатах. В комнатах имеются: холодильник, телевизор, зеркало, прикроватные тумбочки, шкаф для одежды, стол, стулья.Питание организовано в столовой в учреждении вместимостью 56 мест. Сбалонсированное 5-ти разовое питание. | P17: Имеется плавательный бассейн 120 кв.м. В эксплуатацию сдан в 2014 году. | Q17: Спальный корпус "А"-1997 г., Спальный корпус"В"-2005г., Санаторно-оздоровительный корпус-2014г. Спортивный зал-1996г. Дата капитального ремонта: Спальный корпус "А"-2011 г., Спальный корпус"В"-2011г., Санаторно-оздоровительный корпус-2014г. Спортивный зал-2016г. | R17: Санитарно–эпидемиологическое заключение выдано Федеральной службой по надзору в сфере защиты прав потребителей и благополучия человека территориального отдела Управления по ХМАО – Югре в Белоярском и Берёзовском районе заключение на здание, строение, сооружение, помещения, оборудование и иное имущество, используемое для осуществления деятельности детских лагерей на время каникул №86.БЯ.01.000.М.000062.10.25 от 21.10.2025 г.. | S17: В течение 2023 года проведены пять проверок: выездная проверка на основании решения о проведении контрольного (надзорного мероприятия) от «13» апреля 2023 г. № 2304/171-86/13-В/РВП, по результатом проверки нарушения не выявлены; выездная проверка на основании решения 16 мая 2023 г № 70., по результатам проверки выдано предписание от 29.06.2023 № 53. Указанные нарушения устранены; Выездная проверка 24 мая 2023г. № 2305/171-86/14-П/рвп, по результатам проверки выписано предписаниеоб устранении выявленных нарушений №44 от 15.06.2023г.выявленные нарушения устранены ; 07.04.2023 в адрес МАУ «База спорта и отдыха «Северянка» поступило Представление заместителя прокурора г.Белоярский «Об устранении нарушений федерального законодательства» № 03-02-2023/Прдп91-23-20711005 от 07.04.2023.; 07.08.2023 в адрес МАУ «База спорта и отдыха «Северянка» поступило Представление заместителя прокурора г.Белоярский «Об устранении нарушений федерального законодательства»2023/Прдп91-23-20711005 от 07.04.2023г. Указанные в представлениях недостатки устранены. | T17: Медицинская лицензия на осуществление медицинской деятельности № ЛО-86-01-002315 от 30.11.2015 г. | U17: Нет | V17: Паспорт доступности объекта социальной инфаструктуры (ОСИ) муниципального автономного учреждения физической культуры и спорта Белоярского района "База спорта и отдыха "Северянка" от 01декабря 2015 года | W17: В течении 2025 были три проверки надзорными органами: 30.04.2025 поступило Представление прокурора г. Белоярский «Об устранении нарушений законодательства» № 03-02-2025/Прдп134-25-20711005 от 28.04.2025. Проведенными прокуратурой города надзорными мероприятиями были выявлены нарушения требований законодательства об отдыхе и оздоровлении детей в части оформления сайта. Недостатки устранены. 29.05.2025 поступило представление прокуратуры г. Белоярский от 28.05.2023 №03-02-2025/ПРДП166-25-20711005 об устранении нарушений федерального законодательства в сфере защиты персональных данных. Недостатки устранены. 23.07.2025 поступило Представление ТО Управления Роспотребнадзора по ХМАО-Югре в Белоярском районе и Березовском районе об устранении выявленных нарушений №95. Выявленные недостатки устранены. | X17: Медицинская лицензия на осуществление медицинской деятельности № ЛО-86-01-002315 от 30.11.2015 г. | Y17: Нет | Z17: Паспорт доступности объекта социальной инфаструктуры (ОСИ) муниципального автономного учреждения физической культуры и спорта Белоярского района "База спорта и отдыха "Северянка" от 01декабря 2015 года | AD17: https://sport-forg-severyanka-beloyarskij-r86.gosweb.gosuslugi.ru/o-nas/ob-organizatsii-otdyha-detey-i-ih-ozdorovleniya/dokumenty/
A18: 1 | B18: 11 | C18: Муниципальное автономное общеобразовательное учреждение Белоярского района «Средняя общеобразовательная школа с. Казым» (СОШ с. Казым), лагерь с дневным пребыванием детей | D18: Некоммерческая организация, муниципальное автономное учреждение | E18: Канева Татьяна Людвиговна | F18: 8611005790 | G18: 628174, Россия, ХМАО-Югра, Белоярский район, с. Казым, ул. Школьная, д.7а, тел./факс (34670) 31-3-08, E-mail: kazim-sosh@kazimschool.ru сайт: http:// kazimschool.ru | H18: 628174, Россия, ХМАО-Югра, Белоярский район, с. Казым, ул. Школьная, д.7а, тел./факс (34670) 31-3-08, E-mail: kazim-sosh@kazimschool.ru сайт: http:// kazimschool.ru | I18: https://shkolakazym.gosuslugi.ru/ | J18: Лагерь с дневным пребыванием детей в соответствии с приказом Министерства образования и науки Российской Федерации от 13.07.2017 № 656 «Об утверждении примерных положений об организациях отдыха и оздоровления детей» | K18: Сезонный | L18: Весенняя смена: с 28.03.2026 по 04.04.2026 1 летняя смена: с 01.06.2026 по 26.06.2026 2 летняя смена: с 02.07.2026 по 29.07.2026 Осенняя смена: с 24.10.2026 по 31.10.2026 | M18: Весенняя, осенняя смены - 1850,00 (При 6 часовом рабочем дне) Летние смены (1,2) - 1950,00 (При 9 часовом рабочем дне) | N18: от 6 до 17 лет (включительно) | O18: Проживание детей в период проведения смен не предусмотрено. Обеспечивается: 2-х разовое питание в (Весенняя, осенняя смены); 3-х разовое питание (Летние смены,1-2). | P18: Отсутствует | Q18: Здание школы – введено в эксплуатацию в 2008 году, спортивная площадка - введено в эксплуатацию в 2009 году. | R18: Санитарно-эпидемиологическое заключение выдано территориальным отделом управления роспотребнадзора по Ханты-Мансийскому автономному округу –Югре в Белоярском районе и Березовской районе от 23.04.2026 г.. №86.БЯ.01.000.М.000036.04.26 | S18: В течение 2023 года проверки не проводились. | T18: Договор от 01 января 2020 года о взаимодействии муниципального автономного общеобразовательного учреждения Белоярского района «Средняя общеобразовательная школа с. Казым» с бюджетным учреждением Ханты – Мансийского автономного округа – Югры «Белоярская районная больница» | U18: Лицензия от 10 июня 2014 года №1535 на осуществление образовательной деятельности по общеобразовательным программам начального, основного, среднего общего образования, дополнительного образования детей и взрослых | V18: Паспорт доступности объекта социальной инфраструктуры (ОСИ) № 01 от 17.05.2016. | W18: В течение 2025 года проводилась одна проверка Управлением Роспотребнадзора по ХМАО-Югре в Белоярском районе и Березовском районе. Уведомление «О проведении профилактического визита» от 30.06.2025 № 270. Замечаний не выявлено. (Протокол осмотра при проведении профилактического визита от 09.07.2025г.). По результатам обязательного профилактического визита нарушений не установлено. (Акт обязательного профилактического визита от 22.07.2025г.) | X18: Договор от 01 января 2026 года о взаимодействии муниципального автономного общеобразовательного учреждения Белоярского района «Средняя общеобразовательная школа с. Казым» с бюджетным учреждением Ханты – Мансийского автономного округа – Югры «Белоярская районная больница». Срок действия по 31.12.2030г. | Y18: Лицензия от 10 июня 2014 года №1535 на осуществление образовательной деятельности по общеобразовательным программам начального, основного, среднего общего образования, дополнительного образования детей и взрослых | Z18: Паспорт доступности объекта социальной инфраструктуры (ОСИ) № 01 от 17.05.2016. | AB18: 1 | AD18: https://shkolakazym.gosuslugi.ru/glavnoe/svedeniya-ob-organizatsii-otdyha-detey-i-ih-ozdorovleniya/ob-organizatsii-otdyha-detey-i-ih-ozdorovleniya/dokumenty/
A19: 1 | B19: 12 | C19: Муниципальное автономное общеобразовательное учреждение Белоярского района «Средняя общеобразовательная школа им. И.Ф. Пермякова с. Полноват», лагерь с дневным пребыванием «Северянка» на базе Муниципального автономного общеобразовательного учреждения Белоярского района «Средняя общеобразовательная школа им. И.Ф. Пермякова с. Полноват» | D19: Некоммерческая организация, автономное муниципальное учреждение | E19: Лузянин Алексей Григорьевич | F19: ИНН: 8611005783 | G19: 628179 Тюменская область ХМАО - Югра, Белоярский район с. Полноват, ул. Собянина, д. 1В | H19: 628179 Тюменская область ХМАО - Югра, Белоярский район с. Полноват, ул. Собянина, д. 1В (34670) 33-4-63 Е-mail: soshspolnovat@mail.ru | I19: soshpolnovat.gosuslugi.ru | J19: Лагерь с дневным пребыванием детей в соответствии с приказом Министерства образования и науки Российской Федерации от 13.07.2017 № 656 «Об утверждении примерных положений об организациях отдыха и оздоровления детей» | K19: Сезонный | L19: Весенняя смена: с 28.03 - 04.04.2026. Летняя смена 1- с 01.06 - 26.06.2026, 2 смена с 01.07 - 29.07.2026. Осень с 24.10 - 31.10.2026. 1 летняя смена: с 02.06 - 27.06.2026 2 летняя смена: с 01.07 - 29.07.2026 Осенняя смена: с 25.10 - 01.11.2026 | M19: Весенняя, осенняя смены - 1850,00 (При 6 часовом рабочем дне) Летние смены (1,2) - 2050,00 (При 9 часовом рабочем дне | N19: от 6 до 17 лет (включительно) | O19: Проживание детей в период проведения смен не предусмотрено. Обеспечивается: 2-х разовое питание в весеннюю и осенюю смены;(1и 4) 3-х разовое питание в летние смены(2 и 3) | P19: Отсутствует | Q19: Дата ввода используемых организацией отдыха и их оздоровления объектов (для организаций стационарного типа) и дата проведения капитального ремонта)- 2019 | R19: Санитарно–эпидемиологическое заключение выдано Федеральной службой по надзору в сфере защиты прав потребителей и благополучия человека территориального отдела Управления по ХМАО – Югре в Белоярском и Берёзовском районе заключение на здание, строение, сооружение, помещения, оборудование и иное имущество, используемое для осуществления деятельности детских лагерей на время каникул №86.БЯ.01.000.М.000022.04.26 от 17.04.2026 г.. | S19: В течение 2023 года проверки не проводились | T19: Договор от 01.01.2020 «О взаимодействии муниципального автономного общеобразовательного учреждения Белоярского района «Средняя общеобразовательная школа им. И.Ф. Пермякова с. Полноват» с бюджетным учреждением Ханты-Мансийского автономного округа – Югры «Белоярская районная больница» | U19: Лицензия от 30.03.2015 № 1996 на осуществление образовательной деятельности по реализации образовательных программ по видам образования, по уровням образования, по профессиям, специальностям, направлениям подготовки (для профессионального образования), по подвидам дополнительного образования. Общее образование: Дошкольное образование, Начальное общее образование, Основное общее образование, Среднее общее образовани. Дополнительное образование: Дополнительное образование детей и взрослых. | V19: Паспорт доступности объекта социальной инфрастуктуры (ОСИ) № 01-2016 | W19: В течение 2025 года проверки не проводились | X19: Договор от 01.01.2020 «О взаимодействии муниципального автономного общеобразовательного учреждения Белоярского района «Средняя общеобразовательная школа им. И.Ф. Пермякова с. Полноват» с бюджетным учреждением Ханты-Мансийского автономного округа – Югры «Белоярская районная больница» | Y19: Лицензия от 30.03.2015 № 1996 на осуществление образовательной деятельности по реализации образовательных программ по видам образования, по уровням образования, по профессиям, специальностям, направлениям подготовки (для профессионального образования), по подвидам дополнительного образования. Общее образование: Дошкольное образование, Начальное общее образование, Основное общее образование, Среднее общее образовани. Дополнительное образование: Дополнительное образование детей и взрослых. | Z19: Паспорт доступности объекта социальной инфрастуктуры (ОСИ) № 01-2016 | AB19: 1 | AD19: https://soshpolnovat.gosuslugi.ru/glavnoe/svedeniya-ob-organizatsii-otdyha-detey-i-ih-ozdorovleniya/ob-organizatsii-otdyha-detey-i-ih-ozdorovleniya/dokumenty/
A20: 1 | B20: 13 | C20: Муниципальное автономное общеобразовательное учреждение Белоярского района "Средняя общеобразовательная школа № 4 г. Белоярский"(СОШ№4г.Белоярский) лагерь с дневным пребыванием детей «Четвёртый элемент» | D20: Некоммерческая организация, муниципальное автономное учреждение | E20: Киселева Татьяна Борисовна | F20: 8611012156 | G20: 628162, Тюменская область,Ханты-Мансийский автономный округ - Югра, город Белоярский, микрорайон 4, дом 15 | H20: 628162, Тюменская область,Ханты-Мансийский автономный округ - Югра, город Белоярский, микрорайон 4, дом 15, Е-mail: bel-4school@mail.ru | I20: https://shkola4beloyarskij.gosuslugi.ru/ | J20: Лагерь с дневным пребыванием детей в соответствии с приказом Министерства образования и науки Российской Федерации от 13.07.2017 № 656 «Об утверждении примерных положений об организациях отдыха и оздоровления детей». | K20: Сезонный | L20: Весенняя смена: с 28.03.2026 по 04.04.2026 1 летняя смена: с 01.06.2026 по 26.06.2026 2 летняя смена с 01.07.2026г. по 29.07.2026 Осенняя смена: с 24.10.2026 по 31.11.2026 | M20: Стоимость 1 дня: 1850 | N20: от 6 до 17 лет (включительно) | O20: Проживание детей в период проведения смен не предусмотрено. Обеспечивается: 2-х разовое питание | P20: Отсутствует | Q20: Здание общеобразовательного учреждения введено в эксплуатацию в 2020 году | R20: Санитарно–эпидемиологическое заключение выдано Федеральной службой по надзору в сфере защиты прав потребителей и благополучия человека территориального отдела Управления по ХМАО – Югре в Белоярском и Берёзовском районе заключение на здание, строение, сооружение, помещения, оборудование и иное имущество, используемое для осуществления деятельности детских лагерей на время каникул 04.03.2026 № 86.БЯ.01.000.М.000003.03.26 | S20: В течение 2025 года проверки не проводились. | T20: Санитарно–эпидемиологическое заключение выдано Федеральной службой по надзору в сфере защиты прав потребителей и благополучия человека территориального отдела Управления по ХМАО – Югре в Белоярском и Берёзовском районе заключение на здание, строение, сооружение, помещения, оборудование и иное имущество, используемое для осуществления деятельности детских лагерей на время каникул 04.03.2026 № 86.БЯ.01.000.М.000003.03.26 | U20: В течение 2025 года проверки не проводились. | V20: Санитарно–эпидемиологическое заключение выдано Федеральной службой по надзору в сфере защиты прав потребителей и благополучия человека территориального отдела Управления по ХМАО – Югре в Белоярском и Берёзовском районе заключение на здание, строение, сооружение, помещения, оборудование и иное имущество, используемое для осуществления деятельности детских лагерей на время каникул 04.03.2026 № 86.БЯ.01.000.М.000003.03.26 | W20: В течение 2025 года проверки не проводились. | X20: Договор о взаимодействии муниципального автономного общеобразовательного учреждения Белоярского района «Средняя общеобразовательная школа № 4 г. Белоярский» с бюджетным учреждением Ханты-Мансийского автономного округа - Югры «Белоярская районная больница» б/н от 31.08.2020 | Y20: Лицензия 31.08.2020 № 3437 на осуществление образовательной деятельности. Уровень образования: -начальное общее образование; -основное общее образование; -среднее общее образование; -дополнительное образование. Подвиды: дополнительное образование детей и взрослых. | Z20: Паспорт доступности объекта социальной инфраструктуры (ОСИ) №1 Муниципального автономного общеобразовательного учреждения Белоярского района «Средняя общеобразовательная школа № 4 г.Белоярский» (СОШ №4 г. Белоярский) от 10.03.2021г | AB20: 1 | AD20: https://shkola4beloyarskij-r86.gosweb.gosuslugi.ru/glavnoe/svedeniya-ob-organizatsii-otdyha-detey-i-ih-ozdorovleniya/ob-organizatsii-otdyha-detey-i-ih-ozdorovleniya/dokumenty/
A21: 1 | B21: 14 | C21: Муниципальное автономное учреждение дополнительного образования в области культуры Белоярского района «Детская школа искусств г.Белоярский», художественно-эстетический лагерь с дневным пребыванием детей | D21: Некоммерческая организация, муниципальное автономное учреждение | E21: Минакова Елена Владимировна | F21: 8611005938 | G21: 628162, Ханты-Мансийский автономный округ-Югра, Тюменская область, г. Белоярский, ул. Набережная д.17 | H21: 628162, Ханты-Мансийский автономный округ-Югра, Тюменская область, г. Белоярский, ул. Набережная д.17 | I21: https://beloyarskogo-r86.gosweb.gosuslugi.ru/ofitsialno/omsu/administratsiya/slave-organisation/dshi/ | J21: Лагерь с дневным пребыванием детей в соответствии с приказом Министерства образования и науки Российской Федерации от 13.07.2017 № 656 «Об утверждении примерных положений об организациях отдыха и оздоровления детей» | K21: Сезонный | L21: с 01.06.2026 по 26.06.2025\6 | M21: Стоимость 1 дня: 1240,76 | N21: от 6 до 17 лет (включительно) | O21: Проживание детей в период проведения смен не предусмотрено. Обеспечивается 2-х разовое питание | P21: Отсутствует | Q21: Здание школы введено в эксплуатацию в 1991 году | R21: Санитарно-эпидемиологическое заключение выдано территориальным отделом Управления Роспотребнадзора по Ханты – Мансийскому автономному округу – Югре в Белоярском районе и Березовск5м районе от 23.04.2026 года № 86.БЯ.01.000.М.000032.04.26 | S21: Акт выездной проверки Роспотребнадзора по ХМАО-Югре в Белоярском районе № 69 от 14.06.2023 г. В ходе проверки было выявлено несоответствие качества воды (питьевой фонтан) санитарно-эпидемиологическим требованиям. Нарушение устранено, должностное лицо привлечено к ответственности. | T21: Договор от 15 апреля 2021 г. № 2021/45 на оказание услуг по обеспечению медицинского обслуживания детей, находящихся в лагере с дневным пребыванием с БУ Ханты-Мансийского автономного округа-Югры «Белоярская районная больница» | U21: Лицензия от 28.12.2015 года № 0001708 на осуществление образовательной деятельности по дополнительным образовательным программам | V21: Паспорт доступности МАУДО «Детская школа искусств г.Белоярский», дата утверждения 21 декабря 2020 год | W21: В июне 2025 года Управлением Роспотребнадзора по ХМАО-Югре в Белоярском районе и Березовском районе проводился профилактический визит. Нарушения обязательных требований не выявлены. | X21: Договор от 04 апреля 2025 г. № 2025/108 на оказание услуг по обеспечению медицинского обслуживания детей, находящихся в лагере с дневным пребыванием с БУ Ханты-Мансийского автономного округа-Югры «Белоярская районная больница» | Y21: Лицензия от 28.12.2015 года № 0001708 на осуществление образовательной деятельности по дополнительным образовательным программам | Z21: Паспорт доступности МАУДО «Детская школа искусств г.Белоярский», дата утверждения 21 декабря 2020 год | AB21: 1 | AD21: https://beldshi.hmansy.muzkult.ru/_documents
A22: 1 | B22: 15 | C22: Муниципальное казенное учреждение Белоярского района "Молодежный центр "Спутник"- (МКУ "МЦ "Спутник"), лагерь труда и отдыха с дневным пребыванием «Трудовая молодежь» | D22: Некоммерческая организация, муниципальное бюджетное учреждение | E22: Новоселова Елена Викторовна | F22: 8611006138 | G22: 628162,Тюменская область,ХМАО-Югра ул.Молодости д. 2а | H22: 628162, Тюменская область, ХМАО-Югра, ул. Центральная, дом 3, тел: (34670) 37787, 21764, e-mail: sputnik628162@mail.ru (на основании соглашения о взаимодействии с МАУ "Дворец спорта" б/н от 04.02.2025 г.) | I22: _ | J22: Лагерь труда и отдыха с дневным пребыванием детей в соответствии с приказом Министерства образования и науки Российской Федерации от 13.07.2017 № 656 «Об утверждении примерных положений об организациях отдыха и оздоровления детей» | K22: Сезонный | L22: с 01.07.2026 по 29.07.2026 | M22: Стоимость 1 дня: 729,18 рублей | N22: Дети от 14 до 17 лет (включительно) | O22: Проживание детей в период проведения смен не предусмотрено. Обеспечивается 2-х разовое питание | P22: Отсутствует | Q22: Здание МАУ «Дворец спорта» – введено в эксплуатацию в 2003 году | R22: Санитарно-эпидемиологическое заключение выдано территориальным отделом Управления Роспотребнадзора по Ханты – Мансийскому автономному округу – Югре в Белоярском районе и Березовском районе от 21.04.2026 года № 86.БЯ.01.000.М.000027.04.26 | S22: В течение 2025 года проверки не проводились | T22: Санитарно-эпидемиологическое заключение выдано территориальным отделом Управления Роспотребнадзора по Ханты – Мансийскому автономному округу – Югре в Белоярском районе и Березовском районе от 25.04.2025 года № 86.БЯ.01.000.М.000027.04.25 | U22: В течение 2025 года проверки не проводились | V22: Санитарно-эпидемиологическое заключение выдано территориальным отделом Управления Роспотребнадзора по Ханты – Мансийскому автономному округу – Югре в Белоярском районе и Березовском районе от 25.04.2025 года № 86.БЯ.01.000.М.000027.04.25 | W22: В течение 2025 года проверки не проводились | X22: Договор на оказание услуг по обеспечению медицинского обслуживания детей, находящихся в лагере с дневным пребыванием, будет заключен с БУ «Белоярская районная больница» (лицензия на медицинские услуги № ЛО-86-01-003553 от 26.03.2020 г.) | Y22: _ | Z22: Паспорт доступности объекта социальной инфраструктуры (ОСИ) №1 Муниципального автономного учреждения физической культуры и спорта Белоярского района «Дворец спорта» (на основании соглашения о взаимодействии с МАУ "Дворец спорта" б/н от 04.02.2025) | AA22: 1 | AD22: https://mmc-sputnik.hmansy.muzkult.ru/CLaR_Documents
A23: 1 | B23: 16 | C23: Палаточный военно-патриотический лагерь "Кадеты" с круглосуточным пребыванием детей муниципального автономного общеобразовательного учреждения Белоярского района «Средняя общеобразовательная школа № 1 г.Белоярский» | D23: Некоммерческкая организация, муниципальное автономное учреждение | E23: Пакулев Евгений Анатольевич | F23: 8611005720 | G23: 628162, Тюменская область, ХМАО –Югра, г.Белоярский, ул.Школьная,д.6; тел.8-34670-21392; E-mail: belsh-1@yandex.ru | H23: Территория Государственного биологического заказника «Сорумский», N63°54.757' Е068°24.223' | I23: https://belsosh1.gosuslugi.ru | J23: Палаточный лагерь с круглосуточным пребыванием детей в соответствии с приказом Министерства образования и науки Российской Федерации от 13.07.2017 № 656 «Об утверждении примерных положений об организациях отдыха и оздоровления детей» | K23: Сезонный | L23: с 17.06 2026 по 23.06.2026 | M23: 5650,0 рублей | N23: от 10 до 17 лет (включительно) | O23: Естественные природные условия . Палатки для проживания ( 5 штук ), столовая (1 штука), палатка для мытья посуды ( 1 штука), палатка для сушки одежды и обуви ( 1 штука), палатка для личной гигиены в санитарно бытовой зоне ( 1 штука), палатка -медицинский пункт (1 штука), палатка - баня (1 штука) Обеспечивается 5 разовое питание | P23: Отсутствует | Q23: _ | R23: Санитарно-эпидемиологическое заключение выдано территориальным отделом Управления Роспотребнадзора по Ханты – Мансийскому автономному округу – Югре в Белоярском районе и Березовском районе от 24.04.2026 года № 86.БЯ.01.000.М.000038.04.26 | S23: В течение 2023 года проводилась проверка Управлением Роспотребнадзора по ХМАО-Югре в Белоярском районе и Березовском районе От 20.06.2023 года №86230041000106584262. Нарушения не выявлены. | T23: Договор с бюджетным учреждением ХМАО – Югры «Белоярская районная больница» на оказание услуг по обеспечению медицинского обслуживания детей, находящихся в лагере с круглосуточным пребыванием детей от 11.04.2023 г. № 2023/1220 | U23: Лицензия № 3065 от 27.03.2018г. на осуществление образовательной деятельности. Уровень образования: -начальное общее образование; -основное общее образование; -среднее общее образование; -дополнительное образование. Подвиды: дополнительное образование детей и взрослых. | V23: _ | W23: В течение 2025 года проверки не проводились | X23: Договор с бюджетным учреждением ХМАО – Югры «Белоярская районная больница» на оказание услуг по обеспечению медицинского обслуживания детей, находящихся в лагере с круглосуточным пребыванием детей от 02.04.2025 г. № 2025/110 | Y23: Лицензия № 3065 от 27.03.2018г. на осуществление образовательной деятельности. Уровень образования: -начальное общее образование; -основное общее образование; -среднее общее образование; -дополнительное образование. Подвиды: дополнительное образование детей и взрослых. | Z23: _ | AA23: 1 | AD23: https://shkola1beloyarskij-r86.gosweb.gosuslugi.ru/glavnoe/organizatsiya-otdyha/voenno-patrioticheskiy-lager-s-kruglosutochnym-prebyvaniem/ob-organizatsii-otdyha-detey-i-ih-ozdorovlenii/dokumenty/
A24: 1 | B24: 17 | C24: Муниципальное автономного общеобразовательного учреждения Белоярского района «Средней общеобразовательной школы №2 г. Белоярский», палаточный стационарный лагерь с круглосуточным пребыванием детей «Кадеты МЧС» | D24: Некоммерческкая организация, муниципальное автономное учреждение | E24: Исаченко Наталья Валентиновна | F24: 8611005705 | G24: 628162, Тюменская область, Ханты-Мансийский автономный округ – Югра, город Белоярский, микрорайон 3, дом 34. | H24: Территория Государственного биологического заказника «Сорумский», N63°54.757' Е068°24.223' | I24: https://sosh2bel.gosuslugi.ru/ | J24: Палаточный лагерь с круглосуточным пребыванием детей в соответствии с приказом Министерства образования и науки Российской Федерации от 13.07.2017 № 656 «Об утверждении примерных положений об организациях отдыха и оздоровления детей» | K24: Сезонный | L24: с 08.06.26 по 14.06.26 | M24: 5650,0 рублей | N24: от 10 до 17 лет (включительно) | O24: Предусмотренно проживание детей в период проведения смен в палатках. Обеспечивается 5 разовое питание. Отведены места для приема пищи, палатка личной гигиены, палатка для сушки вещей, оборудованы игровые | P24: Отсутствует | Q24: _ | R24: Санитарно-эпидемиологическое заключение выдано территориальным отделом Управления Роспотребнадзора по Ханты – Мансийскому автономному округу – Югре в Белоярском районе и Березовском районе от 23.04.2026 года № 86.БЯ.01.000.М.000033.04.26 | S24: В течение 2023 года проверки не проводились | T24: Договор с бюджетным учреждением ХМАО – Югры «Белоярская районная больница» на оказание услуг по обеспечению медицинского обслуживания детей, находящихся в лагере с круглосуточным пребыванием детей от 11.04.2023 г. № 2023/121. | U24: Лицензия от 27 марта 2018 года № 3066 на осуществление образовательной деятельности по общему (начальному, основному, среднему) образованию, дополнительному образованию детей и взрослых | V24: _ | W24: Акт обязательного профилактического визита от 07.07.2025 г. Замечаний нет. | X24: Договор с бюджетным учреждением ХМАО – Югры «Белоярская районная больница» на оказание услуг по обеспечению медицинского обслуживания детей, находящихся в лагере с круглосуточным пребыванием детей от 27 апреля 2024 года № 2024/105 | Y24: Лицензия от 27 марта 2018 года № 3066 на осуществление образовательной деятельности по общему (начальному, основному, среднему) образованию, дополнительному образованию детей и взрослых | Z24: _ | AA24: 1 | AD24: https://shkola2beloyarskij-r86.gosweb.gosuslugi.ru/glavnoe/ob-organizatsii-otdyha-detey-i-ih-ozdorovlenii/palatochnyy-lager-s-kruglosutochnym-prebyvaniem-detey/ob-organizatsii-otdyha-detey-i-ih-ozdorovlenii/dokumenty/
B25: 18 | C25: Муниципальное автономное общеобразовательное учреждение Белоярского района (СОШ п. Сорум), палаточный военно-патриотический лагерь «Гвардеец» с круглосуточным пребыванием детей на базе муниципального автономного общеобразовательного учреждения Белоярского района «Средняя общеобразовательная школа п. Сорум» | D25: Некоммерческкая организация, муниципальное автономное учреждение | E25: Степанова Мария Афанасьевна | F25: 8611005737 | G25: 628169, ул. Газовиков д,2, п. Сорум, Белоярский район, Тюменская область, тел./факс (34670) 51860, E-mail: sorum_school@mail.ru сайт: http://www.sorumschool.ru/ | H25: Территория Государственного биологического заказника «Сорумский», N63°54.757' Е068°24.223' | I25: https://sorumsosh.gosuslugi.ru/ | J25: Палаточный лагерь с круглосуточным пребыванием детей в соответствии с приказом Министерства образования и науки Российской Федерации от 13.07.2017 № 656 «Об утверждении примерных положений об организациях отдыха и оздоровления детей» | K25: Сезонный | L25: с 26.06.2026 по 02.07.2026г. | M25: 5650,0 рублей | N25: от 10 до 17 лет (включительно) | O25: Лагерь круглосуточного пребывания. Предусмотрено проживание детей в палатках с окнами-клапанами и вентиляционными отдушинами. Обеспечивается 5-ти разовое питание | P25: Отсутствует | Q25: _ | R25: Санитарно-эпидемиологическое заключение выдано территориальным отделом Управления Роспотребнадзора по Ханты – Мансийскому автономному округу – Югре в Белоярском районе и Березовском районе от 23.04.2026 года № 86.БЯ.01.000.М.000035.04.26 | S25: Акт профилактического визита Роспотребнадзора по ХМАО –Югре в Белоярском районе от 27.06.2023 г. Замечаний нет. | T25: Договор 2023/122 от 11.04.2023г. «На оказание услуг по обеспечению медицинского обслуживания детей, находящихся в лагере с круглосуточным пребыванием детей» | U25: Лицензия от 12.03.2015г. № 1950 на осуществление образовательной деятельности, выданная Службой по контролю и надзору в сфере образования Ханты-Мансийского автономного округа – Югры. Общее образование. Уровень образования: дошкольное образование; начальное общее образование; основное общее образование; среднее общее образование. Дополнительное образование: дополнительное образование детей и взрослых. | V25: _ | W25: Акт профилактического визита Роспотребнадзора по ХМАО –Югре в Белоярском районе от 04.07.2025 г. Замечаний нет. | X25: Договор 2025/107 от 04.04.2025г. «На оказание услуг по обеспечению медицинского обслуживания детей, находящихся в лагере с круглосуточным пребыванием детей» | Y25: Лицензия от 12.03.2015г. № 1950 на осуществление образовательной деятельности, выданная Службой по контролю и надзору в сфере образования Ханты-Мансийского автономного округа – Югры. Общее образование. Уровень образования: дошкольное образование; начальное общее образование; основное общее образование; среднее общее образование. Дополнительное образование: дополнительное образование детей и взрослых. | Z25: _ | AA25: 1 | AD25: https://sorumsosh.gosuslugi.ru/glavnoe/svedeniya-ob-organizatsii-otdyha-detey-i-ih-ozdorovleniya/voenno-patrioticheskiy-lager-s-kruglosutochnym-prebyvaniem/ob-organizatsii-otdyha-detey-i-ih-ozdorovleniya/dokumenty/
A26: 1 | B26: 19 | C26: Муниципальное бюджетное учреждение дополнительного образования Белоярского района «Спортивная школа г. Белоярский», спортивно-оздоровительный лагерь с дневным пребыванием детей | D26: Некоммерческкая организация, бюджетное учреждение | E26: Вельможин Александр Сергеевич | F26: 8611005751 | G26: 628162,Тюменская область,ХМАО-Югра 3 мкр., д. 37 | H26: 628162, Тюменская область, ХМАО-Югра, г. Белоярский, ул. Центральная, дом 3 тел/факс (34670) 2-5611 rom906@yandex.ru | I26: https://sport-sh-beloyarskij-r86.gosweb.gosuslugi.ru/ | J26: Лагерь с дневным пребыванием детей в соответствии с приказом Министерства образования и науки Российской Федерации от 13.07.2017 № 656 «Об утверждении примерных положений об организациях отдыха и оздоровления детей» | K26: Сезонный | L26: с 01.06.2025\6 по 26.06.2026 | M26: Стоимость 1 дня: 540 руб. | N26: Дети от 6 до 17 лет (включительно) | O26: Проживание детей в период проведения смен не предусмотрено. Обеспечивается 2-х разовое питание | P26: Отсутствует | Q26: Здание МАУ «Дворец спорта» – введено в эксплуатацию в 2003 году | R26: Санитарно-эпидемиологическое заключение выдано территориальным отделом Управления Роспотребнадзора по Ханты – Мансийскому автономному округу – Югре в Белоярском районе и Березовском районе от 21.04.2026 года № 86.БЯ.01.000.М.000029.04.26 | S26: В течение 2023 года проверки не проводились | T26: Договор на оказание услуг с бюджетным учреждением Ханты-Мансийского автономного округа – Югры «Белоярская районная больница» от «19» декабря 2023 года № 2024/26-244 | U26: Лицензия от 19.06.2017 №Л035-01304-86/00176316 выдана Департаментом образования и науки ХМАО-Югры, на осуществление образовательной деятельности, дополнительное образование детей и взрослых | V26: Паспорт доступности объекта социальной инфраструктуры (ОСИ) №1 Муниципального автономного учреждения физической культуры и спорта Белоярского района «Дворец спорта» | W26: В течение 2025 года проверки не проводились | X26: Договор на оказание услуг с бюджетным учреждением Ханты-Мансийского автономного округа – Югры «Белоярская районная больница» от «17» декабря 2025 года № 2026/10/45 | Y26: Лицензия от 19.06.2017 №Л035-01304-86/00176316 выдана Департаментом образования и науки ХМАО-Югры, на осуществление образовательной деятельности, дополнительное образование детей и взрослых | Z26: Паспорт доступности объекта социальной инфраструктуры (ОСИ) №1 Муниципального автономного учреждения физической культуры и спорта Белоярского района «Дворец спорта» | AB26: 1 | AD26: https://sport-sh-beloyarskij-r86.gosweb.gosuslugi.ru/letniy-otdyh/ob-organizatsii-otdyha-detey-i-ih-ozdorovleniya/dokumenty/
B27: 20 | C27: Местная религиозная организация православный Приход храма преподобного Серафима Саровского г. Белоярский Ханты-Мансийского автономного округа-Югры Тюменской области Югорской Епархии Русской Православной Церкви (Московский Патриархат), палаточный военно-патриотический лагерь с круглосуточным пребыванием детей "Сильные духом, память поколений" | D27: Некоммерческая организация Религиозная организация | E27: Атаманенко Вячеслав Владимирович | F27: 8611004081 | G27: 628162 ХМАО-Югра г. Белоярский ул.Барсукова,5 | H27: Территория Государственного биологического заказника «Сорумский», N63°54.757' Е068°24.223' | I27: https://beloyar.cerkov.ru/ | J27: Палаточный лагерь с круглосуточным пребыванием детей в соответствии с приказом Министерства образования и науки Российской Федерации от 13.07.2017 № 656 «Об утверждении примерных положений об организациях отдыха и оздоровления детей» | K27: Сезонный | L27: с 17.06 2026 по 23.06.2026 | M27: 5650,0 рублей | N27: от 10 до 17 лет (включительно) | O27: Лагерь круглосуточного пребывания. Предусмотрено проживание детей в палатках с окнами-клапанами и вентиляционными отдушинами. Обеспечивается 5-ти разовое питание | P27: Отсутствует | Q27: _ | R27: Санитарно-эпидемиологическое заключение выдано территориальным отделом Управления Роспотребнадзора по Ханты – Мансийскому автономному округу – Югре в Белоярском районе и Березовском районе от 24.04.2026 года № 86.БЯ.01.000.М.000039.04.26 | S27: В 2024 году лагерь не осуществлял деятельность | T27: Договор от 04.04.2025 № 2025/110 на оказание услуг по обеспечению медицинского обслуживания детей, находящихся в лагере с круглосуточным пребыванием | U27: _ | V27: _ | W27: В 2025 году проверки не проводились | X27: Договор от 04.04.2025 № 2025/110 на оказание услуг по обеспечению медицинского обслуживания детей, находящихся в лагере с круглосуточным пребыванием | Y27: _ | Z27: _ | AD27: https://beloyar.cerkov.ru/dokumenty/
A28: =SUM(A29:A48) -> 13 | B28: Березовский район
A29: 1 | B29: 1 | C29: Лагерь с дневным пребыванием детей «Страна Югория», муниципальное автономное учреждение дополнительного образования «Центр Поиск» (МАУ ДО «Центр Поиск») | D29: муницпальная, автономное учреждение | E29: Рокин Василий Павлович | F29: 8613006535 | G29: 628148, Россия, ХМАО-Югры, Березовский район, с. Саранпауль, ул. Школьная, 8 | H29: 628148, Россия, ХМАО-Югры, Березовский район, с. Саранпауль, ул. Школьная, 8 8(34674)4-53-86 DUSPOISK@yandex.ru | I29: https://poisk-86.gosuslugi.ru/svedeniya-ob-organizatsii-otdyha-detey-i-ih-ozdorovlenii/ | J29: лагерь с дневным пребыванием детей в соответствии с приказом Министерства образования и науки Российской Федерации от 13.07.2017 № 656 «Об утверждении примерных положений об организациях отдыха и оздоровления детей» | K29: сезонный | L29: 1) с 30.03.2026 по 07.04.2026 2) с 01.06.2026 по 30.06.2026, 3) с 26.10.2026 по 02.11.2026 | M29: Оплата не предусмотрена (нориматив при 2-х разовом питании 373 рубля) | N29: В лагерь принимаются дети от 6 до 17 лет (включительно) | O29: Проживание детей в период проведения смен не предусмотрено. Обеспечивается 2 -х разовое питание | P29: отсутствует | Q29: Здание МАУ ДО "Центр "Поиск" введено в эксплуатацию в 1972 году | R29: Санитарно-эпидемиологическое заключение выдано территориальным отделом Управления Рспотребнадзора по Ханты-Мансийскому автономному округу-Югре в Белоярском районе и Березовском районе от 14.04.2026 №86.БЯ.01.000.М.000019.04.26 | S29: не проводилась | T29: Лицензия отсутствует. Договор № б/н от 18.03.2025 о взаимодействии МАУ ДО "Центр "Поиск" и БУ "Березовская районная больница" от 12.02.2025 г. Лицензия на осуществление медицинской деятельности БУ ХМАО-Югры "Березовская районная больница" № ЛО -86-01-003719 от 17.12.2020 | U29: Лицензия № 3235 от 21.01.2019 серия 86ЛО1 № 0002517 на осуществление образовательной деятельности | V29: Условия для приема детей данной категории не предусмотрены. Паспорт доступности утвержден директорм МАУ ДО "Центр Поиск" 05.06.2024 | W29: не проводилась | X29: Лицензия отсутствует. Договор № б/н от 18.03.2025 о взаимодействии МАУ ДО "Центр "Поиск" и БУ "Березовская районная больница" от 12.02.2025 г. Лицензия на осуществление медицинской деятельности БУ ХМАО-Югры "Березовская районная больница" № ЛО -86-01-003719 от 17.12.2020 | Y29: Лицензия № 3235 от 21.01.2019 серия 86ЛО1 № 0002517 на осуществление образовательной деятельности | Z29: Условия для приема детей данной категории не предусмотрены. Паспорт доступности утвержден директорм МАУ ДО "Центр Поиск" 05.06.2024 | AA29: Сайт прекращает работу с 19.04.2026. Новый сайт находится в стадии подготовки документов для разрешения осуществления деятельности сайта. Программа воспитательной работы https://poisk-86.moy.su/programma_vospitatelnoj_raboty_v_lagere.pdf Календарный план воспитательной работы "Страна Югория" https://poisk-86.moy.su/plan.pdf | AB29: 1 | AD29: https://poisk-86.gosuslugi.ru/svedeniya-ob-organizatsii-otdyha-detey-i-ih-ozdorovlenii/ob-organizatsii-otdyha-detey-i-ih-ozdorovleniya/dokumenty/?cur_cc=96&curPos=10
A30: 1 | B30: 2 | C30: Лагерь труда и отдыха с дневным пребыванием детей "КРУТО", муниципальное автономное учреждение дополнительного образования «Центр Поиск» (МАУ ДО «Центр Поиск») | D30: муницпальная, автономное учреждение | E30: Рокин Василий Павлович | F30: 8613006535 | G30: 628148, Россия, ХМАО-Югры, Березовский район, с. Саранпауль, ул. Школьная, 8 | H30: 628148, Россия, ХМАО-Югры, Березовский район, с. Саранпауль, ул. Школьная, 8 8(34674)4-53-86 DUSPOISK@yandex.ru | I30: https://poisk-86.gosuslugi.ru/svedeniya-ob-organizatsii-lagerya-truda-i-otdyha/ | J30: лагерь труда и отдыха с дневным пребыванием детей в соответствии с приказом Министерства образования и науки Российской Федерации от 13.07.2017 № 656 «Об утверждении примерных положений об организациях отдыха и оздоровления детей» | K30: сезонный | L30: с 01.06.2026 по 30.06.2026 | M30: Оплата не предусмотрена (нориматив при 2-х разовом питании 373 рубля) | N30: В лагерь принимаются дети от 14 до 17 лет (включительно) | O30: Проживание детей в период проведения смен не предусмотрено. Обеспечивается 2 -х разовое питание | P30: отсутствует | Q30: Здание МАУ ДО "Центр"Поиск" введено в эксплуатацию в 1972 году | R30: Санитарно-эпидемиологическое заключение выдано территориальным отделом Управления Рспотребнадзора по Ханты-Мансийскому автономному округу-Югре в Белоярском районе и Березовском районе от 14.04.2026 №86.БЯ.01.000.М.000020.04.26 | S30: не проводилась | T30: Лицензия отсутствует. Договор № б/н от 18.03.2025 о взаимодействии МАУ ДО "Центр "Поиск" и БУ "Березовская районная больница" от 12.02.2025 г. Лицензия на осуществление медицинской деятельности БУ ХМАО-Югры "Березовская районная больница" № ЛО -86-01-003719 от 17.12.2020 | U30: Лицензия № 3235 от 21.01.2019 серия 86ЛО1 № 0002517 на осуществление образовательной деятельности | V30: Условия для приема детей данной категории не предусмотрены. Паспорт доступности утвержден директорм МАУ ДО "Центр Поиск" 05.06.2024 | W30: не проводилась | X30: Лицензия отсутствует. Договор № б/н от 18.03.2025 о взаимодействии МАУ ДО "Центр "Поиск" и БУ "Березовская районная больница" от 12.02.2025 г. Лицензия на осуществление медицинской деятельности БУ ХМАО-Югры "Березовская районная больница" № ЛО -86-01-003719 от 17.12.2020 | Y30: Лицензия № 3235 от 21.01.2019 серия 86ЛО1 № 0002517 на осуществление образовательной деятельности | Z30: Условия для приема детей данной категории не предусмотрены. Паспорт доступности утвержден директорм МАУ ДО "Центр Поиск" 05.06.2024 | AA30: Сайт прекращает работу с 19.04.2026. Новый сайт находится в стадии подготовки документов для разрешения осуществления деятельности сайта. Программа воспитательной работы https://poisk-86.moy.su/programma_vospitatelnoj_raboty_v_lagere.pdf Календарный план воспитательной работы "Круто" https://poisk-86.moy.su/plan_meroprijatij.pdf | AD30: https://poisk-86.gosuslugi.ru/svedeniya-ob-organizatsii-lagerya-truda-i-otdyha/deyatelnost/
A31: 1 | B31: 3 | C31: Лагерь с дневным пребыванием детей «Дружба», муниципальное автономное общеобразовательное учреждение «Сосьвинская средняя общеобразовательная школа» (МАОУ «Сосьвинская СОШ») | D31: муниципальная, автономное учреждение | E31: Слепцова Наталья Александровна | F31: 8613004256 | G31: 628145, Россия, ХМАО-Югра, Березовский район,п. Сосьва, ул. Школьная 5 | H31: 628145, Россия, ХМАО-Югра, Березовский район,п. Сосьва, ул. Школьная 5 8(34674)43292 86-sch-sosva@mail.ru | I31: https://shkolasosvinskaya-r86.gosweb.gosuslugi.ru/glavnoe/organizatsiya-letnego-otdyha/ | J31: лагерь с дневным пребыванием детей в соответствии с приказом Министерства образования и науки Российской Федерации от 13.07.2017 № 656 «Об утверждении примерных положений об организациях отдыха и оздоровления детей» | K31: сезонный | L31: с 01.06.2026 по 25.06.2026 | M31: Оплата не предусмотрена (нориматив при 2-х разовом питании 373 рубля) | N31: В лагерь принимаются дети от 6 до 17 лет (включительно) | O31: Проживание детей в период проведения смен не предусмотрено. Обеспечивается 2 -х разовое питание | P31: отсутствует | Q31: Здание МАОУ "Сосьвинская СОШ" введено в эксплуатацию в 2019 году | R31: Санитарно-эпидемиологическое заключение выдано территориальным отделом Управления Рспотребнадзора по Ханты-Мансийскому автономному округу-Югре в Белоярском районе и Березовском районе от 14.04.2026 № 86.БЯ.01.000.М.000017.04.26 | S31: не проводилась | T31: Лицензия отсутствует. Заключено Соглашение с БУ ХМАО-Югры "Березовская районная больница" от 27.12.2020 | U31: Лицензия № 3247 от 01.02.2019. Право на оказание образовательных услуг по реализации образовательных программ по основным образовательным програмам начального общего образования, основного общего образования, среднего общего образования. Дополнительное образованиедетей и взрослых. | V31: Доступность услуг организована. Имеется медицинский блок с оборудованными кабинетами и системами хранения. Обеспечены условия для хранения лекарственных препаратов, спцециализированных продуктов лечебного питания.Паспорт доступности утвержден директором МБОУ "Сосьвинская СОШ" 18.02.2019 | W31: не проводилась | X31: Лицензия отсутствует. Заключено Соглашение с БУ ХМАО-Югры "Березовская районная больница" от 27.12.2020 | Y31: Лицензия № 3247 от 01.02.2019. Право на оказание образовательных услуг по реализации образовательных программ по основным образовательным програмам начального общего образования, основного общего образования, среднего общего образования. Дополнительное образованиедетей и взрослых. | Z31: Доступность услуг организована. Имеется медицинский блок с оборудованными кабинетами и системами хранения. Обеспечены условия для хранения лекарственных препаратов, спцециализированных продуктов лечебного питания.Паспорт доступности утвержден директором МБОУ "Сосьвинская СОШ" 18.02.2019 | AA31: https://shkolasosvinskaya-r86.gosweb.gosuslugi.ru/glavnoe/organizatsiya-letnego-otdyha/dokumenty_565.html | AB31: 1 | AD31: https://shkolasosvinskaya-r86.gosweb.gosuslugi.ru/glavnoe/organizatsiya-letnego-otdyha/dokumenty_565.html
A32: 1 | B32: 4 | C32: Лагерь с дневным пребыванием детей «Здрайверы», муниципальное автономное учреждение дополнительного образования «Спортивная школа «Виктория» (МАУ ДО «СШ «Виктория») | D32: муниципальная, автономное учреждение | E32: Германов Вадим Викторович | F32: 8613007000 | G32: 628140, Россия, ХМАО-Югра, Березовский район, пгт.Березово, ул.Авиаторов д.25 | H32: 628140, Россия, ХМАО-Югра, Березовский район, пгт.Березово, ул.Авиаторов д.25, тел. 8 (34674) 2-12-29, 2-13-58 ck-viktoriy@yandex.ru | I32: https://сш-виктория-березово.рф/item/2440841 | J32: Лагерь с дневным пребыванием детей в соответствии с приказом Министерства образования и науки Российской Федерации от 13.07.2017 № 656 «Об утверждении примерных положений об организациях отдыха и оздоровления детей» | K32: Сезонный | L32: с 01.06. 2026 по 26.06.2026 | M32: Оплата не предусмотрена (нориматив при 2-х разовом питании 373 рубля) | N32: В лагерь принимаются дети от 6 до 17 лет (включительно) | O32: Проживание детей в период проведения смен не предусмотрено. Обеспечивается 2 -х разовое питание | P32: купание не предусмотрено | Q32: Здание МАУ ДО «СШ «Виктория» введено в эксплуатацию в 2008 году | R32: Санитарно-эпидемиологическое заключение выдано территориальным отделом Управления Рспотребнадзора по Ханты-Мансийскому автономному округу-Югре в Белоярском районе и Березовском районе от 17.04.2026 № 86.БЯ.01.000.М.000026.04.26 | S32: не проводилась | T32: Лицензия № ЛО-86-01-003519 от 12.02.2020г. | U32: Лицензия на осуществление образовательной деятельности № ЛО35-01304-86/00667265, от 31.07.2023 года | V32: В МАУ ДО «СШ «Виктория» созданы следующие условия для детей-инвалидов и детей с ограниченными возможностями здоровья: -условия для хранения лекарственных препаратов; - имеются пандусы для свободного перемещения; - оборудованы туалетные комнаты.Паспорт доступности объекта социальной инфраструктуры (ОСИ) №1от 20.06.2018 | W32: не проводилась | X32: Лицензия № ЛО-86-01-003519 от 12.02.2020г. | Y32: Лицензия на осуществление образовательной деятельности № ЛО35-01304-86/00667265, от 31.07.2023 года | Z32: В МАУ ДО «СШ «Виктория» созданы следующие условия для детей-инвалидов и детей с ограниченными возможностями здоровья: -условия для хранения лекарственных препаратов; - имеются пандусы для свободного перемещения; - оборудованы туалетные комнаты.Паспорт доступности объекта социальной инфраструктуры (ОСИ) №1от 20.06.2018 | AA32: https://сш-виктория-березово.рф/item/2440870 | AB32: 1 | AD32: https://сш-виктория-березово.рф/item/2440870
A33: 1 | B33: 5 | C33: Летняя оздоровительная смена с дневным пребыванием детей, Бюджетное учреждение Ханты-Мансийского автономного округа – Югры «Березовский районный комплексный центр социального обслуживания населения» (БУ «Березовский районный комплексный центр социального обслуживания населения») | D33: Государственное учреждение | E33: Горбунова Елена Сергеевна | F33: 8613004979 | G33: 628140, Россия, ХМАО – Югра, Березовский район, п.г.т. Березово, ул. Таежная – 9. | H33: 626146, Россия, ХМАО – Югра, Березовский район, п.г.т. Игрим, ул. Строителей – 8, 8(34674) 2-67-71 (доб. 210) berkcson@admhmao.ru | I33: http://бркцсон.рф/letniy-otdykh-nesovershennoletnikh-2021-g.html | J33: Летняя оздоровительная смена с дневным пребыванием детей, соответствует требованиям, предъявляемых к лагерю с дневным пребыванием детей в соответствии сприказом Министерства образования и науки Российской Федерации от 13.07.2017 № 656 «Об утверждении примерных положений об организациях отдыха и оздоровления детей» | K33: Сезонный | L33: 1) с 01.06.2026 по 21.06.2026 2) с 01.07.2026 по 21.07.2026 3) с 03.08.2026 по 23.08.2026 | M33: Оплата не предусмотрена | N33: От 6 до 17 лет включительно | O33: Проживание детей в период проведения смен не предусмотрено. Обеспечивается 2 -х разовое питание | P33: отсутствует | Q33: Здание комплекса введено в эксплуатацию с 2016 года | R33: Санитарно-эпидемиологическое заключение выдано территориальным отделом Управления Рспотребнадзора по Ханты-Мансийскому автономному округу-Югре в Белоярском районе и Березовском районе от 10.04.2026 № 86.БЯ.01.000.М.000015.04.26 | S33: не проводилась | T33: Лицензия от 26.04.2018 № ЛО-86-01-003013 на осуществление медицинской деятельности. Договор о взаимодействии бюджетного учреждения ХМАО - Югры «Березовский районный комплексный центр социального обслуживания населения» с бюджетным учреждением ХМАО – Югры «Игримская районная больница» от 15.11.19 года №30; | U33: отсутствует | V33: Условия летней оздоровительной смены рассчитаны для обслуживания детей-нивалидов и детей с ограниченными возможностями здоровья. Имеется необходимое оборудование для хранения лекарственных препаратов и специализированных продуктов лечебного питания. Паспорт доступности объекта социальной инфраструктуры (ОСИ) № 7 Бюджетное учреждение Ханты – Масийского автономного округа – Югры «Березовский районный комплексный центр социального обслуживания населения» от 02.03.2020г | W33: не проводилась | X33: Лицензия от 26.04.2018 № ЛО-86-01-003013 на осуществление медицинской деятельности. Договор о взаимодействии бюджетного учреждения ХМАО - Югры «Березовский районный комплексный центр социального обслуживания населения» с бюджетным учреждением ХМАО – Югры «Игримская районная больница» от 15.11.19 года №30; | Y33: отсутствует | Z33: Условия летней оздоровительной смены рассчитаны для обслуживания детей-нивалидов и детей с ограниченными возможностями здоровья. Имеется необходимое оборудование для хранения лекарственных препаратов и специализированных продуктов лечебного питания. Паспорт доступности объекта социальной инфраструктуры (ОСИ) № 7 Бюджетное учреждение Ханты – Масийского автономного округа – Югры «Березовский районный комплексный центр социального обслуживания населения» от 02.03.2020г | AA33: http://бркцсон.рф/programmy-letnego-otdykha-v-2026-godu.html | AB33: 1 | AD33: http://бркцсон.рф/programmy-letnego-otdykha-v-2026-godu.html
A34: 1 | B34: 6 | C34: Лагерь с дневным пребыванием детей "Цветик-семицветик", муниципальное бюджетное общеобразовательное учреждение «Березовская средняя общеобразовательная школа» (МБОУ Березовская СОШ), структурное подразделение «Березовская начальная общеобразовательная школа» («Березовская НОШ») | D34: муниципалная, бюджетное учреждение | E34: Обухович Людмила Леонидовна | F34: 8613004200 | G34: 628140, Россия, ХМАО-Югра, Березовский район, пгт.Березово, ул Собянина, 50 | H34: 628140, Россия, ХМАО-Югра, Березовский район, пгт.Березово, ул Ленина , д.20 8(34674)2-16-82; 2-22-62 86nsch-berezovo@mail.ru | I34: https://sch-berezovo.gosuslugi.ru/glavnoe/svedeniya-ob-organizatsii-otdyha-detey-i-ih-ozdorovlenii/ob-organizatsii-otdyha-detey-i-ih-ozdorovleniya/ | J34: лагерь с дневным пребыванием детей в соответствии с приказом Министерства образования и науки Российской Федерации от 13.07.2017 № 656 «Об утверждении примерных положений об организациях отдыха и оздоровления детей» | K34: сезонный | L34: с 01.06.2026 по 26.06.2026 | M34: Оплата не предусмотрена (нориматив при 2-х разовом питании 373 рубля) | N34: В лагерь принимаются дети от 6 до 11 лет (включительно) | O34: Проживание детей в период проведения смен не предусмотрено. Обеспечивается 2 -х разовое питание | P34: отсутствует | Q34: Здание введено в эксплуатацию в 1900 году; столовая - в 1999 году; спортзал - в 2001 | R34: Санитарно-эпидемиологическое заключение выдано территориальным отделом Управления Рспотребнадзора по Ханты-Мансийскому автономному округу-Югре в Белоярском районе и Березовском районе от 17.03.2026 № 86.БЯ.01.000.М.000014.03.26 | S34: не проводилось | T34: Лицензия на осуществление медицинской деятельности отсутствует. Работа по договору с БУ ХМАО-Югры "Березовская районная больница", лицензия № ЛО -86-01-003719 от 17.12.2020 | U34: Лицензия № 3171 от 31.08.2018 на осуществление образовательной деятельности | V34: Доступнсть услуг частично организована. Условия для хранения лекарственных препаратов - организовано. Условия хранения специализированных продуктов лечебного питания - отсутствуют. Паспорт доступности утвержден приказом директора МАОУ "Березовская НОШ" № 24-о от 29.01.2019 года | W34: не проводилось | X34: Лицензия на осуществление медицинской деятельности отсутствует. Работа по договору с БУ ХМАО-Югры "Березовская районная больница", лицензия № ЛО -86-01-003719 от 17.12.2020 | Y34: Лицензия № 3171 от 31.08.2018 на осуществление образовательной деятельности | Z34: Доступнсть услуг частично организована. Условия для хранения лекарственных препаратов - организовано. Условия хранения специализированных продуктов лечебного питания - отсутствуют. Паспорт доступности утвержден приказом директора МАОУ "Березовская НОШ" № 24-о от 29.01.2019 года | AA34: https://sch-berezovo.gosuslugi.ru/netcat_files/30/69/Programma_letney_smeny.pdf | AB34: 1 | AD34: https://sch-berezovo.gosuslugi.ru/netcat_files/30/69/Programma_letney_smeny.pdf
A35: 1 | B35: 7 | C35: Лагерь с дневным пребыванием детей "Поколение лидеров", муниципальное бюджетное общеобразовательное учреждение «Березовская средняя общеобразовательная школа» (МБОУ Березовская СОШ) | D35: муницпальная, бюджетное учреждение | E35: Обухович Людмила Леонидовна | F35: 8613004200 | G35: 628140, Россия, ХМАО-Югра, Березовский район, пгт.Березово, ул Собянина, 50 | H35: 628140, Россия, ХМАО-Югра, Березовский район, пгт.Березово, ул Собянина, 50 8(34674)2-13-60 Sch-berezovo@yandex.ru | I35: https://sch-berezovo.gosuslugi.ru/glavnoe/svedeniya-ob-organizatsii-otdyha-detey-i-ih-ozdorovlenii/ob-organizatsii-otdyha-detey-i-ih-ozdorovleniya/ | J35: лагерь сдневным пребыванием детей в соответствии с приказом Министерства образования и науки Российской Федерации от 13.07.2017 № 656 «Об утверждении примерных положений об организациях отдыха и оздоровления детей» | K35: сезонный | L35: с 28.03.2026 по 04.04.2026 | M35: Оплата не предусмотрена (нориматив при 2-х разовом питании 373 рубля) | N35: В лагерь принимаются дети от 7 до 17 лет (включительно) | O35: Проживание детей в период проведения смен не предусмотрено. Обеспечивается 2 -х разовое питание | P35: отсутствует | Q35: Здание МБОУ "Березовская СОШ введено в эксплуатацию в 1985 году | R35: Санитарно-эпидемиологическое заключение выдано территориальным отделом Управления Рспотребнадзора по Ханты-Мансийскому автономному округу-Югре в Белоярском районе и Березовском районе от 17.03.2026 № 86.БЯ.01.000.М.000014.03.26 | S35: не проводилась | T35: Лицензия на осуществление медицинской деятельности отсутствует. В целях осуществления медицинского сопровождения деятельности заключен договор с БУ ХМАО-Югры "Березовская районная больница" от 10.06.2020 | U35: Лицензия № 3171 от 31.08.2018 на осуществление образовательной деятельности | V35: Доступность услуг - доступно с обеспечением индивидуальной мобильности. Условия для хранения лекарственных препаратов - организовано. Условия хранения специализированных продуктов лечебного питания - отсутствуют. | W35: не проводилась | X35: Лицензия на осуществление медицинской деятельности отсутствует. В целях осуществления медицинского сопровождения деятельности заключен договор с БУ ХМАО-Югры "Березовская районная больница" от 10.06.2020 | Y35: Лицензия № 3171 от 31.08.2018 на осуществление образовательной деятельности | Z35: Доступность услуг - доступно с обеспечением индивидуальной мобильности. Условия для хранения лекарственных препаратов - организовано. Условия хранения специализированных продуктов лечебного питания - отсутствуют. | AA35: https://sch-berezovo.gosuslugi.ru/netcat_files/30/69/Programma_lagerya_2026_04_07_10_56_08_1.pdf https://sch-berezovo.gosuslugi.ru/netcat_files/30/69/Lager_2026_plan_setka.pdf | AB35: 1 | AD35: https://sch-berezovo.gosuslugi.ru/netcat_files/30/69/Programma_lagerya_2026_04_07_10_56_08_1.pdf https://sch-berezovo.gosuslugi.ru/netcat_files/30/69/Lager_2026_plan_setka.pdf
A36: 1 | B36: 8 | C36: Лагерь с дневным пребыванием детей "Территория ЗОЖ", муниципальное автономное общеобразовательное учреждение "Ванзетурская средняя общеобразовательная школа" (МАОУ «Ванзетурская СОШ») | D36: муницпальная, автономное учреждение | E36: Миляхова Любовь Епифановна | F36: 8613004182 | G36: 628157, Россия, ХМАО-Югра, Березовский район, п. Ванзетур, ул. Таежная, д.11 | H36: 628157, Россия, ХМАО-Югра, Березовский район, п. Ванзетур, ул. Таежная, д.11 8(34674)40-223, 8(34674)40235 86sch-vanzetur@mail.ru | I36: https://shkolasadvanzeturskaya-r86.gosweb.gosuslugi.ru/glavnoe/otdyh-i-ozdorovlenie-uchaschihsya/ | J36: лагерь с дневным пребыванием детей в соответствии с приказом Министерства образования и науки Российской Федерации от 13.07.2017 № 656 «Об утверждении примерных положений об организациях отдыха и оздоровления детей» | K36: сезонный | L36: с 26.10. 2026 по 02.11. 2026 | M36: Оплата не предусмотрена (нориматив при 2-х разовом питании 373 рубля) | N36: В лагерь принимаются дети от 6 до 17 лет (включительно) | O36: Проживание детей в период проведения смен не предусмотрено. Обеспечивается 2 -х разовое питание | P36: отсутствует | Q36: Здание МАОУ "Ванзетурская СОШ" введено в эксплуатацию в 2002 году | R36: Санитарно-эпидемиологическое заключение выдано территориальным отделом Управления Рспотребнадзора по Ханты-Мансийскому автономному округу-Югре в Белоярском районе и Березовском районе от 29.09.2025 № 86.БЯ.01.000.М.000058.09.25 | S36: не проводилась | T36: Лицензия на осуществление медицинской деятельности отсутствует. В целях осуществления медицинского сопровождения деятельности лагеря заключен договор с БУ ХМАО-Югры "Игримская районная больница" от 28.02.2024 №1 | U36: Лицензия № 3000 от 03.11.2017 на осуществление образовательной деятельности Серия 86 ЛО 1 0002265 | V36: Доступность услуг частично организована. Обеспечены условия для хранения лекарственных препаратов. Условия хранения специализированных продуктов лечебного питания - отсутствуют. Паспорт доступности утвержден директором МБОУ "Ванзетурская СОШ"01.02.2021 | W36: не проводилась | X36: Лицензия на осуществление медицинской деятельности отсутствует. В целях осуществления медицинского сопровождения деятельности лагеря заключен договор с БУ ХМАО-Югры "Игримская районная больница" от 28.02.2024 №1 | Y36: Лицензия № 3000 от 03.11.2017 на осуществление образовательной деятельности Серия 86 ЛО 1 0002265 | Z36: Доступность услуг частично организована. Обеспечены условия для хранения лекарственных препаратов. Условия хранения специализированных продуктов лечебного питания - отсутствуют. Паспорт доступности утвержден директором МБОУ "Ванзетурская СОШ"01.02.2021 | AB36: 1
A37: 1 | B37: 9 | C37: Лагерь с дневным пребыванием детей "Таежный остров", муниципальное автономное общеобразовательное учреждение «Приполярная средняя общеобразовательная школа» (МАОУ «Приполярная СОШ») | D37: муниципальная, автономное учреждение | E37: Акатова Татьяна Анатольевна | F37: 8613004320 | G37: 628156, Россия, ХМАО-Югра, Березовский район, сп. Приполрняый, мкр. 1, д.1 "А" | H37: 628156, Россия, ХМАО-Югра, Березовский район, сп. Приполрняый, мкр. 1, д.1 "А" 8(34674)34721 86sch-pripolarny@mail.ru | I37: https://shkolapripolyarnaya-r86.gosweb.gosuslugi.ru/roditelyam-i-uchenikam/poleznaya-informatsiya/otdyh-i-ozdorovlenie-uchaschihsya/ | J37: лагерь с дневным пребыванием детей в соответствии с приказом Министерства образования и науки Российской Федерации от 13.07.2017 № 656 «Об утверждении примерных положений об организациях отдыха и оздоровления детей» | K37: сезонный | L37: 1) с 28.03.2026 по 04.04.2026, 2) с 26.10.2026 по 02.11.2026 | M37: Оплата не предусмотрена (нориматив при 2-х разовом питании 373 рубля) | N37: В лагерь принимаются дети от 6 до 17 лет (включительно) | O37: Проживание детей в период проведения смен не предусмотрено. Обеспечивается 2 -х разовое питание | P37: отсутствует | Q37: Здание МАОУ "Приполярная СОШ" введено в эксплуацию в 1985 году | R37: Санитарно-эпидемиологическое заключение выдано территориальным отделом Управления Рспотребнадзора по Ханты-Мансийскому автономному округу-Югре в Белоярском районе и Березовском районе от 25.09.2025 № 86.БЯ.01.000.М.000054.09.25 | S37: не проводилась | T37: Лиценезия отсутствует. Договор о взаимодействии МАОУ "Приполярная СОШ" с БУ ХМАО-Югры "Игримская районная больница" № 01 от 10.01.2022 года | U37: Лицензия № 3269 от 21.03.2019 года серия 86Л01 № 0002545 по основным общеобразовательным программам | V37: Доступность услуг частично организована. Условия для хранения лекарственных препаратов созданы. Условия хранения специализированных продуктов лечебного питания - отсутствуют. | W37: не проводилась | X37: Лиценезия отсутствует. Договор о взаимодействии МАОУ "Приполярная СОШ" с БУ ХМАО-Югры "Игримская районная больница" № 01 от 10.01.2022 года | Y37: Лицензия № 3269 от 21.03.2019 года серия 86Л01 № 0002545 по основным общеобразовательным программам | Z37: Доступность услуг частично организована. Условия для хранения лекарственных препаратов созданы. Условия хранения специализированных продуктов лечебного питания - отсутствуют. | AA37: https://shkolapripolyarnaya-r86.gosweb.gosuslugi.ru/netcat_files/114/1453/Programma_vospitatel_noy_raboty_lagerya_Taezhnyy_ostrov.docx https://shkolapripolyarnaya-r86.gosweb.gosuslugi.ru/netcat_files/114/1453/Programma_lagerya_vesna_2026.pdf | AD37: https://shkolapripolyarnaya-r86.gosweb.gosuslugi.ru/netcat_files/114/1453/Programma_vospitatel_noy_raboty_lagerya_Taezhnyy_ostrov.docx https://shkolapripolyarnaya-r86.gosweb.gosuslugi.ru/netcat_files/114/1453/Programma_lagerya_vesna_2026.pdf
A38: 1 | B38: 10 | C38: Лагерь с дневным пребыванием детей "Дружба", муниципальное автономное общеобразовательное учреждение "Тегинская средняя общеобразовательная школа" (МАОУ "Тегинская СОШ") | D38: муницпальная, автономное учреждение | E38: Токушева Светлана Леонтьевна | F38: 8613004288 | G38: 628155, Россия, ХМАО-Югра, Березовский район, п. Теги, Ул. Таёжная, д.18 а | H38: 628155, Россия, ХМАО-Югра, Березовский район, п. Теги, Ул. Таёжная, д.18 а 8(34674)44235 86sch-tegi@mail.ru | I38: https://shkolateginskaya-r86.gosweb.gosuslugi.ru/glavnoe/organizatsiya-letnego-otdyha/ | J38: лагерь с дненвным пребыванием детей в соответствии с приказом Министерства образования и науки Российской Федерации от 13.07.2017 № 656 «Об утверждении примерных положений об организациях отдыха и оздоровления детей» | K38: сезонный | L38: 1) с 01.06.2026 по 30.06.2026 2) с 26.10.2026 по 02.11.2026 | M38: Оплата не предусмотрена (нориматив при 2-х разовом питании 373 рубля) | N38: В лагерь принимаются дети от 6 до 17 лет (включительно) | O38: Проживание детей в период проведения смен не предусмотрено. Обеспечивается 2 -х разовое питание | P38: отсутствует | Q38: Здание МАОУ "Тегинская СОШ" введено в эксплуатацию в 2022 году | R38: Санитарно-эпидемиологическое заключение выдано территориальным отделом Управления Рспотребнадзора по Ханты-Мансийскому автономному округу-Югре в Белоярском районе и Березовском районе от 17.04.2026 № 86.БЯ.01.000.М.000025.04.26 | S38: не проводилась | T38: Лицензия отсутствует. Заключен договор с БУ ХМАО-Югры "Березовская районная больница" № 5 от 01.01.2020 | U38: Лицензия № 3227 от 15.01.2019 года серия 86Л01 № 0002509 на осуществление образовательной деятельности | V38: Доступность для данной категории детей частично организована. Условия для хранения лекартсвеных препаратов организованы. Условия хранения специализированных продуктов лечебного питания отсутствуют. Паспорт доступности утвержден приказом директора МАОУ "Тегинская СОШ" № 122-0 от 29.05.2019 | W38: не проводилась | X38: Лицензия отсутствует. Заключен договор с БУ ХМАО-Югры "Березовская районная больница" № 5 от 01.01.2020 | Y38: Лицензия № 3227 от 15.01.2019 года серия 86Л01 № 0002509 на осуществление образовательной деятельности | Z38: Доступность для данной категории детей частично организована. Условия для хранения лекартсвеных препаратов организованы. Условия хранения специализированных продуктов лечебного питания отсутствуют. Паспорт доступности утвержден приказом директора МАОУ "Тегинская СОШ" № 122-0 от 29.05.2019 | AA38: https://shkolateginskaya-r86.gosweb.gosuslugi.ru/netcat_files/227/3439/Programma_letnego_lagerya.pdf | AB38: 1 | AD38: https://shkolateginskaya-r86.gosweb.gosuslugi.ru/netcat_files/227/3439/Programma_letnego_lagerya.pdf
A39: 1 | B39: 11 | C39: Лагерь с дневным пребыванием детей "Светлячок", муниципальное автономное общеобразовательное учреждение "Светловская средняя общеобразовательная школа имени Солёнова Бориса Александровича" (МАОУ "Светловская СОШ им. Б.А. Солёнова") | D39: муниципальная, автономное учреждение | E39: Румянцева Татьяна Борисовна | F39: 8613002097 | G39: 628147, Россия, ХМАО-Югра, Березовский район, п. Светлый, ул. Первопроходцев, 67А | H39: 628147, Россия, ХМАО-Югра, Березовский район, п. Светлый, ул. Первопроходцев, 67А 8(34674) 2-67-44 86sch-svetlyii@mail.ru | I39: https://shkolasolnovasvetlyj-r86.gosweb.gosuslugi.ru/glavnoe/svedeniya-ob-organizatsii-otdyha-detey-i-ih-ozdorovlenii/ | J39: лагерь с дневным пребыванием детей в соответствии с приказом Министерства образования и науки Российской Федерации от 13.07.2017 № 656 «Об утверждении примерных положений об организациях отдыха и оздоровления детей» | K39: сезонный | L39: с 01.06.2026 по 30.06.2026 | M39: Оплата не предусмотрена (нориматив при 2-х разовом питании 373 рубля) | N39: В лагерь принимаются дети от 6 до 17 лет (включительно) | O39: Проживание детей в период проведения смен не предусмотрено. Обеспечивается 2 -х разовое питание | P39: отсутствует | Q39: Здание МАОУ "Светловская СОШ им Б.Е. Соленова " введено в эксплуатацию в 1972 г. | R39: Санитарно-эпидемиологическое заключение выдано территориальным отделом Управления Рспотребнадзора по Ханты-Мансийскому автономному округу-Югре в Белоярском районе и Березовском районе от 14.04.2026 № 86.БЯ.01.000.М.000018.04.26 | S39: не проводилась | T39: Лицензия отсутствует. Заключен договор с БУ ХМАО-Югры "Игримская районная больница" № 2 от 13.01.2023 г. | U39: Лицензия от 17.02.2023г. № Л035-01304-86/00175911 на осуществление образовательной деятельности. | V39: Доступность услуг частично организована. Условия для хранения лекарственных препаратов организовано. Условия хранения специализированных продуктов лечебного питания отсутствуют. Паспорт доступности утвержден директором МАОУ "Светловская СОШ имени Солёнова Б.А." 21.02.2021 | W39: не проводилась | X39: Лицензия отсутствует. Заключен договор с БУ ХМАО-Югры "Игримская районная больница" № 2 от 13.01.2023 г. | Y39: Лицензия от 17.02.2023г. № Л035-01304-86/00175911 на осуществление образовательной деятельности. | Z39: Доступность услуг частично организована. Условия для хранения лекарственных препаратов организовано. Условия хранения специализированных продуктов лечебного питания отсутствуют. Паспорт доступности утвержден директором МАОУ "Светловская СОШ имени Солёнова Б.А." 21.02.2021 | AA39: https://shkolasolnovasvetlyj-r86.gosweb.gosuslugi.ru/glavnoe/svedeniya-ob-organizatsii-otdyha-detey-i-ih-ozdorovlenii/ob-organizatsii-otdyha-detey-i-ih-ozdorovlenii/osnovnye-svedeniya/dokumenty/dokumenty_3555.html | AB39: 1 | AD39: https://shkolasolnovasvetlyj-r86.gosweb.gosuslugi.ru/glavnoe/svedeniya-ob-organizatsii-otdyha-detey-i-ih-ozdorovlenii/ob-organizatsii-otdyha-detey-i-ih-ozdorovlenii/osnovnye-svedeniya/dokumenty/dokumenty_3555.html
A40: 1 | B40: 12 | C40: Лагерь с дневным пребыванием детей "Город мастеров", муниципальное автономное общеобразовательное учреждение "Няксимвольская средняя общеобразовательная школа" (МАОУ "Няксимвольская СОШ") | D40: муниципальная, автономное учреждение | E40: Борисова Анастасия Александровна | F40: 8613004295 | G40: 628143, Россия, ХМАО-Югра, Березовский район, с. Няксимволь, ул. Кооперативная, 24 | H40: 628143, Россия, ХМАО-Югра, Березовский район, с. Няксимволь, ул. Кооперативная, 24 ; 8(34674)42298; 86sch-naiksimvol@mail.ru | I40: https://86sch-niaksimvol.gosuslugi.ru/organizatsiya-otdyha-detey-i-ih-ozdorovleniya/ | J40: лагерь с дневным пребыванием детей в соответствии с приказом Министерства образования и науки Российской Федерации от 13.07.2017 № 656 «Об утверждении примерных положений об организациях отдыха и оздоровления детей» | K40: сезонный | L40: с 01.06.2026 по 25.06.2026 | M40: Оплата не предусмотрена (нориматив при 2-х разовом питании 373 рубля) | N40: В лагерь принимаются дети от 6 до 17 лет (включительно) | O40: Проживание детей в период проведения смен не предусмотрено. Обеспечивается 2 -х разовое питание | P40: отсутствует | Q40: Здание МАОУ "Няксимвольская СОШ" введено в эксплуатацию в 2002 году | R40: Санитарно-эпидемиологическое заключение выдано территориальным отделом Управления Рспотребнадзора по Ханты-Мансийскому автономному округу-Югре в Белоярском районе и Березовском районе от 24.04.2026 № 86.БЯ.01.000.М.000037.04.26 | S40: не проводилась | T40: Лицензия отсутствует. Заключен договор № 1 от 18.11.2019 с БУ ХМАО-Югры "Березовская районная больница" | U40: Лицензия № 3226 от 15.01.2019 Дошкольное образование, начальное общее образование, основное общее образование, среднее общее образование | V40: Доступность услуг частично организована. Условия для хранения лекарственных препаратов организовано. Условия хранения специализированных продуктов лечебного питания отсутствуют. Паспорт доступности утвержден приказом директора МАОУ "Няксимвольская СОШ" №53 от 05.06.2020 | W40: не проводилась | X40: Лицензия отсутствует. Заключен договор № 1 от 18.11.2019 с БУ ХМАО-Югры "Березовская районная больница" | Y40: Лицензия № 3226 от 15.01.2019 Дошкольное образование, начальное общее образование, основное общее образование, среднее общее образование | Z40: Доступность услуг частично организована. Условия для хранения лекарственных препаратов организовано. Условия хранения специализированных продуктов лечебного питания отсутствуют. Паспорт доступности утвержден приказом директора МАОУ "Няксимвольская СОШ" №53 от 05.06.2020 | AA40: https://86sch-niaksimvol.gosuslugi.ru/organizatsiya-otdyha-detey-i-ih-ozdorovleniya/ob-organizatsii-otdyha-detey-i-ih-ozdorovleniya/dokumenty_567.html https://86sch-niaksimvol.gosuslugi.ru/organizatsiya-otdyha-detey-i-ih-ozdorovleniya/ob-organizatsii-otdyha-detey-i-ih-ozdorovleniya/dokumenty_568.html | AB40: 1 | AD40: https://86sch-niaksimvol.gosuslugi.ru/organizatsiya-otdyha-detey-i-ih-ozdorovleniya/ob-organizatsii-otdyha-detey-i-ih-ozdorovleniya/dokumenty_567.html https://86sch-niaksimvol.gosuslugi.ru/organizatsiya-otdyha-detey-i-ih-ozdorovleniya/ob-organizatsii-otdyha-detey-i-ih-ozdorovleniya/dokumenty_568.html
A41: 1 | B41: 13 | C41: Лагерь с дневным пребыванием детей "Тандора", муниципальное автономное образовательное учреждение детский сад "Олененок" (МАДОУ «Олененок») | D41: муниципальная, автономное учреждение | E41: Артеева Юлия Андреевна | F41: 8613004834 | G41: 628148, Россия, ХМАО-Югра, Берёзовский район, сп. Саранпауль, пер. Сосьвинский, 1 | H41: 628148, Россия, ХМАО-Югра, Березовский район, с. Саранпауль, пер. Сосьвинский, 1, тел.: 8(34674)45886 e-mail: mdouolenenok@mail.ru | I41: https://ds-olenenok-saranpaul-r86.gosweb.gosuslugi.ru/nash-detskiy-sad/informatsiya-dlya-roditeley/otdyh-i-ozdorovlenie/ | J41: лагерь с дневным пребыванием детей в соответствии с приказом Министерства образования и науки Российской Федерации от 13.07.2017 № 656 «Об утверждении примерных положений об организациях отдыха и оздоровления детей» | K41: сезонный | L41: с 01.06.2026 по 30.06.2026 | M41: Оплата не предусмотрена (нориматив при 2-х разовом питании 373 рубля) | N41: В лагерь принимаются дети от 6 до 9 лет (включительно) | O41: Проживание детей в период проведения смен не предусмотрено. Обеспечивается 2 -х разовое питание | P41: отсутствует | Q41: 1 корпус МАДОУ ДС "Олененок" введено в эксплуатацию в 2004 году, 2 корпус учреждения введен в эксплуатацию в 2019 году. | R41: Санитарно-эпидемиологическое заключение выдано территориальным отделом Управления Рспотребнадзора по Ханты-Мансийскому автономному округу-Югре в Белоярском районе и Березовском районе от 17.04.2026 № 86.БЯ.01.000.М.000024.04.26 | S41: не проводилась | T41: Лицензия на осуществление медицинской деятельности отсутствует. Заключен договор с БУ ХМАО-Югры "Березовкая районная больница". №6 от 03.02.2023г. | U41: Лицензия на осуществление образовательной деятельности № 3144, от 19.03.2021 года, выдана Службой по надзору и контролю в сфере образования Ханты-Мансийского автономного округа – Югры | V41: Доступность услуг организована. Имеется медицинский блок с оборудованиеыми кабинетами и системами хранения. Обеспечены условия для хранения лекарственных препаратов. Паспорт доступности утвержден заведующим МАДОУ ДС "Олененок", 01.03.2021 года | W41: не проводилась | X41: Лицензия на осуществление медицинской деятельности отсутствует. Заключен договор с БУ ХМАО-Югры "Березовкая районная больница". №6 от 03.02.2023г. | Y41: Лицензия на осуществление образовательной деятельности № 3144, от 19.03.2021 года, выдана Службой по надзору и контролю в сфере образования Ханты-Мансийского автономного округа – Югры | Z41: Доступность услуг организована. Имеется медицинский блок с оборудованиеыми кабинетами и системами хранения. Обеспечены условия для хранения лекарственных препаратов. Паспорт доступности утвержден заведующим МАДОУ ДС "Олененок", 01.03.2021 года | AA41: https://ds-olenenok-saranpaul-r86.gosweb.gosuslugi.ru/svedeniya-ob-obrazovatelnoy-organizatsii/dokumenty/programma-vospitatelnoy-raboty-tandora.html | AB41: 1 | AD41: https://ds-olenenok-saranpaul-r86.gosweb.gosuslugi.ru/svedeniya-ob-obrazovatelnoy-organizatsii/dokumenty/programma-vospitatelnoy-raboty-tandora.html
B42: 14 | C42: Палаточный лагерь с круглосуточным пребыванием детей Детское этническое стойбище Мань Ускве (ДЭС Мань Ускве), Автономная некоммерческая организация развития культуры народов Севера Центр этнотехнологий (АНО Центр этнотехнологий) | D42: Некоммерческая организация | E42: Вьюткина Евгения Валерьевна | F42: 8613999876 | G42: 628148, Россия, ХМАО-Югра, Березовский район, д.Ясунт, ул.Хулгинская, 13 | H42: 628148, Россия, ХМАО-Югра, Березовский район, д.Ясунт ул.Хулгинская, д13 тел. 89505014670, lubov-stakanova@mail.ru | I42: https://vk.com/club201063551 | J42: Лагерь палаточного типа в соответствии с приказом Министерства образования и науки Российской Федерации от 13.07.2017 № 656 "Об утверждении примерных положений об организациях отдыха и оздоровления детей" | K42: Сезонный | L42: 1 смена - с 26.06.2026 по 1.07.2026; 2 смена - с 4.07.2026 по 10.07.2026; 3 смена - 12.07.2026 по 23.07.2026; 4 смена - с 25.07.2026 по 31.07.2026. | M42: Оплата не предусмотрена. Средняя стоимость путевки за 1 день 2315 руб.11 коп. | N42: Принимаются дети возрастом от 10 до 17 лет (включительно). В исключительных случаях прием детей осуществляется с 8 лет, занимающихся в туристических объединениях и имеющих соответствующую физическую подготовку. | O42: Проживание детей предусмотрено в чумах и палатках. Обеспечивается: 5-ти разовое питание | P42: Купание детей не предусмотрено | Q42: Здание столовой -введено в эксплуатацию в 2000 году, здание маснийского дома -введено в эксплуатацию в 2000 году | R42: Санитарно-эпидемиологическое заключение выдано территориальным отделом Управления Рспотребнадзора по Ханты-Мансийскому автономному округу-Югре в Белоярском районе и Березовском районе от 23.04.2026 № 86.БЯ.01.000.М.000031.04.26 | S42: Проверка осуществлена Территориальным отделом Управления Роспотребнадзора по Ханты-Мансийскому автономному округу-Югре в Белоярском районе и Березовском районе. Протокол №11/бз от 04.08.2025 об административном нарушении. Замечания устранены в установленные сроки. | T42: Лицензия на осуществление медицинской деятельности отсутствует. На летний период заключается договор с БУ ХМАО-Югры "Березовкая районная больница", участковая больница села Саранпауль на оказание медицинской помощи. Медицинское сопровождение в лагере обеспечено наличием медицинской палатки, укомплектованной в соответствии с требованиями СанПиНа, лекарственными средствами для оказания первой медицинской помощи, круглосуточного дежурства медицинского персонала. Имеется изолятор. | U42: отсутствует | V42: Данная категория детей в лагерь не принимается | W42: Проверка осуществлена Территориальным отделом Управления Роспотребнадзора по Ханты-Мансийскому автономному округу-Югре в Белоярском районе и Березовском районе. Протокол №11/бз от 04.08.2025 об административном нарушении. Замечания устранены в установленные сроки. | X42: Лицензия на осуществление медицинской деятельности отсутствует. На летний период заключается договор с БУ ХМАО-Югры "Березовкая районная больница", участковая больница села Саранпауль на оказание медицинской помощи. Медицинское сопровождение в лагере обеспечено наличием медицинской палатки, укомплектованной в соответствии с требованиями СанПиНа, лекарственными средствами для оказания первой медицинской помощи, круглосуточного дежурства медицинского персонала. Имеется изолятор. | Y42: отсутствует | Z42: Данная категория детей в лагерь не принимается | AA42: https://vk.com/s/v1/doc/N7GukHx2TfgdgtS0AuQpXgho80mW1wSClhDnXuZJ_rHZUkaIe68 https://vk.com/s/v1/doc/DK766h9Qk2gNhLLkiInLm9cU6UNuF81teVlWDgK8c0QPPZaBkvg | AD42: https://vk.com/s/v1/doc/N7GukHx2TfgdgtS0AuQpXgho80mW1wSClhDnXuZJ_rHZUkaIe68 https://vk.com/s/v1/doc/DK766h9Qk2gNhLLkiInLm9cU6UNuF81teVlWDgK8c0QPPZaBkvg
B43: 15 | C43: Лагерь с дневным пребыванием детей «Радужка», муниципальное автономное дошкольное образовательное учреждение детский сад «Рябинушка» (МАДОУ детский сад «Рябинушка») | D43: муниципальная, автономное учреждение | E43: Сорокопуд Антонина Викторовна | F43: 8613004739 | G43: 628146, Россия, ХМАО-Югра, Березовский район, пгт. Игрим, улица Дружбы, дом 13 | H43: 628146, Россия, ХМАО-Югра, Березовский район, пгт. Игрим, улица Дружбы, дом 13 8(34674) 2-67-07 e-mail: dsryabinushka_86@mail.ru | I43: https://ds-ryabinushka-igrim-r86.gosweb.gosuslugi.ru/svedeniya-ob-organizatsii-otdyha-detey-i-ih-ozdorovlenii/ | J43: лагерь с дневным пребыванием детей в соответствии с приказом Министерства образования и науки Российской Федерации от 13.07.2017 № 656 «Об утверждении примерных положений об организациях отдыха и оздоровления детей» | K43: сезонный | L43: с 01.06.2026 по 30.06.2026 | M43: Оплата не предусмотрена (нориматив при 2-х разовом питании 373 рубля) | N43: В лагерь принимаются дети от 6 до 8 лет (включительно) | O43: Проживание детей в период проведения смен не предусмотрено. Обеспечивается 2 -х разовое питание | P43: отсутствует | Q43: здание МАДОУ детский сад "Рябинушка" введено в экплуатацию в 1988 году | R43: Санитарно-эпидемиологическое заключение выдано территориальным отделом Управления Рспотребнадзора по Ханты-Мансийскому автономному округу-Югре в Белоярском районе и Березовском районе от 10.04.2026 № 86.БЯ.01.000.М.000016.04.26 | S43: не проводилась | T43: Лицензия на осуществление медицинской деятельности отсутствует. В целях осуществления медицинского сопровождения деятельности заключен договор с БУ ХМАО-Югры "Игримская районная больница" № 3 от 10.01.2022 | U43: Лицензия на осуществление образовательной деятельности № 1827 от 23.12.2014 года, выдана Службой по надзору и контролю в сфере образования Ханты-Мансийского автономного округа – Югры | V43: Досутпность услуг частично организована. Условия для хранения лекарственных препаратов организовано. Условия хранения специализированных продуктов лечебного питания отсутствуют. Паспорт доступности утвержден. | W43: не проводилась | X43: Лицензия на осуществление медицинской деятельности отсутствует. В целях осуществления медицинского сопровождения деятельности заключен договор с БУ ХМАО-Югры "Игримская районная больница" № 3 от 10.01.2022 | Y43: Лицензия на осуществление образовательной деятельности № 1827 от 23.12.2014 года, выдана Службой по надзору и контролю в сфере образования Ханты-Мансийского автономного округа – Югры | Z43: Досутпность услуг частично организована. Условия для хранения лекарственных препаратов организовано. Условия хранения специализированных продуктов лечебного питания отсутствуют. Паспорт доступности утвержден. | AA43: https://ds-ryabinushka-igrim-r86.gosweb.gosuslugi.ru/svedeniya-ob-organizatsii-otdyha-detey-i-ih-ozdorovlenii/ob-organizatsii-otdyha-detey-i-ih-ozdorovlenii/dokumenty-1/programma-vospitatelnoy-raboty-lol-raduzhka.html https://ds-ryabinushka-igrim-r86.gosweb.gosuslugi.ru/netcat_files/71/158/Kalendarno_tematicheskiy_plan_vospitatel_noy_raboty_smeny_letnego_ozdorovitel_nogo_lagerya_Raduzhka_s_1_iyunya_po_30_iyunya_2026_goda.pdf | AD43: https://ds-ryabinushka-igrim-r86.gosweb.gosuslugi.ru/svedeniya-ob-organizatsii-otdyha-detey-i-ih-ozdorovlenii/ob-organizatsii-otdyha-detey-i-ih-ozdorovlenii/dokumenty-1/programma-vospitatelnoy-raboty-lol-raduzhka.html https://ds-ryabinushka-igrim-r86.gosweb.gosuslugi.ru/netcat_files/71/158/Kalendarno_tematicheskiy_plan_vospitatel_noy_raboty_smeny_letnego_ozdorovitel_nogo_lagerya_Raduzhka_s_1_iyunya_po_30_iyunya_2026_goda.pdf
B44: 16 | C44: Летний оздоровительный лагерь дневного пребывания «Северное сияние», муниципальное автономное дошкольное образовательное учреждение детский сад «Сказка» (МАДОУ детский сад «Сказка») | D44: муниципальная, автономное учреждение | E44: Бабаева Нурае Баласыевна | F44: 8613005309 | G44: 628158, Россия, ХМАО-Югра, Березовский район, п. Приполярный, дом 9 А | H44: 628158, Россия, ХМАО-Югра, Березовский район, п. Приполярный, дом 9 А 8(34674) 2-49-61, 2-49-62; электронный адрес: mbdou_skazka@mail.ru | I44: https://ds-skazka-pripolyarnyj-r86.gosweb.gosuslugi.ru/svedeniya-ob-obrazovatelnoy-organizatsii/letniy-ozdorovitelnyy-lager/ | J44: лагерь с дневным пребыванием детей в соответствии с приказом Министерства образования и науки Российской Федерации от 13.07.2017 № 656 «Об утверждении примерных положений об организациях отдыха и оздоровления детей» | K44: сезонный | L44: с 01.06.2026 по 30.06.2026 | M44: Оплата не предусмотрена (нориматив при 2-х разовом питании 373 рубля) | N44: В лагерь принимаются дети от 6 до 8 лет (включительно) | O44: Проживание детей в период проведения смен не предусмотрено. Обеспечивается 2 -х разовое питание | P44: отсутствует | Q44: здание МАДОУ детский сад "Сказка" введено в экплуатацию в 2012 году | R44: Санитарно-эпидемиологическое заключение выдано территориальным отделом Управления Рспотребнадзора по Ханты-Мансийскому автономному округу-Югре в Белоярском районе и Березовском районе от 23.04.2026 № 86.БЯ.01.000.М.000030.04.26 | S44: не проводилась | T44: Лицензия на осуществление медицинской деятельности отсутствует. В целях осуществления медицинского сопровождения деятельности заключен договор с БУ ХМАО-Югры "Игримская районная больница" № 1 от 01.01.2026 | U44: Лицензия на осуществление образовательной деятельности № 3236, от 21.01.2019 года, выдана Службой по надзору и контролю в сфере образования Ханты-Мансийского автономного округа – Югры | V44: Досутпность услуг частично организована. Условия для хранения лекарственных препаратов организовано. Условия хранения специализированных продуктов лечебного питания отсутствуют. Паспорт доступности утвержден. | W44: не проводилась | X44: Лицензия на осуществление медицинской деятельности отсутствует. В целях осуществления медицинского сопровождения деятельности заключен договор с БУ ХМАО-Югры "Игримская районная больница" № 1 от 01.01.2026 | Y44: Лицензия на осуществление образовательной деятельности № 3236, от 21.01.2019 года, выдана Службой по надзору и контролю в сфере образования Ханты-Мансийского автономного округа – Югры | Z44: Досутпность услуг частично организована. Условия для хранения лекарственных препаратов организовано. Условия хранения специализированных продуктов лечебного питания отсутствуют. Паспорт доступности утвержден. | AA44: https://ds-skazka-pripolyarnyj-r86.gosweb.gosuslugi.ru/svedeniya-ob-obrazovatelnoy-organizatsii/letniy-ozdorovitelnyy-lager/ob-organizatsii-otdyha-detey-i-ih-ozdorovleniya/programma-ozdorovitelnogo-lagerya-s-dnevnym-prebyvaniem-severnoe-siyanie.html | AD44: https://ds-skazka-pripolyarnyj-r86.gosweb.gosuslugi.ru/svedeniya-ob-obrazovatelnoy-organizatsii/letniy-ozdorovitelnyy-lager/ob-organizatsii-otdyha-detey-i-ih-ozdorovleniya/programma-ozdorovitelnogo-lagerya-s-dnevnym-prebyvaniem-severnoe-siyanie.html
B45: 17 | C45: Лагерь с дневным пребыванием детей «Островок», муниципальное автономное общеобразовательное учреждение «Хулимсунтская средняя общеобразовательная школа с кадетскими и мариинскими классами» (МАОУ «Хулимсунтская СОШ») | D45: муниципальная, автономное учреждение | E45: Третьякова Галина Владимировна | F45: 8613004305 | G45: 628156, Россия, ХМАО-Югра, Березовский район, сп. Хулимсунт, МКР 4, зд. 45 Б | H45: 628156, Россия, ХМАО-Югра, Березовский район, сп. Хулимсунт, МКР 4, зд. 45 Б , телефон /факс: 8 (34674) 2-67-73 sch-khulimsunt@yandex.ru | I45: https://shkolaxulimsuntskaya-r86.gosweb.gosuslugi.ru/roditelyam-i-uchenikam/poleznaya-informatsiya/otdyh-i-ozdorovlenie-uchaschihsya/otdyh-i-ozdorovlenie-uchaschihsya/ | J45: лагерь с дневным пребыванием детей в соответствии с приказом Министерства образования и науки Российской Федерации от 13.07.2017 № 656 «Об утверждении примерных положений об организациях отдыха и оздоровления детей» | K45: сезонный | L45: 1) с 14.02.2026 по 20.02.2026 2) с 05.04.2026 по 11.04.2026 3) с 15.11.2026 по 22.11.2026 | M45: Оплата не предусмотрена (нориматив при 2-х разовом питании 373 рубля) | N45: В лагерь принимаются дети от 6 до 17 лет (включительно) | O45: Проживание детей в период проведения смен не предусмотрено. Обеспечивается 2 -х разовое питание | P45: отсутствует | Q45: Здание МАОУ "Хулимсунтская СОШ с кдетскими и мариинскими классами" введено в эксплуатацию в 2025 году | R45: Санитарно-эпидемиологическое заключение выдано территориальным отделом Управления Рспотребнадзора по Ханты-Мансийскому автономному округу-Югре в Белоярском районе и Березовском районе от 26.12.2025 № 86.БЯ.01.000.М.000070.12.25 | S45: не проводилась | T45: Лицензия отсутствует. Договор №20 от 02.02.2026 о взаимодействии МАОУ "Хулимсунтская СОШ с кадетскими и мариинскими классами" с БУ Участковая больница деревни Хулимсунт | U45: Лицензия № ЛО35-01304-86/00175831 от 13.07.2021, выдана Департаментом образования и науки Ханты-Мансийского автономного округа на осуществление образовательной деятельности по основным и дополнительным общеобразовательным программам | V45: Доступность услуг частично организована. Условия для хранения лекарственных препаратов созданы. Условия хранения специализированных продуктов лечебного питания - отсутствуют. | W45: не проводилась | X45: Лицензия отсутствует. Договор №20 от 02.02.2026 о взаимодействии МАОУ "Хулимсунтская СОШ с кадетскими и мариинскими классами" с БУ Участковая больница деревни Хулимсунт | Y45: Лицензия № ЛО35-01304-86/00175831 от 13.07.2021, выдана Департаментом образования и науки Ханты-Мансийского автономного округа на осуществление образовательной деятельности по основным и дополнительным общеобразовательным программам | Z45: Доступность услуг частично организована. Условия для хранения лекарственных препаратов созданы. Условия хранения специализированных продуктов лечебного питания - отсутствуют. | AA45: https://shkolaxulimsuntskaya-r86.gosweb.gosuslugi.ru/netcat_files/30/69/programma_Otdyha_m_ozdorovleniya.pdf https://shkolaxulimsuntskaya-r86.gosweb.gosuslugi.ru/netcat_files/289/5800/Kalendarnyy_plan_3_.pdf | AD45: https://shkolaxulimsuntskaya-r86.gosweb.gosuslugi.ru/netcat_files/30/69/programma_Otdyha_m_ozdorovleniya.pdf https://shkolaxulimsuntskaya-r86.gosweb.gosuslugi.ru/netcat_files/289/5800/Kalendarnyy_plan_3_.pdf
B46: 18 | C46: Лагерь с дневным пребыванием детей "Время Первых", муниципальное бюджетное общеобразовательное учреждение Игримская средняя общеобразовательная школа №1 (МБОУ Игримская СОШ №1) | D46: муниципалная, бюджетное учреждение | E46: Андронюк Лия Фёдоровна | F46: 8613002210 | G46: 628146, Россия, ХМАО-Югра, Березовский район, гп. Игрим, улица Кооперативная, 31 | H46: 628146, Россия, ХМАО-Югра, Березовский район, гп. Игрим, улица Кооперативная, 31. (34674) 2-67-36 e-mail: 86sch1-igrim@mail.ru | I46: https://86sch1-igrim.gosuslugi.ru/glavnoe/lager/ | J46: лагерь с дневным пребыванием детей в соответствии с приказом Министерства образования и науки Российской Федерации от 13.07.2017 № 656 «Об утверждении примерных положений об организациях отдыха и оздоровления детей» | K46: сезонный | L46: с 23.03.2026 по 31.03.2026 | M46: Оплата не предусмотрена (нориматив при 2-х разовом питании 373 рубля) | N46: В лагерь принимаются дети от 6 до 17 лет (включительно) | O46: Проживание детей в период проведения смен не предусмотрено. Обеспечивается 2 -х разовое питание | P46: отсутствует | Q46: Год ввода - 1975 г. Год капитального ремонта - 2013г. | R46: Санитарно-эпидемиологическое заключение выдано территориальным отделом Управления Рспотребнадзора по Ханты-Мансийскому автономному округу-Югре в Белоярском районе и Березовском районе от 10.03.2026 №86.БЯ.01.000.М.000008.03.26 | S46: не проводилась | T46: Лицензия отсутствует. Заключен договор № 03 от 01.10.2024 г. о взаимодействии МБОУ Игримская СОШ №1 с БУ ХМАО-Югры "Игримская РБ" | U46: Лицензия № 3282 от 22.05.2019 на осуществление образовательной деятельности | V46: Доступность услуг частично организована. Условия для хранения лекарственных препаратов созданы. Условия хранения специализированных продуктов лечебного питания - отсутствуют. Паспорт доступности утвержден приказом директора №230-о от 05.11.2025 | W46: не проводилась | X46: Лицензия отсутствует. Заключен договор № 03 от 01.10.2024 г. о взаимодействии МБОУ Игримская СОШ №1 с БУ ХМАО-Югры "Игримская РБ" | Y46: Лицензия № 3282 от 22.05.2019 на осуществление образовательной деятельности | Z46: Доступность услуг частично организована. Условия для хранения лекарственных препаратов созданы. Условия хранения специализированных продуктов лечебного питания - отсутствуют. Паспорт доступности утвержден приказом директора №230-о от 05.11.2025 | AA46: https://86sch1-igrim.gosuslugi.ru/netcat_files/264/3207/Programma_lagerya_MBOU_Igrimskaya_SOSh_1.pdf https://86sch1-igrim.gosuslugi.ru/netcat_files/264/3207/Plan_vospitatel_noy_raboty_lagerya.pdf | AD46: https://86sch1-igrim.gosuslugi.ru/netcat_files/264/3207/Programma_lagerya_MBOU_Igrimskaya_SOSh_1.pdf https://86sch1-igrim.gosuslugi.ru/netcat_files/264/3207/Plan_vospitatel_noy_raboty_lagerya.pdf
B47: 19 | C47: Лагерь с дневным пребыванием детей "Звёзды Первых", муниципальное бюджетное общеобразовательное учреждение Игримская средняя общеобразовательная школа №1 (МБОУ Игримская СОШ №1) структурное подразделение детский сад "Звёздочка" | D47: муниципалная, бюджетное учреждение | E47: Андронюк Лия Фёдоровна | F47: 8613002210 | G47: 628146, Россия, ХМАО-Югра, Березовский район, гп. Игрим, улица Кооперативная, 31 | H47: 628146, Россия, ХМАО-Югра, Березовский район, гп. Игрим, улица Транспортная, 22. 8 (34674) 2-67-49, e-mail. zvezdochka-egrem@yandex.ru | I47: https://86sch1-igrim.gosuslugi.ru/glavnoe/lager/ | J47: лагерь с дневным пребыванием детей в соответствии с приказом Министерства образования и науки Российской Федерации от 13.07.2017 № 656 «Об утверждении примерных положений об организациях отдыха и оздоровления детей» | K47: сезонный | L47: с 01.06.2026 по 30.06.2026 | M47: Оплата не предусмотрена (нориматив при 2-х разовом питании 373 рубля) | N47: В лагерь принимаются дети от 6 до 9 лет (включительно) | O47: Проживание детей в период проведения смен не предусмотрено. Обеспечивается 2 -х разовое питание | P47: отсутствует | Q47: Год ввода - 1979 г. Год капитального ремонта - 1995г. | R47: Санитарно-эпидемиологическое заключение выдано территориальным отделом Управления Рспотребнадзора по Ханты-Мансийскому автономному округу-Югре в Белоярском районе и Березовском районе от 10.03.2026 №86.БЯ.01.000.М.000008.03.26 | S47: не проводилась | T47: Лицензия отсутствует. Заключен договор № 03 от 01.10.2024 г. о взаимодействии МБОУ Игримская СОШ №1 с БУ ХМАО-Югры "Игримская РБ" | U47: Лицензия № 3282 от 22.05.2019 на осуществление образовательной деятельности | V47: Доступность услуг частично организована. Имеется пандус. Условия для хранения лекарственных препаратов созданы. Условия хранения специализированных продуктов лечебного питания - отсутствуют. Паспорт доступности утвержден приказом директора №230-о от 05.11.2025 | W47: не проводилась | X47: Лицензия отсутствует. Заключен договор № 03 от 01.10.2024 г. о взаимодействии МБОУ Игримская СОШ №1 с БУ ХМАО-Югры "Игримская РБ" | Y47: Лицензия № 3282 от 22.05.2019 на осуществление образовательной деятельности | Z47: Доступность услуг частично организована. Имеется пандус. Условия для хранения лекарственных препаратов созданы. Условия хранения специализированных продуктов лечебного питания - отсутствуют. Паспорт доступности утвержден приказом директора №230-о от 05.11.2025 | AA47: https://shkola1igrim-r86.gosweb.gosuslugi.ru/glavnoe/lager/star_first/dokumenty_850.html https://shkola1igrim-r86.gosweb.gosuslugi.ru/netcat_files/265/3211/Kalendarno_tematicheskiy_plan_programmy_vospitatel_noy_raboty_lagerya_s_dnevnym_prebyvaniem_detey_6_8_let_.pdf | AD47: https://shkola1igrim-r86.gosweb.gosuslugi.ru/glavnoe/lager/star_first/dokumenty_850.html https://shkola1igrim-r86.gosweb.gosuslugi.ru/netcat_files/265/3211/Kalendarno_tematicheskiy_plan_programmy_vospitatel_noy_raboty_lagerya_s_dnevnym_prebyvaniem_detey_6_8_let_.pdf
B48: 20 | C48: Лагерь с дневным пребыванием детей, муниципальное бюджетное общеобразовательное учреждение «Саранпаульская средняя общеобразовательная школа» (МБОУ Саранпаульская СОШ) | D48: муниципалная, бюджетное учреждение | E48: Артеева Галина Михайловна | F48: 8613004217 | G48: 628148, Тюменская область, ХМАО - Югра, Березовский район, с. Саранпауль, ул. Вокуева, 12 | H48: 628148, Тюменская область, ХМАО - Югра, Березовский район, с. Саранпауль, ул. Вокуева, 12, телефон/факс: 8 (34674) 45-888, 45-890, 86sch-saranpaul@mail.ru | I48: https://sch86-saranpaul.gosuslugi.ru/roditelyam-i-uchenikam/svedeniya-ob-organizatsii-otdyha-detey-i-ih-ozdorovlenii/ | J48: лагерь с дневным пребыванием детей в соответствии с приказом Министерства образования и науки Российской Федерации от 13.07.2017 № 656 «Об утверждении примерных положений об организациях отдыха и оздоровления детей» | K48: сезонный | L48: с 01.06.2026 по 25.06.2026 | M48: Оплата не предусмотрена (нориматив при 2-х разовом питании 373 рублей при работе лагеря в очном режиме | N48: В лагерь принимаются дети от 6 до 17 лет (включительно) | O48: Проживание детей в период проведения смен не предусмотрено. Обеспечивается: 2 -х разовое питание при работе лагеря в очном режиме; предоставление продуктового набора - при работе лагеря в заочном формате (онлайн формат) | P48: отсутствует | Q48: Здание МБОУ "Саранпаульская СОШ " введено в эксплуатацию в 2006 году | R48: Санитарно-эпидемиологическое заключение выдано территориальным отделом Управления Рспотребнадзора по Ханты-Мансийскому автономному округу-Югре в Белоярском районе и Березовском районе №86.БЯ.01.000.М.000021.04.26 от 14.04.2026 | S48: не проводилась | T48: Лицензия на осуществление медицинской деятельности отсутсвтует. В целях осуществления медицинского сопровождения деятельности заключен договор с БУ ХМАО-Югры "Березовская районная больница" от 22.06.2020 | U48: Лицензия № Л035-01304-86/00175860 от 20.10.2021г., выдана Департаментом образования и науки Ханты-Мансийского автономного округа на осуществление образовательной деятельности по основным и дополнительным общеобразовательным программам | V48: Доступность услуг частично организована. Условия для хранения лекарственных препаратов созданы. Условия хранения специализированных продуктов лечебного питания - отсутствуют. | W48: не проводилась | X48: Лицензия на осуществление медицинской деятельности отсутсвтует. В целях осуществления медицинского сопровождения деятельности заключен договор с БУ ХМАО-Югры "Березовская районная больница" от 22.06.2020 | Y48: Лицензия № Л035-01304-86/00175860 от 20.10.2021г., выдана Департаментом образования и науки Ханты-Мансийского автономного округа на осуществление образовательной деятельности по основным и дополнительным общеобразовательным программам | Z48: Доступность услуг частично организована. Условия для хранения лекарственных препаратов созданы. Условия хранения специализированных продуктов лечебного питания - отсутствуют. | AA48: https://sch86-saranpaul.gosuslugi.ru/svedeniya-ob-obrazovatelnoy-organizatsii/dokumenty/dokumenty-all-52_1703.html https://docs.yandex.ru/docs/view?url=ya-browser%3A%2F%2F4DT1uXEPRrJRXlUFoewruLxlPlI7kqSgR1gAUTTeC104Utoxg8BX7ZHhp2Fkwlc_uELVTwXcDqQ_2TtLu6TGEscTAuKH-Tr1n0l-EnPPyOUonRGnFnX6sPeamYcIRl8DEbknQwUJPX8IT3v_KQdwqw%3D%3D%3Fsign%3D8FydU22Albhf56wojHiVEkrGAihW9ICZ6uYj15cmUTI%3D&name=Kalendarnyy_plan_letnego_lagerya.docx&nosw=1 | AD48: https://sch86-saranpaul.gosuslugi.ru/svedeniya-ob-obrazovatelnoy-organizatsii/dokumenty/dokumenty-all-52_1703.html https://docs.yandex.ru/docs/view?url=ya-browser%3A%2F%2F4DT1uXEPRrJRXlUFoewruLxlPlI7kqSgR1gAUTTeC104Utoxg8BX7ZHhp2Fkwlc_uELVTwXcDqQ_2TtLu6TGEscTAuKH-Tr1n0l-EnPPyOUonRGnFnX6sPeamYcIRl8DEbknQwUJPX8IT3v_KQdwqw%3D%3D%3Fsign%3D8FydU22Albhf56wojHiVEkrGAihW9ICZ6uYj15cmUTI%3D&name=Kalendarnyy_plan_letnego_lagerya.docx&nosw=1
A49: г. Когалым | AA49: 1
A50: 1 | B50: 1 | C50: Муниципальное автономное общеобразовательное учреждение «Средняя общеобразовательная школа №1» города Когалыма (МАОУ СОШ №1) | D50: Некоммерческая организация, автономное учреждение | E50: Гулиева Елена Александровна | F50: 8608040650 | G50: 628482, Россия, Ханты-Мансийский автономный округ– Югра, г.Когалым, ул. Набережная 55-А | H50: 628482, Россия, Ханты-Мансийский автономный округ– Югра, г.Когалым, ул. Набережная 55-А 8 (34667)5-51-54, тел.5-51-37, adm-school-1@admkogalym.ru | I50: https://sholsdora.gosuslugi.ru/ | J50: Лагерь с дневным пребыванием детей | K50: Сезонный | L50: Весна: с 30 марта по 3 апреля 2026 года Лето: с 13 июня по 7 июля 2026 года Осенние каникулы: с 26 октября по 30 октября 2026 года | M50: Весна, осень с родителей плата не взымается Летом родительская плата - 314 рублей. | N50: 6,6 до 17 лет (включительно) | O50: При работе в очном режиме: проживание детей в период проведения смен не предусмотрено, питание обеспечивается. - Летние каникулы: дневное пребывание с 08.30 до 18.00, 3-х разовое питание. - Весенние и осенние каникулы: дневное пребывание с 08.30 до 14.30, 2-х разовое питание. При работе лагеря в заочном формате (онлайн) взамен питания предоставляется продуктовый набор | P50: Отсутствует | Q50: Здание школы - введено в эксплуатацию в 1991 году | R50: Санитарно-эпидемиологическое заключение выдано филиалом ФБУЗ «Центр гигиены и эпидемиологии в ХМАО-Югре в г.Сургуте, Сургутском районе, в г.Когалыме» от 23.10.2025 № 86.КЦ.01.000.М.000037.10.25, до 26.10.2026 | S50: В 2025 году проверок не проводилось. | T50: Договор от 31 марта 2015г. № 2015-81/14 о медицинском обслуживании с БУ «Когалымская городская больница» | U50: Лицензия от 05.02.2015г. №1891 на осуществление образовательной деятельности начального общего образования, основного общего образования, среднего общего образования, дополнительного образования | V50: Согласно паспорту доступности объекта, условия созданы частично. Пандус на центральном крыльце; кресло ступенькоход; кнопка вызова персонала, поручни, отсутствие порогов по пути следования, назначение ответственного сопровождающего, ступенькоход, тактильные вывески со шрифтом Брайля, в медицинском кабинете предусмотрена возможность хранения лекарственных средств. | W50: В 2025 году проверок не проводилось. | X50: Договор от 31 марта 2015г. № 2015-81/14 о медицинском обслуживании с БУ «Когалымская городская больница» | Y50: Лицензия от 05.02.2015г. №1891 на осуществление образовательной деятельности начального общего образования, основного общего образования, среднего общего образования, дополнительного образования | Z50: Согласно паспорту доступности объекта, условия созданы частично. Пандус на центральном крыльце; кресло ступенькоход; кнопка вызова персонала, поручни, отсутствие порогов по пути следования, назначение ответственного сопровождающего, ступенькоход, тактильные вывески со шрифтом Брайля, в медицинском кабинете предусмотрена возможность хранения лекарственных средств. | AD50: На стадии разработки
A51: 1 | B51: 2 | C51: Муниципальное автономное общеобразовательное учреждение «Средняя общеобразовательная школа №3» города Когалым (МАОУ «Средняя школа № 3») | D51: Некоммерческая организация, автономное учреждение | E51: Маренюк Вячеслав Михайлович | F51: 8608040587 | G51: 628486, Россия, Тюменская область, Ханты-Мансийский автономный округ-Югра, г.Когалым, ул. Дружбы Народов, д. 10/1 | H51: 628486, Россия, Тюменская область, Ханты-Мансийский автономный округ-Югра, город Когалым, ул. Дружбы Народов, д. 10/1 тел.:(34667)20603, факс: (34667) 20603, adm-school-3@admkogalym.ru | I51: https://shkola3kogalym-r86.gosweb.gosuslugi.ru/ | J51: Лагерь с дневным пребыванием детей | K51: Сезонный | L51: Весна: с 30 марта по 03 апреля 2026 года Лето: с 23 июня по 15 июля 2026 года, с 18 июля по 10 августа 2024 года Осенние каникулы: с 26 октября по 30 октября 2026 года | M51: Весна, осень с родителей плата не взымается Летом родительская плата - 314 рублей. | N51: 6 до 17 лет (включительно) | O51: При работе в очном режиме: проживание детей в период проведения смен не предусмотрено, питание обеспечивается. - Летние каникулы: дневное пребывание с 08.30 до 18.00, 3-х разовое питание. - Весенние и осенние каникулы: дневное пребывание с 08.30 до 14.30, 2-х разовое питание. При работе лагеря в заочном формате (онлайн) взамен питания предоставляется продуктовый набор | P51: Отсутствует | Q51: Здание школы – введено в эксплуатацию в 1985 году. Капитальный ремонт был в 2000 году. | R51: Санитарно-эпидемиологическое заключение выдано Территориальным отделом Уравления Федеральной службы по надзору в сфере защиты прав потребителей и благополучия человека по Ханты-Мансийскому автономному округу - Югре в г. Когалыме № 86.КЦ.01.000.М.000036.10.25 до 22.10.2026 | S51: Проведена плановая проверка Управлением Роспотребнадзора по ХМАО – Югре в г. Когалыме. Акт № 291 от 30.06.2025 года. Замечания устранены в полном объеме в установленные сроки | T51: Договор от 01 апреля 2025 года № 2025-33/14 о медицинском обслуживании обучающихся с БУ ХМАО-Югры «Когалымская городская больница». | U51: Лицензия № 1913 от 19.02.2015г. на осуществление образовательной деятельности | V51: Согласно паспорту доступности объекта, условия созданы частично. Кнопка вызова персонала, пандус, поручни, отсутствие порогов по пути следования, назначение ответственного сопровождающего, ступенькоход, тактильные вывески со шрифтом Брайля, в медицинском кабинете предусмотрена возможность хранения лекарственных средств. | W51: Проведена плановая проверка Управлением Роспотребнадзора по ХМАО – Югре в г. Когалыме. Акт № 291 от 30.06.2025 года. Замечания устранены в полном объеме в установленные сроки | X51: Договор от 31 марта 2015 года № 2015-79/14 о медицинском обслуживании обучающихся с БУ ХМАО-Югры «Когалымская городская больница». | Y51: Лицензия № 1913 от 19.02.2015г. на осуществление образовательной деятельности | Z51: Согласно паспорту доступности объекта, условия созданы частично. Кнопка вызова персонала, пандус, поручни, отсутствие порогов по пути следования, назначение ответственного сопровождающего, ступенькоход, тактильные вывески со шрифтом Брайля, в медицинском кабинете предусмотрена возможность хранения лекарственных средств. | AD51: На стадии разработки
A52: 1 | B52: 3 | C52: Муниципальное автономное общеобразовательное учреждение «Средняя общеобразовательная школа № 5» города Когалыма (МАОУ «Средняя школа № 5») | D52: Некоммерческая организация, автономное учреждение | E52: Заремский Павел Иосифович | F52: 8608040611 | G52: 628484, Россия, Тюменская область, Ханты-Мансийский автономный округ-Югра, город Когалым, ул. Прибалтийская, дом 19 | H52: 628484, Россия, Тюменская область, Ханты-Мансийский автономный округ-Югра, город Когалым, ул. Прибалтийская, дом 19, тел. 8 (34667) 20244, adm-sch5@admkogalym.ru | I52: http://kogschool5.ru/ | J52: Лагерь с дневным пребыванием детей | K52: Сезонный | L52: Весна: с 30 марта по 05 апреля 2026 года Осенние каникулы: с 26 октября по 01 ноября 2026 года | M52: Весна, осень с родителей плата не взымается | N52: 6 до 17 лет (включительно) | O52: При работе в очном режиме: проживание детей в период проведения смен не предусмотрено, питание обеспечивается. - Летние каникулы: дневное пребывание с 08.30 до 18.00, 3-х разовое питание. - Весенние и осенние каникулы: дневное пребывание с 08.30 до 14.30, 2-х разовое питание. При работе лагеря в заочном формате (онлайн) взамен питания предоставляется продуктовый набор | P52: Отсутствует | Q52: Здание школы введено в эксплуатацию в 1987, капитальный ремонт в 2001 году | R52: Санитарно-эпидемиологическое заключение выдано Территориальным отделом Управления Федеоральной службы по надзору в сфере защиты прав потребителей и благополучия человека по ХМАО-Югре в г.Когалыме, от 27.10.2023, № 86. КЦ.01.000.М.000048.10.25 до 23.10.2026 | S52: Проверка организаций отдыха детей и их оздоровления рабочей группой межведомственной комиссии по организации отдыха, оздоровления, занятости детей и молодежи ХМАО-Югры. Замечания отсутствуют. Проведена плановая проверка Управлением Роспотребнадзора по ХМАО – Югре в г. Когалыме. Акт № 282 от 24.06.2021 года. Замечания устранены в полном объеме в установленные сроки | T52: Договор от 31 марта 2015 года № 2015-72/14 об оказании медицинской помощи с БУ «Когалымская городская больница» | U52: Лицензия № 1929 от 05.03.2015 на осуществление образовательной деятельности | V52: Согласно паспорту доступности объекта, условия созданы частично. Кнопка вызова персонала, пандус, поручни, отсутствие порогов по пути следования, назначение ответственного сопровождающего, ступенькоход, тактильные вывески со шрифтом Брайля, в медицинском кабинете предусмотрена возможность хранения лекарственных средств. | W52: Проверка организаций отдыха детей и их оздоровления рабочей группой межведомственной комиссии по организации отдыха, оздоровления, занятости детей и молодежи ХМАО-Югры. Замечания отсутствуют. Проведена плановая проверка Управлением Роспотребнадзора по ХМАО – Югре в г. Когалыме. Акт № 282 от 24.06.2021 года. Замечания устранены в полном объеме в установленные сроки | X52: Договор от 31 марта 2015 года № 2015-72/14 об оказании медицинской помощи с БУ «Когалымская городская больница» | Y52: Лицензия № 1929 от 05.03.2015 на осуществление образовательной деятельности | Z52: Согласно паспорту доступности объекта, условия созданы частично. Кнопка вызова персонала, пандус, поручни, отсутствие порогов по пути следования, назначение ответственного сопровождающего, ступенькоход, тактильные вывески со шрифтом Брайля, в медицинском кабинете предусмотрена возможность хранения лекарственных средств. | AD52: На стадии разработки
A53: 1 | B53: 4 | C53: Муниципальное автономное общеобразовательное учреждение «Средняя общеобразовательная школа № 6» города Когалыма (МАОУ «Средняя школа № 6») | D53: Некоммерческая организация, автономное учреждение | E53: Дзюба Ольга Ивановна | F53: 8608040562 | G53: 628486, Россия, Тюменская область, Ханты-Мансийский автономный округ-Югра, город Когалым, ул. Бакинская, дом 29 | H53: 628486, Россия, Тюменская область, Ханты-Мансийский автономный округ-Югра, город Когалым, ул. Бакинская, дом 29, тел. 8 (34667) 2-35-70, adm-sch6@admkogalym.ru | I53: https://shkola6kogalym-r86.gosweb.gosuslugi.ru/ | J53: Лагерь с дневным пребыванием детей | K53: Сезонный | L53: Весна: с 30 марта по 03 апреля 2026 года Осенние каникулы: с 26 октября по 30 октября 2026 года Лето: с 01 августа по 24 августа 2026 | M53: Весна, осень с родителей плата не взымается | N53: 6 до 17 лет (включительно) | O53: При работе в очном режиме: проживание детей в период проведения смен не предусмотрено, питание обеспечивается. - Летние каникулы: дневное пребывание с 08.30 до 18.00, 3-х разовое питание. - Весенние и осенние каникулы: дневное пребывание с 08.30 до 14.30, 2-х разовое питание. При работе лагеря в заочном формате (онлайн) взамен питания предоставляется продуктовый набор | P53: Отсутствует | Q53: Здание школы введено в эксплуатацию в 1988 году | R53: Санитарно-эпидемиологическое заключение выдано филиалом ФБУЗ «Центр гигиены и эпидемиологии в ХМАО-Югре в г.Сургуте, Сургутском районе, в г.Когалыме» от 23.10.2025 № 86.КЦ.01.000.М.000040.10.25, до 23.10.2026 | S53: Предписание территориального отдела Управления Роспотребнадзора по ХМАО-Югре в г. Когалыме №28-Н от 10.08.2023г. Нарушения устранены в срок до 10.10.2023г. | T53: Договор № 2015-72/14 от 31 марта 2015 года о медицинском обслуживании обучающихся с БУ ХМАО – Югры «Когалымская городская больница» Лицензия ЛО -86-01-003461 от 19.11.2019 | U53: Лицензия от 05.02.2015 №1892 (бессрочно) на осуществление образовательной деятельности | V53: Согласно паспорту доступности объекта, условия созданы частично. Кнопка вызова персонала, пандус, поручни, отсутствие порогов по пути следования, назначение ответственного сопровождающего, тактильные вывески со шрифтом Брайля, в медицинском кабинете предусмотрена возможность хранения лекарственных средств | W53: Предписание территориального отдела Управления Роспотребнадзора по ХМАО-Югре в г. Когалыме №28-Н от 10.08.2023г. Нарушения устранены в срок до 10.10.2023г. | X53: Договор № 2015-72/14 от 31 марта 2015 года о медицинском обслуживании обучающихся с БУ ХМАО – Югры «Когалымская городская больница» Лицензия ЛО -86-01-003461 от 19.11.2019 | Y53: Лицензия от 05.02.2015 №1892 (бессрочно) на осуществление образовательной деятельности | Z53: Согласно паспорту доступности объекта, условия созданы частично. Кнопка вызова персонала, пандус, поручни, отсутствие порогов по пути следования, назначение ответственного сопровождающего, тактильные вывески со шрифтом Брайля, в медицинском кабинете предусмотрена возможность хранения лекарственных средств | AD53: На стадии разработки
A54: 1 | B54: 5 | C54: Муниципальное автономного общеобразовательное учреждение «Средняя общеобразовательная школа № 7» города Когалыма (МАОУ СОШ № 7) | D54: Некоммерческая организация, автономное учреждение | E54: Овсянников Артем Андреевич | F54: 8608040594 | G54: 628485, Россия, Тюменская область, Ханты-Мансийский автономный округ-Югра, г. Когалым,ул. Степана Повха, д. 13 | H54: 628485, Россия, Тюменская область, Ханты-Мансийский автономный округ-Югра, г. Когалым,ул. Степана Повха, д. 13, тел. 8(34667)23375, adm-sch7@admkogalym.ru | I54: https://shkola7kogalym-r86.gosweb.gosuslugi.ru/ | J54: Лагерь с дневным пребыванием детей | K54: Сезонный | L54: Весна: с 30 марта по 03апреля 2026 года Лето: с 10 июля по 28 июля 2026 года Осенние каникулы: с 26 октября по 30 ноктября 2026 года | M54: Весна, осень с родителей плата не взымается Летом родительская плата - 314 рублей. | N54: 6 до 17 лет (включительно) | O54: При работе в очном режиме: проживание детей в период проведения смен не предусмотрено, питание обеспечивается. - Летние каникулы: дневное пребывание с 08.30 до 18.00, 3-х разовое питание. - Весенние и осенние каникулы: дневное пребывание с 08.30 до 14.30, 2-х разовое питание. При работе лагеря в заочном формате (онлайн) взамен питания предоставляется продуктовый набор | P54: Отсутствует | Q54: Здание школы - введено в эксплуатацию в 1989 году. | R54: Санитарно-эпидемиологическое заключение выдано филиалом ФБУЗ «Центр гигиены и эпидемиологии в ХМАО-Югре в г.Сургуте, Сургутском районе, в г.Когалыме» от 23.10.2025 № 86.КЦ.01.000.М.000038.10.25 до 26.10.2026 | S54: Проверка организаций отдыха детей и их оздоровления рабочей группой межведомственной комиссии по организации отдыха, оздоровления, занятости детей и молодежи ХМАО-Югры. Замечания отсутствуют. Проведена плановая проверка Управлением Роспотребнадзора по ХМАО – Югре в г. Когалыме. Акт № 350 от 21.07.2021 года. Замечания устранены в полном объеме в установленные сроки. | T54: Договор о сотрудничестве с БУ ХМАО-Югры «Когалымская городская больница» № 2015-52/14 от 02.03.2015г.; приложение к лицензии , серия Б 0037325 № ЛО-86-01-002919 от 16.01.2018г. | U54: Номер лицензии: 1912 серия (0001122) Выдан: 19.02.2015 г. | V54: Согласно паспорту доступности объекта, условия созданы частично. Кнопка вызова персонала, пандус, поручни, отсутствие порогов по пути следования, назначение ответственного сопровождающего, ступенькоход, тактильные вывески со шрифтом Брайля, в медицинском кабинете предусмотрена возможность хранения лекарственных средств. | W54: Проверка организаций отдыха детей и их оздоровления рабочей группой межведомственной комиссии по организации отдыха, оздоровления, занятости детей и молодежи ХМАО-Югры. Замечания отсутствуют. Проведена плановая проверка Управлением Роспотребнадзора по ХМАО – Югре в г. Когалыме. Акт № 350 от 21.07.2021 года. Замечания устранены в полном объеме в установленные сроки. | X54: Договор о сотрудничестве с БУ ХМАО-Югры «Когалымская городская больница» № 2015-52/14 от 02.03.2015г.; приложение к лицензии , серия Б 0037325 № ЛО-86-01-002919 от 16.01.2018г. | Y54: Номер лицензии: 1912 серия (0001122) Выдан: 19.02.2015 г. | Z54: Согласно паспорту доступности объекта, условия созданы частично. Кнопка вызова персонала, пандус, поручни, отсутствие порогов по пути следования, назначение ответственного сопровождающего, ступенькоход, тактильные вывески со шрифтом Брайля, в медицинском кабинете предусмотрена возможность хранения лекарственных средств. | AD54: На стадии разработки
A55: 1 | B55: 6 | C55: Муниципальное автономное общеобразовательное учреждение «Средняя общеобразовательная школа № 8 с углубленным изучением отдельных предметов» (МАОУ «Средняя школа №8), оздоровительный лагерь с дневным пребыванием детей: - «Спартак» (июнь), "Страна волшебников" | D55: Некоммерческая организация, автономное учреждение | E55: Александрова Екатерина Викторовна | F55: 8608040643 | G55: 628485, Россия, Тюменская область, Ханты-Мансийский автономный округ-Югра,, г.Когалым ул. Янтарная, 11 | H55: 628486, Россия, Тюменская область, Ханты-Мансийский автономный округ-Югра, г.Когалым ул. Дружбы народов, 24 тел. 8 (34667) 23433, adm-sch8@admkogalym.ru | I55: https://shkola8kogalym-r86.gosweb.gosuslugi.ru/ | J55: Лагерь с дневным пребыванием детей | K55: Сезонный | L55: Весна: с 30 марта по 03 апреля 2026 года Лето: с 01 июня по 24 июня 2026 года , с 27 июня по 20 июля 2026 года Осенние каникулы: с 26 октября по 30 октября 2026 года | M55: Весна, осень с родителей плата не взымается Летом родительская плата - 314 рублей/день | N55: 6 до 17 лет (включительно) | O55: При работе в очном режиме: проживание детей в период проведения смен не предусмотрено, питание обеспечивается. - Летние каникулы: дневное пребывание с 08.30 до 18.00, 3-х разовое питание. - Весенние и осенние каникулы: дневное пребывание с 08.30 до 14.30, 2-х разовое питание. При работе лагеря в заочном формате (онлайн) взамен питания предоставляется продуктовый набор | P55: Отсутствует | Q55: Здание школы – введено в эксплуатацию в 1983 году | S55: В 2025 году проверок не проводилось | T55: Договор о медицинском обслуживании обучающихся №2015-75/14 от 31.03.2015 Лицензия на осуществление медицинской деятельности ЛО-41-01193-86/00553649 от 30.06.2020 | U55: Лицензия от 22.10.2015г (бессрочно) №2350 на осуществление образовательной деятельности на право оказывать образовательные услуги по реализации образовательных программ по видам образования, по уровням образования, по профессиям, специальностям, направлениям подготовки (для профессионального образования), по подвидам дополнительного образования, указанным в приложении к лицензии. | V55: Согласно паспорту доступности объекта, условия созданы частично. Пандус, поручни, отсутствие порогов по пути следования, назначение ответственного сопровождающего, ступенькоход, в медицинском кабинете предусмотрена возможность хранения лекарственных средств.. | W55: В 2025 году проверок не проводилось | X55: Договор о медицинском обслуживании обучающихся №2015-75/14 от 31.03.2015 Лицензия на осуществление медицинской деятельности ЛО-86-01-0032664 от 22.03.2019 | Y55: Лицензия от 22.10.2015г (бессрочно) №2350 на осуществление образовательной деятельности на право оказывать образовательные услуги по реализации образовательных программ по видам образования, по уровням образования, по профессиям, специальностям, направлениям подготовки (для профессионального образования), по подвидам дополнительного образования, указанным в приложении к лицензии. | Z55: Согласно паспорту доступности объекта, условия созданы частично. Пандус, поручни, отсутствие порогов по пути следования, назначение ответственного сопровождающего, ступенькоход, в медицинском кабинете предусмотрена возможность хранения лекарственных средств.. | AD55: На стадии разработки
A56: 1 | B56: 7 | C56: Муниципальное автономное общеобразовательное учреждение «Средняя общеобразовательная школа № 10» города Когалыма (МАОУ СОШ № 10») | D56: Некоммерческая организация, автономное учреждение | E56: Гришина Светлана Геннадьевна | F56: 8608040570 | G56: 628481,Тюменская область, Ханты-Мансийский автономный округ-Югра, город Когалым, ул. Северная, дом 1, | H56: 628481,Тюменская область, Ханты-Мансийский автономный округ-Югра, город Когалым, ул.Северная, дом 1, тел. 8 (34667) 25220, adm-sch10@admkogalym.ru | I56: https://kogschool10.edusite.ru/ | J56: Лагерь с дневным пребыванием детей | K56: Сезонный | L56: с 27 июня по 20 июля 2026 года | M56: Весна, осень с родителей плата не взымается | N56: 6 до 17 лет (включительно) | O56: При работе в очном режиме: проживание детей в период проведения смен не предусмотрено, питание обеспечивается. - Весенние и осенние каникулы: дневное пребывание с 08.30 до 14.30, 2-х разовое питание. При работе лагеря в заочном формате (онлайн) взамен питания предоставляется продуктовый набор | P56: Отсутствует | Q56: Здание школы – введено в эксплуатацию в 1997 году | R56: № 86.КЦ.01.000.М.000038.10.25 до 26.10.2026 | S56: Проверка ТОУ Роспотребнадзора по ХМАО-Югре в г.Когалыме. Предписание об устранении выявленных нарушений обязательных требований от 17.02.2026 г. № 862600410001204149712-1-1. Срок устранения нарушений до 28.08.2026 г. | T56: Договор № 2015-73/14 от 31 марта 2015 года о медицинском обслуживании обучающихся с БУ «Когалымская городская больница» | U56: Лицензия на осуществление образовательной деятельности № Л035-01304-86/00175896 от 18.05.2021 | V56: Согласно паспорту доступности объекта, условия созданы частично. Пандус, поручни, отсутствие порогов по пути следования, назначение ответственного сопровождающего, в медицинском кабинете предусмотрена возможность хранения лекарственных средств. | W56: Проверка ТОУ Роспотребнадзора по ХМАО-Югре в г.Когалыме. Предписание об устранении выявленных нарушений обязательных требований от 17.02.2026 г. № 862600410001204149712-1-1. Срок устранения нарушений до 28.08.2026 г. | X56: Договор № 2015-73/14 от 31 марта 2015 года о медицинском обслуживании обучающихся с БУ «Когалымская городская больница» | Y56: Лицензия от 19.02.2015 № 1914 на осуществление образовательной деятельности | Z56: Согласно паспорту доступности объекта, условия созданы частично. Пандус, поручни, отсутствие порогов по пути следования, назначение ответственного сопровождающего, в медицинском кабинете предусмотрена возможность хранения лекарственных средств. | AD56: На стадии разработки
A57: 1 | B57: 8 | C57: Бюджетное учреждение Ханты-Мансийского автономного округа – Югры «Когалымский комплексный центр социального обслуживания населения» (БУ «Когалымский комплексный центр социального обслуживания населения») | D57: Некоммерческая организация, бюджетное учреждение | E57: Семен Ольга Сергеевна | F57: 8608040851 | G57: 628484, Россия, Ханты-Мансийский автономный округ – Югра, г. Когалым, ул. Прибалтийская, дом 17 А | H57: 628484, Россия, Ханты-Мансийский автономный округ – Югра, г. Когалым, ул. Прибалтийская, дом 17 А, телефон 8 (34667) 2-59-84, 2-16-11 kogkcson@admhmao.ru | I57: https://org-kogalymskij-kcson-r86.gosweb.gosuslugi.ru/napravleniya-deyatelnosti/otdyh-i-ozdorovlenie-detey.html | J57: Оздоровительные смены для несовершеннолтених получателей социальных услуг, площадки краткосрочного пребывания для несовершеннолетних получателей социальных услуг | K57: Сезонный | L57: Оздоровительные смены: с 03.06.2026 по 30.06.2026; с 01.07.2026 по 31.07.2026; с 03.08.2026 по 31.08.2026 Площадки краткосрочного пребывания: с 01.06.2026 по 11.06.2026; с 06.07.2026 по 17.07.2026; с 03.08.2026 по 14.08.2026 | M57: бесплатно | N57: Оздоровительные смены: 3 - 17 лет Площадки краткосрочного пребывания: 6-17 лет | O57: Проживание детей в период проведения оздоровительных смен не предусмотрено. Обеспечивается 4-х разовое питание. Проживание детей в период проведения площадок краткосрочного пребывания не предусмотрено. Питание не предусмотрено. | P57: Отсутствует | Q57: Здание комплексного центра социального обслуживания населения – введено в эксплуатацию в 2003 году | R57: Санитарно-эпидемиологическое заключение выдано территориальным отделом Управления Федеральной службы по надзору в сфере защиты прав потребителей и благополучия человека по Ханты-Мансийскому автономному округу – Югре в г. Когалыме от 28.05.2025 № 86.КЦ.01.000.М.000020.05.25, до 28.05.2026 | S57: Внеплановая проверка Прокуратуры г.Когалыма на предмет соблюдения законодательства о защите прав инвалидов в социальных учреждениях. Представление об устранении нарушений закона от 23.01.2025 № 07-08-2025/Прдп16-25-20711006. Нарушения устранены. Проверка ТОУ Роспотребнадзора по ХМАО-Югре в г.Когалыме. Предписание об устранении выявленных нарушений обязательных требований от 26.06.2025 № 46-Н. Нарушения устранены. Проверка Прокуратуры г.Когалыма на предмет соблюдения требований законодательства. Представление об устранении нарушений закона от 15.10.2025 №07-08-2025. Нарушения устранены, 1 нарушение-срок продлен. | T57: Лицензия от 02.04.2018 № ЛО-86-01-002974 на осуществление медицинской деятельности (бессрочно) | U57: Отсутствует | V57: В соответствии с паспортом доступности объект доступен полностью всем категориям людей с инвалидностью и маломобильным гражданам. Организованы ситуационная помощь, сопровождение по зданию с помощью ассистентов по оказанию технической помощи, специалистов учреждения; имеется пандус, поручни, лифт пассажирский, акустические и визуальные средства; надлежащее размещение носителей информации, необходимой для обеспечения беспрепятственного доступа к зданию и услугам, в том числе дублирование надписей и иной текстовой и графической информации знаками, выполненными рельефно-точечным шрифтом Брайля и на контрастном фоне; адаптация официального сайта учреждения для лиц с нарушением зрения (слабовидящих). Штат учреждения имеет квалифицированных специалистов по работе с детьми-инвалидами (по слуху; по зрению; с нарушениями опорно-двигательного аппарата; ментальными нарушениями) с учетом особых потребностей детей-инвалидов. | W57: Внеплановая проверка Прокуратуры г.Когалыма на предмет соблюдения законодательства о защите прав инвалидов в социальных учреждениях. Представление об устранении нарушений закона от 23.01.2025 № 07-08-2025/Прдп16-25-20711006. Нарушения устранены. Проверка ТОУ Роспотребнадзора по ХМАО-Югре в г.Когалыме. Предписание об устранении выявленных нарушений обязательных требований от 26.06.2025 № 46-Н. Нарушения устранены. Проверка Прокуратуры г.Когалыма на предмет соблюдения требований законодательства. Представление об устранении нарушений закона от 15.10.2025 №07-08-2025. Нарушения устранены, 1 нарушение-срок продлен. | X57: Лицензия от 02.04.2018 № ЛО-86-01-002974 на осуществление медицинской деятельности | Y57: Отсутствует | Z57: В соответствии с паспортом доступности объект доступен полностью избирательно для инвалидов с нарушением опорно-двигательного аппарата и умственного развития; доступен частично избирательно для инвалидов, передвигающихся на кресло-колясках, с нарушениями зрения, с нарушениями слуха. Обеспечено оказание ситуационной помощи, сопровождение по зданию с помощью ассистентов по оказанию технической помощи и специалистов учреждения; имеется пандус, поручни, лифт пассажирский, акустические и визуальные средства; надлежащее размещение носителей информации, необходимой для обеспечения беспрепятственного доступа к зданию и услугам, в том числе дублирование надписей и иной текстовой и графической информации знаками, выполненными рельефно-точечным шрифтом Брайля и на контрастном фоне; адаптация официального сайта учреждения для лиц с нарушением зрения (слабовидящих). Штат учреждения имеет квалифицированных специалистов по работе с детьми-инвалидами (по слуху; по зрению; с нарушениями опорно-двигательного аппарата; ментальными нарушениями) с учетом особых потребностей детей-инвалидов. Условия для хранения лекарственных препаратов для медицинского применения соблюдены в соответствии с Правилами хранения лекарственных средств, утверждёнными приказом Министерства здравоохранения и социального развития РФ от 23.08.2010 № 706-н. | AD57: Комплексная программа организации оздоровления, отдыха и занятости детей и подростков с ограниченными возможностями в период летних оздоровительных смен "Летний ветер"; Комплексная программа организации летнего отдыха, занятости и оздоровления несоврешеннолетних, испытывающих трудности в социальной адаптации, в условиях площадки краткосрочного пребывания "Клуб путешественников".
A58: 1 | B58: 9 | C58: Муниципальное автономное учреждение «Спортивная школа «Дворец спорта» | D58: Некоммерческая организация, автономное учреждение | E58: Прохорин Дмитрий Анатольевич | F58: 8608041005 | G58: 628484, Россия, Ханты-Мансийский автономный округ - Югра, г. Когалым, ул. Дружбы народов 3 | H58: 628484, Россия, Ханты-Мансийский автономный округ - Югра, г. Когалым, ул. Дружбы народов 3 тел.:(34667) 2-50-68, 2-54-62 факс: (34667) 2-50-68 dvorec86@mail.ru | I58: http://dvorec86.ru/ | J58: Лагерь с дневным пребыванием детей | K58: Сезонный | L58: Лето: с 02 июня по 24 июня 2026 года | M58: Родительская плата не предусмотрена. | N58: 6 до 17 лет (включительно) | O58: Проживание детей в период проведения смен не предусмотрено. Обеспечивается: 2-х разовое питание | P58: Плавательный бассейн | Q58: Спортивный комплекс «Дворец спорта» введен в эксплуатацию в 1995 г. | R58: Санитарно-эпидемиологическое заключение выдано территориальным отделом Управления Федеральной службы по надзору в сфере защиты прав потребителей и благополучия человека по Ханты-Мансийскому автономному округу-Югре в г.Когалыме от 28.05.2024 г. № 86.КЦ.01.000.М.000027.05.24, до 28.05.2026 | S58: Прокуратура г. Когалыма. Представление об устранении нарушений требований законодательства от 25.04.2025 №07-08-2025, от 26.05.2025 №07-08-2025/Прдп93-25-20711006. Замечания устранены. Представление Роспотребнадзора от 24.06.2025 №12. Замечания устранены. | T58: Договор на оказание платных медицинских услуг в период работы лагеря на стадии заключения | U58: Отсутствует | V58: Согласно паспорту доступности объекта, условия созданы частично избирательно. | W58: Прокуратура г. Когалыма. Представление об устранении нарушений требований законодательства от 25.04.2025 №07-08-2025, от 26.05.2025 №07-08-2025/Прдп93-25-20711006. Замечания устранены. Представление Роспотребнадзора от 24.06.2025 №12. Замечания устранены. | X58: Договор № 2022-72/14 от 11.05.2022 г. на оказание платных медицинских услуг | Y58: Отсутствует | Z58: Согласно паспорту доступности объекта, условия созданы частично избирательно. | AD58: На стадии разработки
A59: 1 | B59: 10 | C59: Муниципальное автономное учреждение «Молодёжный комплексный центр «Феникс» (МАУ «МКЦ «Феникс») | D59: Некоммерческая организация, автономное учреждение | E59: Хайруллина Лариса Геннадьевна | F59: 8608040964 | G59: 628485,Россия, Тюменская область, Ханты-Мансийский автономный округ– Югра, г.Когалым, ул.Сибирская, 11 | H59: 628486, Россия, Тюменская область, Ханты-Мансийский автономный округ-Югра, город Когалым, ул. Дружбы Народов, д. 10/1 тел.:(34667)20603, факс: (34667) 20603, adm-sch3@admkogalym.ru | I59: мкц-феникс.рф | J59: Лагерь труда и отдыха | K59: Сезонный | L59: Лето: с 10 июля по 30 июля 2026 года | M59: Родительская плата отсутствует. | N59: 14-17лет | O59: Проживание детей в период проведения смен не предусмотрено. Обеспечивается: 2-х разовое питание | P59: Отсутствует | Q59: Здание школы – введено в эксплуатацию в 1983 году | R59: Санитарно-эпидемиологическое заключение выдано территориальным отделом Управления Федеральной службы по надзору в сфере защиты прав потребителей и благополучия человека по Ханты-Мансийскому автономному округу в г. Когалыме от 27.06.2025 № 86.КЦ.01.000.М.000028.06.25 , до 26.06.2026 | S59: Управлением Федеральной службы по надзору в сфере защиты прав потребителей и благополучия человека по Ханты-Мансийскому автономному огругу -ЮГРЕ Территориальным отделом в городе Когалыме проведён профилактический визит по инициативе контролируемого лица. Акт профилактического визита от 02.07.2025 года. Нарушений не выявлено. | T59: Договор № 2025-43/14/49 от 05.05.2025г. Об оказании медицинских услуг с БУ «Когалымская городская больница» | U59: - | V59: Согласно паспорту доступности объекта, условия созданы частично. Пандус, поручни, отсутствие порогов по пути следования, назначение ответственного сопровождающего, ступенькоход, в медицинском кабинете предусмотрена возможность хранения лекарственных средств.. | W59: Управлением Федеральной службы по надзору в сфере защиты прав потребителей и благополучия человека по Ханты-Мансийскому автономному огругу -ЮГРЕ Территориальным отделом в городе Когалыме проведён профилактический визит по инициативе контролируемого лица. Акт профилактического визита от 02.07.2025 года. Нарушений не выявлено. | X59: Договор № 2024-27/14 от 05.04.2024г. Об оказании медицинских услуг с БУ «Когалымская городская больница» | Y59: - | Z59: Согласно паспорту доступности объекта, условия созданы частично. Кнопка вызова персонала, пандус, поручни, отсутствие порогов по пути следования, назначение ответственного сопровождающего, ступенькоход, тактильные вывески со шрифтом Брайля, в медицинском кабинете предусмотрена возможность хранения лекарственных средств. | AD59: На стадии разработки
A60: 1 | B60: 11 | C60: Оздоровительный лагерь с дневным пребыванием детей «ШИК» (школа интересных каникул) на базе муниципального автономного учреждения дополнительного образования «Детская школа искусств» города Когалыма | D60: Муниципальное автономное учреждение | E60: Томилова Марина Сергеевна | F60: 8608040379 | G60: 628484, Тюменская область, Ханты-Мансийский автономный округ – Югра, г. Когалым, улица Мира, 17. | H60: 628484, Тюменская область, Ханты-Мансийский автономный округ – Югра, город Когалым, улица Мира, дом 17. тел.: (34667) 2-05-75 факс: (34667)2-88-17 Е –mail: artschoolkogalym@mail.ru | I60: https://vk.com/public204113722 | J60: Оздоровительный лагерь с дневным пребыванием детей | K60: Сезонный | L60: с 01.06.2026по 24.06.2026г. | M60: 1269.26 | N60: 7-14 лет | O60: Проживание детей в период проведения смен не предусмотрено. Обеспечивается 2-х разовое питание | P60: Отсутствует | Q60: Здание школы – введено в эксплуатацию в 1995 году | R60: Санитарно-эпидемиологическое заключение выдано территориальным отделом Управления Федеральной службы по надзору в сфере защиты прав потребителей и благополучия человека по Ханты-Мансийскому автономному округу в г. Когалыме от 28.05.2025 № 86.КЦ.01.000.М.000022.05.25, до 28.05.2026 | S60: Проведена плановая проверка Управлением Федеральной службы по надзору в сфере защиты прав потребителей и благополучия человека по Ханты-Мансийскому автономному огругу -ЮГРЕ. Территориального отдела в городе Когалыме. Акт проверки № 42-Н от 16.06.2025г.года. Замечания устранены в полном объеме в установленные сроки. | T60: Договор № 2025-44/14 от 13.05.2025г. Об оказании медицинских услуг с БУ «Когалымская городская больница» | U60: Лицензия на осуществление образовательной деятельности №1919 от 27.02.2015г. | V60: Согласно паспорту доступности объекта, условия созданы частично. Механический подъёмник, поручни, отсутствие порогов по пути следования, назначение ответственного сопровождающего, в медицинском кабинете предусмотрена возможность хранения лекарственных средств. | W60: Проведена плановая проверка Управлением Федеральной службы по надзору в сфере защиты прав потребителей и благополучия человека по Ханты-Мансийскому автономному огругу -ЮГРЕ. Территориального отдела в городе Когалыме. Акт проверки № 42-Н от 16.06.2025г.года. Замечания устранены в полном объеме в установленные сроки. | X60: Договор № 2023-49/14 от 10.05.2023г. Об оказании медицинских услуг с БУ «Когалымская городская больница» | Y60: Лицензия на осуществление образовательной деятельности №1919 от 27.02.2015г. | Z60: Согласно паспорту доступности объекта, условия созданы частично. Механический подъёмник, поручни, отсутствие порогов по пути следования, назначение ответственного сопровождающего, в медицинском кабинете предусмотрена возможность хранения лекарственных средств. | AD60: На стадии разработки
A61: Кондинский район | AA61: 1
A62: 1 | B62: 1 | C62: Муниципальное бюджетное учреждение дополнительного образования оздоровительно-образовательный (профильный) центр "Юбилейный" (МБУ ДО ООЦ "Юбилейный") | D62: Муниципальное казенное учреждение | E62: Танана Анастасия Юрьевна | F62: 861601001 | G62: 628220,Тюменская область,ХМАО-Югра,Кондинский р-н,,пгт Луговой,Корповская,1 | H62: 628220,Тюменская область,ХМАО-Югра,Кондинский р-н,,пгт Луговой,Корповская,1 | I62: https://odo-yubilejnyj-r86.gosweb.gosuslugi.ru/ https://vk.com/ubileiniycenter | J62: лагерь с круглосуточным пребыванием | K62: круглогодичный | L62: Лето: 1 смена: 01.06.-22.06.2026 2 смена: 24.06.-14.07.2026 3 смена: 09.08.-29.08.2026 | M62: 3641.04 | N62: От 6 до 17 лет (включительно) | O62: 5-ти разовое питание в смену на 90 посадочных мест, жилой корпус (АБК) на 60 мест, спальный корпус №1 по 11 спальных мест, спальный корпус №2 по 11 спальных мест | P62: отсутствует | Q62: Здание АБК 2002 г. Спальный корпус №1, Спальный корпус №2 - 2004 г. | R62: Санитарно-эпидемиологическое заключение 86.УЦ.01.000.М.000020.04.26 от 28.04.2026 г. | S62: Сроки: 15.05.2023 -15.05.2024 | U62: 1 | W62: Проверка роспотребнадзора (выездная, плановая) 25.12.2025 г. Без нарушений. | X62: ежегодно заключаем договор с медицинским учреждением на оказание платных услуг | Y62: №1836 от07.04.2021 | Z62: не обеспечена | AA62: 1 | AD62: https://odo-yubilejnyj-r86.gosweb.gosuslugi.ru/svedeniya-ob-organizatsii-otdyha-detey-i-ih-ozdorovlenii/deyatelnost/
A63: 1 | B63: 2 | C63: Муниципальное бюджетное общеобразовательное учреждение Междуреченская средняя общеобразовательная школа (МБОУ Междуреченская СОШ) | D63: М униципальное казенное учреждение | E63: Росляков Серегей Петрович | F63: 8616004991 | G63: 628200, России Ханты-Мансийский автономный округ-Югра, Кондинский район, п. Междуреченский, корпус 1 ул. Сибирская, д. 53, корпус 2 ул. Центральная 19А, ул. Ленина 6а | H63: 628200, России Ханты-Мансийский автономный округ-Югра, Кондинский район, п. Междуреченский, корпус 1 ул. Сибирская, д. 53, корпус 2 ул. Центральная 19А | I63: https://shkolamezhdurechenskaya-r86.gosweb.gosuslugi.ru/ | J63: Лагерь с дневным пребываением | K63: сезонный | L63: Весеняя смена: 22.03.28.03.202 Лето: 1 смена: с 01.06.-25.06.2026 2 смена: с 29.06.-22.07.2026 Осенняя смена: 26.10-01.11.2026 | M63: 373 469,18 373 | N63: От 6 до 17 лет (включительно) | O63: Проживание детей в период проведения смен не предусмотрено. Обеспечивается 2-х разовое питание | P63: отсутствует | Q63: Ввод в эксплуатацию 1 корпус в 1996 г; 2 корпус в 2016 г | R63: Санитарно-эпидемиологическоое заключение от 25.05.2026 г. № 86.УЦ.01.000.М.000039.05.26 | S63: до 21.04.2024 года | T63: 1 | W63: Роспотребнадзор (плановая) 22.06.2022г., нарушения не выявлено. | X63: Соглашение о совместной деятельности по организации медицинского обслуживания воспитанников от 26.08.2019 года № 1/2019-ОМОВ | Y63: серия 86Л01 № 0001961 от 02.09.2016 г. | Z63: доступность обеспечена | AA63: 1 | AB63: 1 | AD63: в разработке
A64: 1 | B64: 3 | C64: Муниципальное казенное общеобразовательное учреждение Ягодинская средняя общеобразовательная школа (МКОУ Ягодинская СОШ) | D64: М униципальное казенное учреждение | E64: Путилова Ольга Анатольевна | F64: 8616006195 | G64: 628213, Тюменская область, Кондинский район, п. Ягодный, Центральная, дом № 27 | H64: 628213, Тюменская область, Кондинский район, п. Ягодный, Центральная, дом № 27, (34677) 51-075, ys272007@yandex.ru | I64: https://shkolayagodinskaya-r86.gosweb.gosuslugi.ru/ | J64: Лагерь с дневным пребыванием детей | K64: Сезонный | L64: Весенняя смена: с 28.03-04.04.2026 Лето: 1 смена: с 01.06.-25.06.2026 2 смена: с 29.06.-22.07.2026 Осенняя смена: 26.10.-01.11.2026 | M64: 373 469,18 373 | N64: От 6 до 17 лет (включительно) | O64: Проживание детей в период проведения смен не предусмотрено. Обеспечивается 2-х разовое питание | P64: отсутствует | Q64: Здание школы введено в эксплуатацию в 2010 году, капитальный ремонт не проводился | R64: Санитарно-эпидемиологическое заключение № 86.УЦ.01.000.М.000033.05.26 от 14.05.2026 г. | S64: с 15.05.2023 по 14.05.2024 г | T64: 1 | U64: 0 | W64: Профилактический визит роспотребнадзора (плановый) с 12.11.2025 года по 25.11.2025 (акт от 12.11.2025 года), нарушения устранены | X64: ЛицензияЛ041-01193-86/00348024 Соглашение от 01.09.2025 № 25//2025-ОМОВ о совместной деятельности по организации медицинского обслуживания воспитанников с БУ «Кондинская районная больница» | Y64: Серия 86Л01 № 0002626 от 30.09.2019 года | Z64: Доступность обеспечена | AA64: 1 | AB64: 1 | AD64: https://shkolayagodinskaya-r86.gosweb.gosuslugi.ru/glavnoe/svedeniya-ob-organizatsii-otdyha-detey-i-ih-ozdorovleniya/
A65: 1 | B65: 4 | C65: Муниципальное казенное общеобразовательное учреждение Морткинская средняя общелбразовательная школа (МКОУ Морткинская СОШ) | D65: М униципальное казенное учреждение | E65: Мурашина Ольга Геннадьевна | F65: 8616003927 | G65: 628206 ХМАО-Югра, Тюменская обл., Кондинский район, пгт. Мортка, ул. Г.М.Борисова,д.5 | H65: ХМАО-Югра, Тюменская область, Кондинский район, пгт. Мортка, ул. Г.М. Борисова, д.5.8(34677)30-345 E-mail:86sch-mortka@yandex.ru | I65: 86sch-mortka@yandex.ru | J65: лагерь с денвным пребыванием детей | K65: сезонный | L65: Весенняя смена: 28.03.-04.04.2026 Лето: 2 смена: с 29.06.-22.07.2026 Осень: 26.10.-01.11.2026 Осенняя смена: 26.10.-01.11.2026 | M65: 373 469,18 373 | N65: От 6 до 17 лет (включительно) | O65: Проживание детей в период проведения смен не предусмотрено. Обеспечивается 2-х разовое питание | P65: отсутствует | Q65: 1972 год ввода в эксплуатацию , капитальный ремонт в 2005 году | R65: санитарное эпидемиологическое заключение от 13.04.2026 №86.УЦ.01.000.М.000012.04.26 | W65: Проверка роспотребнадзор (плановая) С 10.04.2025 по 16.04.2025 - нарушений не выявлено; | X65: ЛО-86-01-002828 от 04.09.2017 | Y65: Лицензия от 10.10.2016 № 2761 на осуществление образовательной деятельности | Z65: Обеспечены условия для отдыха и оздоровления детей -инвалидов и ОВЗ | AA65: 1 | AD65: в разработке
A66: 1 | B66: 5 | C66: Муниципальное казенное общеобразовательное учреждение Кондинская средняя общеобразовательная школа (МКОУ Кондинская СОШ) | D66: Муниципальное казенное учреждение | E66: Кузьмина Элеонора Викторовна | F66: 8616006237 | G66: 628210, ХМАО-Югры, Тюменская область, Кондинский район, пгт.Кондинское, ул.Советская, 16. | H66: 628210, ХМАО-Югры, Тюменская область, Кондинский район, пгт.Кондинское, ул.Советская, 16. | I66: https://shkolakondinskaya-r86.gosweb.gosuslugi.ru/ | J66: Лагерь с дневным пребыванием | K66: сезонный | L66: Весенняя смена: 28.03-04.04.2026 Лето: 1 смена: с 01.06.-25.06.2026 2 смена: с 29.06.-22.07.2026 Осенняя смена: 26.10.-01.11.2026 | M66: 373 469,18 373 | N66: От 6 до 17 лет (включительно) | O66: Проживание детей в период проведения смен не предусмотрено. Обеспечивается 2-х разовое питание | P66: отсутствует | Q66: Ввод в эксплуатацию 2001г. | R66: Санитарно-эпидемиологическое заключение № 86.УЦ.01.000.М.000032.05.2026 от 14.05.2026 | S66: до 28.04.2024 | U66: 1 | W66: Профилактический визит Роспотребнадзор 16.06.2025г. Нарушений не выявлено. Профилактический визит ГУ МЧС по ХМАО-Югре 04.06.2025. Нарушений не выявлено. Профилактический визит ГУ МЧС по ХМАО-Югре 16.06.2025. Нарушений не выявлено. | X66: Соглашение о совместной деятельности по организации медицинского обслуживания воспитанников от 01.09.2025 года № 9/2025-ОМОВ | Y66: Серия 86Л01 №0001016 от 15.12.2014г. | Z66: Доступность обеспечена | AA66: 1 | AB66: 1 | AD66: https://shkolakondinskaya-r86.gosweb.gosuslugi.ru/netcat/index.php?catalogue=1&sub=210
A67: 1 | B67: 6 | C67: Муниципальное казённое общеобразовательное учреждения Луговская средняя общеобразовательная школа (МКОУ Луговская СОШ) | D67: муниципальное казенное учреждение | E67: Ганиярова Елена Оттовна | F67: 8616004688 | G67: 628220, Российская Федерация, Уральский федеральный округ, Ханты-Мансийский АО - Югра , Кондинский р-н, пгт.Луговой, ул. Пушкина, д. 8. | H67: 628220, Российская Федерация, Уральский федеральный округ, Ханты-Мансийский АО - Югра , Кондинский р-н, пгт.Луговой, ул. Пушкина, д. 8. | I67: https://shkolalugovskaya-r86.gosweb.gosuslugi.ru/ | J67: Лагерь с дневным пребыванием детей | K67: сезонный | L67: Весенняя смена: с 28.03-04.04.2026 Лето: 1 смена: с 01.06.-25.06.2026 2 смена: с 29.06.-22.07.2026 Осенняя смена: 26.10.-01.11.2026 | M67: 373 469,18 373 | N67: От 6 до 17 лет (включительно) | O67: Проживание детей в период проведения смен не предусмотрено. Обеспечивается 2-х разовое питание | P67: отсутствует | Q67: ввод в эксплуатацию - 2015 г., капитального ремонта не было | R67: Санитарно-эпидемиологическое заключение № 86.УЦ.01.000.М.000028.05.26 от 06.05.2026 г. | S67: до 21.04.2024 г. | T67: 1 | W67: Прфилактический визит Роспотребнадзор 03.06.2024 г. нарушений не выявлено | X67: ЛО-86-01-002828 от 04.09.2017 | Y67: Лицензия от 21.10.2015 г. №2345 серия 86Л01 №0001572 | Z67: обеспечена | AA67: 1 | AB67: 1
A68: 1 | B68: 7 | C68: Муниципальное казенное общеобразовательное учреждение Болчаровская средняя общеобразовательная школа (МКОУ Болчаровская СОШ) | D68: муниципальное казенное учреждение | E68: Пакишева Алена Николаевна | F68: 8616001775 | G68: 628217Российская Федерация Уральский федеральный округ, Ханты-Мансийский АО Югра, Кондинский р-он, с.Болчары, ул. Колхозная, д.1 | H68: 628217Российская Федерация Уральский федеральный округ, Ханты-Мансийский АО Югра, Кондинский р-он, с.Болчары, ул. Колхозная, д.2 | I68: https://shkolabolcharovskaya-r86.gosweb.gosuslugi.ru/roditelyam-i-uchenikam/novosti/ | J68: лагерь с дневным пребванием детей | K68: сезонный | L68: Весенняя смена: с 28.03 -04.04.2026 Лето: 1 смена: с 01.06.-25.06.2026 2 смена: с 29.06-22.07.2026 Осенняя смена: 26.10.-01.11.2026 | M68: 373 469,18 373 | N68: От 6 до 17 лет (включительно) | O68: Проживание детей в период проведения смен не предусмотрено. Обеспечивается 2-х разовое питание | P68: отсутствует | Q68: ввод в экплуатацию 2002г. капитального ремонта не было | R68: Санитарно-эпидемиологическое заключение 86.УЦ.01.000.М.000023.04.26 от 28.04.2026 | S68: до 21.04.2024г. | T68: 1 | W68: Проверка Роспотребнадзора плановая (03.02.2026г.) нарушения устранены | X68: Соглашение о совместной деятельности по организации медицинского обслуживания воспитанников от 16.10.2025г. № 17/2025-омов | Y68: Лицензияот 09.12.2014г. №1795 серия 86ЛО1 № 0001003 | Z68: обеспечена | AA68: 1 | AD68: https://shkolakondinskaya-r86.gosweb.gosuslugi.ru/netcat/index.php?catalogue=1&sub=210
A69: 1 | B69: 8 | C69: Муниципальное казенное общеобразовательное учреждение Леушинская средняя общеобразовательная школа (МКОУ Леушинская СОШ) | D69: Муниципальное казенное учреждение | E69: Семушин Дмитрий Леонидович | F69: 8616003902 | G69: 628212 РФ, Тюменская область, ХМАО-Югра, Кондинский р-н, с.Леуши, ул. Волгоградская, 55 | H69: Волгоградская ул., д. 55, с. Леуши, Кондинский район, Ханты-Мансийский автономный округ – Югра, 628212 Телефон/факс (34677) 37-199, 37-077 E-mail: lsosh@mail.ru | I69: shkolaleushinskaya-r86.gosweb.gosuslugi.ru | J69: лагерь с денвным пребыванием детей | K69: сезонный | L69: Весення смена: с 28.03 -04.04.2026 Лето: 1 смена: с 01.06.-25.06.2026 2 смена: с 29.06.-22.07.2026 Осенняя смена: 26.10.-01.11.2026 | M69: 373 469,18 373 | N69: От 6 до 17 лет (включительно) | O69: Проживание детей в период проведения смен не предусмотрено. Обеспечивается 2-х разовое питание | P69: отсутствует | Q69: Здание школы введено в эксплуатацию в 2002, капитальный ремонт не проводился | R69: Санитарно-эпидемиологическое заключение № 86.УЦ.01.000.М.000035.05.26 от 18.05.2026 | S69: до 21.04.2024г | T69: 1 | W69: Проверка роспотребнадзора (плановая) от 29.03.2022 года | X69: Соглашение от 26.08.2019 № 8-1/2019-ОМОВ о совместной деятельности по организации медицинского обслуживания воспитанников с БУ «Кондинская районная больница». | Y69: Лицензия от 30.12.2014 № 1859 на осуществление образовательной деятельности по основным и дополнительным общеобразовательным программам | Z69: Обеспечены условия для отдыха и оздоровления детей -инвалидов и ОВЗ | AA69: 1 | AD69: в разработке
A70: 1 | B70: 9 | C70: Муниципальное казенное общеобразовательное учреждение Половинкинская средняя общеобразовательная школа (МКОУ Половинкинская СОШ) | D70: казенное учреждение | E70: Карплюк Валентина Владимировна | F70: 8616006011 | G70: 628235 Россия, Ханты-Мансийский автономный округ-Югра, Кондинский район, п.Половинка, ул.Комсомольская д.12 | H70: 628235 Россия, Ханты-Мансийский автономный округ-Югра, Кондинский район, п.Половинка, ул.Комсомольская д.12 | I70: https://shkolapolovinkinskaya-r86.gosweb.gosuslugi.ru/ | J70: лагерь с дневным пребыванием детей | K70: сезонный | L70: Весенняя смена: с 28.03-04.04.2026 Лето: 1 смена: с 01.06.-25.06.2026 2 смена: с 29.06.-22.07.2026 Осенняя смена: 26.10.-01.11.2026 | M70: 373 469,18 373 | N70: От 6 до 17 лет (включительно) | O70: Проживание детей в период проведения смен не предусмотрено. Обеспечивается 2-х разовое питание | P70: отсутствует | Q70: ввод в эксплуатацию 2005 год | R70: санитарно-эпидемиологическое заключение 86.УЦ.01.000.М.000024.05.26 от 06.05.2026 | T70: 1 | W70: Проверка Роспотребнадзора плановая от 11.06.2025 нарушений не выявлено | X70: №ЛО-86-01-002358 от 11.01.2016 | Y70: серия 86 Л01 №0002015 от 10.11.2016 | Z70: Доступность обеспечена. Предупредительные знаки имеются | AA70: 1 | AB70: 1 | AD70: https://shkolapolovinkinskaya-r86.gosweb.gosuslugi.ru/glavnoe/svedeniya-ob-organizatsii-otdyha-detey-i-ozdorovleniya/
A71: 1 | B71: 10 | C71: Муниципальное казенное общеобразовательное учреждение Чантырская средняя общеобразовательная школа (МКОУ Чантырская СОШ) | D71: муниципальное казенное учреждение | E71: Собровина Татьяна Сергеевна | F71: 8616008227 | G71: ул. Шаимская д. 11, с. Чантырья, Кондинский район, Ханты-Мансийский автономный округ - Югра, 628233 | H71: ул. Шаимская д. 11, с. Чантырья, Кондинский район, Ханты-Мансийский автономный округ - Югра, 628233 Тел.: 8(3467)757435 sobrovina@mail.ru | I71: https://shkolachantyrskaya-r86.gosweb.gosuslugi.ru/roditelyam-i-uchenikam/novosti/ | J71: Лагерь с дневным пребыванием детей | K71: сезонный | L71: Весенняя смена: с 28.03-04.04.2026 Лето: 1 смена: с 01.06.-25.06.2026 2 смена: с 29.06.-22.07.2026 Осенняя смена: 26.10.-01.11.2026 | M71: 373 469,18 373 | N71: От 6 до 17 лет (включительно) | O71: Проживание детей в период проведения смен не предусмотрено. Обеспечивается 2-х разовое питание | P71: отсутствует | Q71: Здание школы введено в эксплуатацию в 2005 году, капитальный ремонт не проводился | R71: Санитарно-эпидемиологическое заключение № 86.УЦ.01.000.М.000010.03.26 от 30.03.2026 г. | S71: 03.05.2023-03.05.2024 | T71: 1 | W71: проверка не проводилась | X71: Соглашение от 01.09.2025 года № 4 о совместной деятельности по организации медицинского обслуживания обучающихся и воспитанников с бюджетным учреждением Ханты-Мансийского автономного округа - Югры "Центр общей врачебной практики" п. Мулымья. | Y71: Лицензия от 09 ноября 2015 года № 2373 на осуществление образовательной деятельности по основным и дополнительным общеобразовательным программам | Z71: Доступность обеспечена. Предупредительные знаки для слабовидящих людей, имеются пандусы, расширенные дверные проемы. Имеется медицинский кабинет и место хранения лекарственных препаратов. | AA71: 1 | AB71: 1 | AD71: https://shkolachantyrskaya-r86.gosweb.gosuslugi.ru/roditelyam-i-uchenikam/leto/
A72: 1 | B72: 11 | C72: Муниципальное казенное общеобразовательное учреждение «Ушьинская средняя общеобразовательная школа» (МКОУ «Ушьинская СОШ») | D72: муниципальное казенное учреждение | E72: Шандра Татьяна Викторовна | F72: 8606006870 | G72: 628236, Российская Федерация, Уральский федеральный округ,Ханты-Мансийский АО - Югра ,Кондинский р-н,д. Ушья, ул. Школьная, дом 9 | H72: 628236, Российская Федерация, Уральский федеральный округ,Ханты-Мансийский АО - Югра ,Кондинский р-н,д. Ушья, ул.Юбилейная, дом 9 | I72: https://shkolaushinskaya-r86.gosweb.gosuslugi.ru/roditelyam-i-uchenikam/letniy-otdyh/ | J72: Лагерь с дневным пребыванием детей | K72: сезонный | L72: Весенняя смена: с 28.03-04.04.2026 Лето: 1 смена: с 01.06.-25.06.2026 2 смена: с 29.06.-22.07.2026 Осенняя смена: 26.10.-01.11.2026 | M72: 373 469,18 373 | N72: От 6 до 17 лет (включительно) | O72: Проживание детей в период проведения смен не предусмотрено. Обеспечивается 2-х разовое питание | P72: отсутствует | Q72: ввод в эксплуатацию в 2024 г. | R72: санитарно-эпидемиологическое заключение 86.УЦ.01.000.М.000031.05.26 от 14.05.2026 г. | S72: 21.04.2023-21.04.2024 | T72: 1 | W72: проверка роспотребнадзор (профилактическая) 10.10.2023г. Нарушений не выявлено | X72: Соглашение о совместной деятельности по организации медицинского обслуживания обучающихся с бюджетным учреждением Ханты-Мансийского автономного округа - Югры "Центр общей врачебной практики" п. Мулымья. | Y72: Лицензия от 19.09.2019 № Л035-01304-86/00176104 | Z72: обеспечена | AA72: 1 | AB72: 1 | AD72: https://shkolaushinskaya-r86.gosweb.gosuslugi.ru/ob-organizatsii-otdyha-detey-i-ih-ozdorovleniya/ob-organizatsii-otdyha-detey-i-ih-ozdorovleniya1/dokumenty/dokumenty_1337.html
A73: 1 | B73: 12 | C73: Муниципальное казенное общеобразовательное учреждение Юмасинская средняя общеобразовательное учреждение (МКОУ Юмасинская СОШ) | D73: муниципальное казенное учреждение | E73: Бабанаков Вадим Викторовия | F73: 8616003910 | G73: 628215, Ханты-Мансийский Автономный округ - Югра, Кондинский район, д.Юмас, ул. Полевая ул., д.16а | H73: 628215 Россия Ханты-Мансийский АО-Югра, Кондинский район, Тюменская область д. Юмас ул. Лесная 16 а | I73: https://shkolayumasinskaya-r86.gosweb.gosuslugi.ru/ | J73: лагерь с дневным пребыванием детей | K73: сезонный | L73: Весенняя смена: с 28.03-04.04.2026 Лето: 1 смена: с 01.06.-25.06.2026 2 смена: с 29.06.-22.07.2026 Осенняя смена: 26.10.-01.11.2026 | M73: 373 469,18 373 | N73: От 6 до 17 лет (включительно) | O73: Проживание детей в период проведения смен не предусмотрено. Обеспечивается 2-х разовое питание | P73: отсутствует | Q73: ввод в эксплуатацию 2007 г | R73: Санитарно-эпидемиологическое заключение № 86.УЦ.01.000М.000022.04.26 от 28.04.2026 г. | S73: до 12.05.2023 года | U73: 1 | W73: роспотребнадзор (плановая) № 66 от 25.07.2022г., нарушения не выевлено | X73: ЛО-86-01-002828 от 04.09.2017 | Y73: № 1860 от 30.12.2014 | Z73: обеспечена | AA73: 1 | AB73: 1 | AD73: в разработке
A74: 1 | B74: 13 | C74: Муниципальное казенное общеобразовательное учреждение Мулымская средняя общеобразовательная школа (МКОУ Мулымская СОШ) | D74: муниципальное казенное учреждение | E74: Захарова Светлана Александровна | F74: 8616006131 | G74: 628231, Россия, Ханты-Мансийский АО-Югра, Кондинский район, п.Мулымья, ул. Лесная, д. 6 А | H74: 628231, Россия, Ханты-Мансийский АО-Югра, Кондинский район, п.Мулымья, ул. Лесная, д. 6 А | I74: https://shkolamulymskaya-r86.gosweb.gosuslugi.ru/ | J74: лагерь с дневным пребыванием детей | K74: сезонный | L74: Весенняя смена: с 28.03-04.04.2026 Лето: 1 смена: с 01.06.-25.06.2026 2 смена: с 29.06.-22.07.2026 Осенняя смена: 26.10.-01.11.2026 | M74: 373 469,18 373 | N74: От 6 до 17 лет (включительно) | O74: Проживание детей в период проведения смен не предусмотрено. Обеспечивается 2-х разовое питание | P74: отсутствует | Q74: Ввод в эксплуатацию в 2012 г | R74: Санитарно-эпидемиологическое заключение № 86.УЦ.01.000М.000009.03.26 от 30.03.2026 | S74: до 12.05.2023 года | U74: 1 | W74: нарушений не выявлено | X74: отсутствует | Y74: №1797, от 09.12.2014 | Z74: обеспечена | AA74: 1 | AB74: 1 | AD74: https://shkolamulymskaya-r86.gosweb.gosuslugi.ru/roditelyam-i-uchenikam/letniy-otdyh/
A75: 1 | B75: 14 | C75: Муниципальное казённое общеобразовательное учреждение Шугурская средняя общеобразовательная школа (МКОУ Шугурская СОШ) | D75: муниципальное казенное учреждение | E75: Нохова Эмилия Максимовна | F75: 8616006170 | G75: 628230, Российская Федерация, Уральский федеральный округ, Ханты-Мансийский АО - Югра , Кондинский р-н, п. Шугур, ул. Школьная, д. 8. | H75: 628230, Российская Федерация, Уральский федеральный округ, Ханты-Мансийский АО - Югра , Кондинский р-н, п. Шугур, ул. Школьная, д. 8. | I75: https://shugur.gosuslugi.ru/ | J75: лагерь с дневным пребыванием детей | K75: сезонный | L75: Весенняя смена: с 28.03-04.04.2026 Лето: 1 смена: с 01.06.-25.06.2026 2 смена: с 29.06.-22.07.2026 Осенняя смена: 31.10.- 07.11.2026 | M75: 373 469,18 373 | N75: От 6 до 17 лет (включительно) | O75: Проживание детей в период проведения смен не предусмотрено. Обеспечивается 2-х разовое питание | P75: отсутствует | Q75: Здание школы введено в эксплуатацию в 2008 году, капитальный ремонт не проводился | R75: Санитарно-эпидемиологическое заключение № 86.УЦ.01.000.М.000040.05.26 от 25.05.2026 г. | S75: до 30.04.2023 | U75: 1 | W75: Проверка роспотребнадзора (профилактический визит) 10.02.2026г. Нарушений не выявлено | X75: Л041-01193-86/00348024 от 12.10.2020 Соглашение №19/2025-ОМОВ о совместной деятельности по организации медицинского обслуживания воспитанников от 16.10.2025 | Y75: Лицензия от 27.09.2019 №3342 Серия 86ЛО1 №0002625 | Z75: Обеспечена | AA75: 1 | AB75: 1 | AD75: https://shugur.gosuslugi.ru/svedeniya-ob-obrazovatelnoy-organizatsii/dokumenty/dokumenty-all_1905.html
A76: 1 | B76: 15 | C76: Муниципальное казенное общеобразовательное учреждение Алтайская средняя общеобразовательная школа (МКОУ Алтайская СОШ) | D76: муниципальное казенное учреждение | E76: Чернобровина Ольга Сергеевна | F76: 8616006318 | G76: 628218, Российская Федерация,Уральский федеральный округ, ХМАО-Югра,Кондинский район,с.Алтай,ул.Школьная10 | H76: 628218, Российская Федерация, Уральский федеральный округ, Ханты-Мансийский АО - Югра , Кондинский р-н, с.Алтай, ул. Школьная 10 | I76: https://shkolaaltajskaya-r86.gosweb.gosuslugi.ru/ | J76: лагерь с дневным пребыванием детей | K76: сезонный | L76: Лето: 1 смена: 01.06.-25.06.2026 Осенняя смена: 31.10.- 07.11.2026 | M76: 469,18 373 | N76: От 6 до 17 лет (включительно) | O76: Проживание детей в период проведения смен не предусмотрено. Обеспечивается 2-х разовое питание | P76: отсутствует | Q76: ввод в эксплуатацию - 2018 г., капитального ремонта не было | R76: Санитарно-эпидемиологическое заключение №86.УЦ.01.000.М.000021.04.26 от 28.04.2026 г. | S76: до 21.04.2024 г. | T76: 1 | W76: проверки не проводились | X76: соглашение №9-2/1-2019-ОМОВ от 14 октября 2019 года | Y76: Лицензия от 27 апреля 2018 года №3087 серия 86Л01 №0002361 | Z76: обеспечена | AA76: 1 | AB76: 1 | AD76: в разработке
A77: 1 | B77: 16 | C77: Муниципальное казенное общеобразовательное учреждение Алтайская средняя общеобразовательная школа (МКОУ Алтайская СОШ) | D77: муниципальное казенное учреждение | E77: Чернобровина Ольга Сергеевна | F77: 8616006318 | G77: 628218, Российская Федерация,Уральский федеральный округ, ХМАО-Югра,Кондинский район,с.Алтай, ул.Школьная, 10 | H77: 628218, Российская Федерация, Уральский федеральный округ, Ханты-Мансийский АО - Югра , Кондинский р-н, д.Кама, ул.Ленина, д.37 | I77: https://shkolaaltajskaya-r86.gosweb.gosuslugi.ru/ | J77: Лагерь с дневным пребыванием детей | K77: сезонный | L77: Весенняя смена: 28.03-04.04.2026 Лето: 1 смена: 01.06.-25.06.2026 | M77: 373 469,18 | N77: От 6 до 17 лет (включительно) | O77: Проживание детей в период проведения смен не предусмотрено. Обеспечивается 2-х разовое питание | P77: отсутствует | Q77: ввод в эксплуатацию - 1984 г., капитальный ремонт в 2019г. | R77: Санитарно-эпидемиологическое заключение №86.УЦ.01.000.М.000021.04.26 от 28.04.2026 г. | S77: до 28.04.2023 | U77: 1 | W77: проверки не проводились | X77: соглашение №9-2/1-2019-ОМОВ от 14 октября 2019 года | Y77: Лицензия от 27 апреля 2018 года №3087 серия 86Л01 №0002361 | Z77: условия обеспечены | AA77: 1 | AB77: 1 | AD77: в разработке
A78: 1 | B78: 17 | C78: Муниципальное автономное учреждение дополнительного образования «Спортивная школа Олимпийского резерва по дзюдо» (МАУ ДО СШОР по дзюдо) | D78: Автономное учреждение | E78: Соколов Андрей Николаевич | F78: 8616002264 | G78: 628200, Ханты - Мансийский автономный округ-Югра, Кондинский район, пгт.Междуреченский, ул.Сибирская, 51 | H78: 628200, Ханты - Мансийский автономный округ-Югра, Кондинский район, пгт.Междуреченский, ул.Сибирская, 51 | I78: judo-konda.hmaoschool.ru | J78: Лагерь с дневным пребыванием детей | K78: сезонный | L78: Лето: 2 смена: 29.06.-22.07.2026 | M78: 469.18 | N78: От 6 до 17 лет (включительно) | O78: Проживание детей в период проведения смен не предусмотрено. Обеспечивается 2-х разовое питание | P78: отсутствует | Q78: Здание зала единоборств введено в эксплуатацию в 1998 | R78: Санитарно-эпидемиологическое заключение № 86.УЦ.01.000.М.000015.04.26 от 16.04.2026 года | T78: 1 | W78: Проверка Роспотребнадзором с 12.07 по 25.07.2023 года (плановая) нарушений не выявлено | X78: отсутствует | Y78: № 1553 от 07.07.2014 | Z78: Организация не обеспечена доступностью для детей инвалидов. | AA78: 1 | AB78: 1 | AD78: в разработке
A79: 1 | B79: 18 | C79: Муниципальное бюджетное учреждение дополнительного образования Районная спортивная школа имени И.В.Пахтышева (МБУ ДО РСШ им.И.В.Пахтышева) | D79: Муниципальное бюджетное учреждение | E79: Сафронов Дмитрий Викторович | F79: 8616006999 | G79: 628200, Ханты-Мансийский АО-Югра, Кондинский район, п.г.т.Междуреченский, ул.Ленина, 6 а | H79: 628206, Ханты-Мансийский АО-Югра, Кондинский район, п.г.т.Мортка, ул.Путейская 16 | I79: https://86rdyush.edusite.ru/ | J79: лагерь с денвным пребыванием детей | K79: сезонный | L79: Лето: 1 смена: 01.06.-25.06.2026 2 смена: 29.06.-22.07.2026 | M79: 469.18 | N79: От 6 до 17 лет (включительно) | O79: Проживание детей в период проведения смен не предусмотрено. Обеспечивается 2-х разовое питание | P79: отсутствует | Q79: Ввод в эксплуатацию 2013 | R79: санитарное эпидемиологическое заключение от 16.04.2026 №86.УЦ.01.000.М.000016.04.26 | T79: 1 | W79: Плановая выездная проверка Роспотребнадзора 05.06.2025 нарушений не выявлено; Профилактический визит Роспотребнадзора (плановый) 07.07.2025, нарушений не выявлено | X79: Договор с БУ "Кондинская районнная больница от 26.03.2026 года № 39/2026-СОПР | Y79: №Л035-01304-86/00175789 от 29.07.2021 с изменениями от 07.04.2023 | Z79: доступность обеспечена | AA79: 1 | AD79: в разработке
A80: 1 | B80: 19 | C80: Муниципальное бюджетное учреждение дополнительного образования Районная спортивная школа имени И.В.Пахтышева (МБУ ДО РСШ им.И.В.Пахтышева) | D80: Муниципальное бюджетное учреждение | E80: Сафронов Дмитрий Викторович | F80: 8616006999 | G80: 628217, Ханты-Мансийский АО-Югра, Кондинский район, п.г.т.Междуреченский, ул.Ленина, 6 а | H80: 628200, Ханты-Мансийский АО-Югра, Кондинский район, с.Болчары, ул.Ленина 65 | I80: https://86rdyush.edusite.ru/ | J80: лагерь с денвным пребыванием детей | K80: сезонный | L80: Лето: 1 смена: 01.06.-25.06.2026 | M80: 469.18 | N80: От 6 до 17 лет (включительно) | O80: Проживание детей в период проведения смен не предусмотрено. Обеспечивается 2-х разовое питание | P80: отсутствует | Q80: Ввод в эксплуатацию 1987 | R80: санитарное эпидемиологическое заключение от 16.04.2026 №86.УЦ.01.000.М.000016.04.26 | T80: 1 | W80: Плановая выездная проверка Роспотребнадзора 05.06.2025 нарушений не выявлено | X80: Договор с БУ "Кондинская районнная больница от 26.03.2026 года № 39/2026-СОПР | Y80: №Л035-01304-86/00175789 от 29.07.2021 с изменениями от 07.04.2023 | Z80: доступность обеспечена | AA80: 1 | AD80: в разработке
A81: 1 | B81: 20 | C81: Муниципальное бюджетное учреждение дополнительного образования Районная спортивная школа имени И.В.Пахтышева (МБУ ДО РСШ им.И.В.Пахтышева) | D81: Муниципальное бюджетное учреждение | E81: Сафронов Дмитрий Викторович | F81: 8616006999 | G81: 628200, Ханты-Мансийский АО-Югра, Кондинский район, п.г.т.Междуреченский, ул.Ленина, 6 а | H81: 628200, Ханты-Мансийский АО-Югра, Кондинский район, п.г.т.Междуреченский, ул.Ленина 6 А | I81: https://86rdyush.edusite.ru/ | J81: лагерь с денвным пребыванием детей | K81: сезонный | L81: Лето: 2 смена: 29.06.-22.07.2026 | M81: 469.18 | N81: 6 до 17 лет (включительно) | O81: Проживание детей в период проведения смен не предусмотрено. Обеспечивается 2-х разовое питание | P81: отсутствует | Q81: Ввод в эксплуатацию 06.05.2022 | R81: санитарное эпидемиологическое заключение от 16.04.2026 №86.УЦ.01.000.М.000016.04.26 | T81: 1 | W81: Плановая выездная проверка Роспотребнадзора 05.06.2025 нарушений не выявлено; Профилактический визит Роспотребнадзора (плановый) 07.07.2025, нарушений не выявлено | X81: Договор с БУ "Кондинская районнная больница от 26.03.2026 года № 39/2026-СОПР | Y81: №Л035-01304-86/00175789 от 29.07.2021 с изменениями от 07.04.2023 | Z81: доступность обеспечена | AA81: 1 | AD81: в разработке
A82: 1 | B82: 21 | C82: Муниципальное бюджетное учреждение дополнительного образования Районная спортивная школа имени И.В.Пахтышева (МБУ ДО РСШ им.И.В.Пахтышева) | D82: Муниципальное Бюджетное учреждение | E82: Сафронов Дмитрий Викторович | F82: 8616006999 | G82: 628200, Ханты-Мансийский АО-Югра, Кондинский район, п.г.т.Междуреченский, ул. Ленина 6 А | H82: 628213, Ханты-Мансийский АО-Югра, Кондинский район, п.Ягодный, ул. Центральная 20 А | I82: https://86rdyush.edusite.ru/ | J82: Лагерь с дневным пребыванием детей | K82: сезонный | L82: Лето: 1 смена: 01.06.-25.06.2026 | M82: 469.18 | N82: От 6 до 17 лет (включительно) | O82: Проживание детей в период проведения смен не предусмотрено. Обеспечивается 2-х разовое питание | P82: отсутствует | Q82: Ввод в эксплуатацию 2002 год | R82: санитарное эпидемиологическое заключение от 16.04.2026 №86.УЦ.01.000.М.000016.04.26 | T82: отсутствует | V82: доступность обеспечена | W82: Плановая выездная проверка Роспотребнадзора 05.06.2025 нарушения устранены | X82: Договор с БУ "Кондинская районнная больница от 26.03.2026 года № 39/2026-СОПР | Y82: №Л035-01304-86/00175789 от 29.07.2021 с изменениями от 07.04.2023 | Z82: доступность обеспечена | AA82: 1 | AB82: 1 | AD82: в разработке
